Workbook
Name CF: [1]Hoja1!$C$15
Name Comprobantes: '[2]Tabla de Comprobantes'!$A$3:$A$65
Name CV: [1]Hoja1!$I$15
Name PC: '[2]Tabla de Comprobantes'!$E$3:$E$14
Name PU: [1]Hoja1!$C$11

Sheet INDICE
F4: RESULTADOS
F7: PARAMETROS DEL PROYECTO
F10: PRESUPUESTO GENERAL
F13: CRONOGRAMA VALORADO
F16: FLUJO DE INGRESOS
F19: FLUJO DE CAJA
F22: VAN y TIR
F25: PUNTO DE EQUILIBRIO

Sheet RESULTADOS
A2: Nombre del Proyecto | B2: Proyecto de Vivienda de Interes Social URIN CHILLO LOTE "A"
A4: Datos Generales del Proyecto | B4: Valor
A5: Ingresos | B5: =+'PRESUPUESTO GENERAL'!I174 -> 7081052.6
A6: Costos | B6: =-(+'PRESUPUESTO GENERAL'!H54) -> -5422937.6
A7: Resultados del Proyecto | B7: =SUM(B5:B6) -> 1658114.9
A9: Rentabilidad sobre Costos | B9: =B7/-B6 -> 0.30575954
A10: Rentabilidad sobre Ventas | B10: =+B7/B5 -> 0.23416221
A11: Participaciones
A12: Nombre | B12: Valor | C12: % | D12: %
A13: Total Aportes CONSTRUCTOR | B13: =SUM(B14:B15) -> 1249442.5 | C13: =SUM(C14:C15) -> 0.68436288 | D13: =B13/-$B$6 -> 0.23039958 | E13: =+C13 -> 0.68436288 | F13: CONSTRUCTOR
A14: Terreno | C14: =+B14/$B$20 -> 0 | D14: =B14/-$B$6 -> 0
A15: Efectivo | B15: =('PRESUPUESTO GENERAL'!G19)*38.6% -> 1249442.5 | C15: =+B15/$B$20 -> 0.68436288 | D15: =B15/-$B$6 -> 0.23039958
A16: Total Aportes EPHVR | B16: =SUM(B17:B19) -> 576259.26 | C16: =SUM(C17:C19) -> 0.31563712 | D16: =B16/-$B$6 -> 0.1062633
A17: Aporte (Estudios) | B17: =+'PRESUPUESTO GENERAL'!H23 -> 117910.85 | C17: =+B17/$B$20 -> 0.06458385 | D17: =B17/-$B$6 -> 0.021742985 | E17: =+C17+C19+C18 -> 0.31563712 | F17: EPHVR
A18: Aportes (Terreno) | B18: =+'PRESUPUESTO GENERAL'!H6 -> 458348.41 | C18: =+B18/$B$20 -> 0.25105327 | D18: =B18/-$B$6 -> 0.084520318
A19: Aporte Honorarios | B19: =+'PRESUPUESTO GENERAL'!H50 -> 0 | C19: =+B19/$B$20 -> 0 | D19: =B19/-$B$6 -> 0
A20: Total Aportes | B20: =+B13+B16 -> 1825701.8 | C20: =+C13+C16 -> 1 | D20: =+D13+D16 -> 0.33666288 | E20: =+E18+E17+E13 -> 1
A22: Utilidades
A23: =+A13 -> Total Aportes CONSTRUCTOR | B23: =$B$7*C23 -> 1134752.3 | C23: =C13 -> 0.68436288
A24: =+A16 -> Total Aportes EPHVR | B24: =$B$7*C24 -> 523362.63 | C24: =C16 -> 0.31563712
A25: Total | B25: =SUM(B23:B24) -> 1658114.9 | C25: =SUM(C23:C24) -> 1
A27: Utilidades Vs Aportes Biess | B27: %
A28: Utilidad | B28: =+B23 -> 1134752.3
A29: Aportes | B29: =+B13 -> 1249442.5
A30: % | B30: =+B28/B29 -> 0.90820688
A31: CONSTRUCTOR
A32: APORTE | B32: =B13 -> 1249442.5
A33: UTILIDAD | B33: =B7*C13 -> 1134752.3
A34: RENTABILIDAD SOBRE INVERSION | B34: =B33/B32 -> 0.90820688
A36: EPHVR
A37: APORTE | B37: =B16 -> 576259.26
A38: UTILIDAD | B38: =B7*C16 -> 523362.63
A39: RENTABILIDAD SOBRE INVERSION | B39: =B38/B37 -> 0.90820688
A41: Modalidades Sobre Costos
D42: Modalidad 1 | E42: Modalidad 2
B43: Valores | C43: Aporte sobre costo Total | D43: Comercializa Aliado Estrategico | E43: Comercializa EPHVR | F43: Porcentaje de aporte sobre costos | G43: Utilidad Aportantes | H43: Utilidad socio
A44: Costo total | B44: =-B6 -> 5422937.6
A45: Aliado estrategico | B45: =+B13 -> 1249442.5 | C45: =-B13/B6 -> 0.23039958 | D45: =+B48/B44 -> 0.66333712 | F45: =+C45+D45 -> 0.8937367 | G45: =+F45*B7 -> 1481918.2 | H45: =+B7*C46 -> 176196.77
A46: EPHVR | B46: =+B16 -> 576259.26 | C46: =+B46/B44 -> 0.1062633 | E46: =+B48/B44 -> 0.66333712 | F46: =+C46+E46 -> 0.76960042 | G46: =+F46*B7 -> 1276086 | H46: =+B7*C45 -> 382028.98
A47: Aporte Inicial | B47: =SUM(B45:B46) -> 1825701.8
A48: Diferencia para cubrir costos /comercialización | B48: =+B44-B47 -> 3597235.8
C50: Modalidad 50% - 50%
B51: =+B48/2 -> 1798617.9
A52: Aliado estrategico | C52: =+C45 -> 0.23039958 | D52: =+D45/2 -> 0.33166856 | F52: =+C52+D52 -> 0.56206814 | G52: =+B7*F52 -> 931973.57
A53: EPHVR | C53: =+C46 -> 0.1062633 | E53: =+E46/2 -> 0.33166856 | F53: =+C53+E53 -> 0.43793186 | G53: =+B7*F53 -> 726141.36

Sheet PARAMETROS DEL PROYECTO
B1: PARAMETROS DEL PROYECTO
B3: =RESULTADOS!B2 -> Proyecto de Vivienda de Interes Social URIN CHILLO LOTE "A"
B5: Inversion Total | C5: =+RESULTADOS!B6 -> -5422937.6
B6: COSTO PROMEDIO M2 CONSTRUIDO: | C6: =+'PRESUPUESTO GENERAL'!H54/'PRESUPUESTO GENERAL'!F10 -> 760.1496
B7: NÚMERO DE UNID VENTA CASAS TIPO A | C7: ='FLUJO DE INGRESOS'!C8 -> 16
B8: NÚMERO DE UNID VENTA CASAS TIPO B | C8: ='FLUJO DE INGRESOS'!C9 -> 36
B9: DEPARTAMENTOS TIPO C | C9: ='FLUJO DE INGRESOS'!C10 -> 48
B10: LOCALES COMERCIALES | C10: 0
B11: AREA PROMEDIO CASAS TIPO A | C11: ='FLUJO DE INGRESOS'!E8 -> 53.52
B12: AREA PROMEDIO CASAS TIPO B | C12: ='FLUJO DE INGRESOS'!E9 -> 75.09
B13: AREA PROMEDIO DEPARTAMENTOS | C13: ='FLUJO DE INGRESOS'!E10 -> 64.61
B14: TOTAL M2 DE VENTA | C14: =(C7*C11)+(C8*C12)+(C9*C13) -> 6660.84
B16: AREA DE TERRENO | C16: =+'PRESUPUESTO GENERAL'!F6 -> 12032.92
B18: PRECIO PROMEDIO VENTA M2 : | C18: ='FLUJO DE INGRESOS'!D12 -> 990.64
B19: PRECIO VENTA(CASAS+DEPART) Promedio | C19: ='FLUJO DE INGRESOS'!F12 -> 70810.526
B20: INTERES GANADO | C20: 0
B21: COSTO(CASAS + DEPARTAMENTO) Promedio | C21: =-C5/(C7+C8+C9) -> 54229.376
B22: COSTO(CASA TIPO 2) | C22: 0
B23: COSTO(DEPA) | C23: 0
B24: UTILIDAD POR VIVIENDA | C24: =C19-C21 -> 16581.149
B25: UTILIDAD TOTAL ESPERADA | C25: =C24*(C7+C8+C9) -> 1658114.9
B27: DURACION DEL PROYECTO | C27: 20
B28: MONTO DEL APALANCAMIENTO | C28: =+RESULTADOS!B20 -> 1825701.8
B31: RENTABILIDAD SOBRE COSTO | C31: =C25/-C5 -> 0.30575954
B32: RENTABILIDAD SOBRE VENTAS | C32: =C24/C19 -> 0.23416221
B33: RENTABILIDAD SOBRE CAPITAL FINANCIADO | C33: =C25/C28 -> 0.90820688

Sheet PRESUPUESTO GENERAL
A1: PRESUPUESTO GENERAL
A3: =RESULTADOS!B2 -> Proyecto de Vivienda de Interes Social URIN CHILLO LOTE "A"
A5: NUMERO | B5: ITEM | E5: Unidad | F5: Cantidad | G5: Costo Unitario (USD) | H5: TOTAL (USD) | I5: % / Costo Total
A6: 1 | B6: TERRENO | E6: m2 | F6: 12032.92 | G6: 38.091204 | H6: =ROUND(G6*F6,2) -> 458348.41 | I6: =+H6/$H$54 -> 0.084520318
A8: 2 | B8: COSTO DIRECTO | E8: U | F8: Cantidad | G8: Costo Unitario (USD) | H8: =+SUM(H9:H10,H14:H18,H19:H20) -> 3908554 | I8: =H8/H54 -> 0.72074479
A9: 2.1 | B9: Urbanización | E9: m2 | F9: 2112.06 | G9: =+H9/F9 -> 74.697916 | H9: 157766.48 | I9: =+H9/$H$54 -> 0.029092439
A10: 2.2 | B10: Construcción | E10: m2 | F10: 7134.04 | G10: =+H10/F10 -> 359.2918 | H10: =SUM(H11:H13) -> 2563202.1 | I10: =+H10/$H$54 -> 0.47265933
A11: 2.2.1 | B11: Construcción de viviendas tipología A (16 U.V) | E11: m2 | F11: 1001.28 | G11: =+H11/F11 -> 382.98614 | H11: 383476.36 | I11: =+H11/$H$54 -> 0.070713769
A12: 2.2.2 | B12: Construcción de viviendas tipología B (36 U.V) | E12: m2 | F12: 3029.4 | G12: =+H12/F12 -> 398.40751 | H12: 1206935.7 | I12: =+H12/$H$54 -> 0.22256124
A13: 2.2.3 | B13: Construcción de viviendas tipología C (48 U.V) | E13: m2 | F13: 3072 | G13: =+H13/F13 -> 316.66341 | H13: 972789.99 | I13: =+H13/$H$54 -> 0.17938432
A14: 2.3 | B14: Infraestructura comunal | E14: m2 | F14: 179.78 | G14: =+H14/F14 -> 831.34971 | H14: 149460.05 | I14: =+H14/$H$54 -> 0.027560717
A15: 2.4 | B15: Redes eléctricas. | E15: m | H15: 164547.59 | I15: =+H15/$H$54 -> 0.030342888
A16: 2.5 | B16: Redes hidrosanitarias. | E16: m | H16: 100463.91 | I16: =+H16/$H$54 -> 0.018525736
A17: 2.6 | B17: Redes Especiales | E17: m | H17: 58513.94 | I17: =+H17/$H$54 -> 0.010790082
A18: 2.7 | B18: Obras exteriores | E18: m2 | F18: 5912 | G18: =H18/F18 -> 7.263821 | H18: 42943.71 | I18: =+H18/$H$54 -> 0.0079189017
A19: 2.8 | B19: IMPREVISTOS | E19: % | F19: 0.05 | G19: =SUM(H9,H10,H14:H18) -> 3236897.8 | H19: =ROUND(G19*F19,2) -> 161844.89 | I19: =+H19/$H$54 -> 0.029844505
A20: 2.9 | B20: I.V.A. | E20: % | F20: 0.15 | G20: =+G19+H19 -> 3398742.6 | H20: =ROUND(G20*F20,2) -> 509811.4 | I20: =+H20/$H$54 -> 0.094010191
A22: 3 | B22: COSTO INDIRECTO | E22: - | F22: - | G22: - | H22: =+H23+H31+H42+H52+H53 -> 1056035.2 | I22: =+I23+I31+I42+I51 -> 0.19473489
A23: 3.1 | B23: PLANIFICACION | E23: % | H23: =+SUM(H24:H30) -> 117910.85 | I23: =+SUM(I24:I30) -> 0.021742985
A24: 3.1.1 | B24: Estudios del Proyecto (lote A y Lote B) | E24: % | F24: 0.026930893 | G24: =$H$8 -> 3908554 | H24: =+F24*G24 -> 105260.85 | I24: =+H24/$H$54 -> 0.019410301
A25: 3.1.2 | B25: Estudio de Mercado | E25: % | F25: 0.003236491 | G25: =$H$8 -> 3908554 | H25: =+F25*G25 -> 12650 | I25: =+H25/$H$54 -> 0.002332684
A26: 3.1.3 | E26: % | F26: =+H26/G26 -> 0 | G26: =$H$8 -> 3908554 | I26: =+H26/$H$54 -> 0
A27: 3.1.4
A28: 3.1.5
A29: 3.1.6
A30: 3.1.7
A31: 3.2 | B31: IMPUESTOS -TASAS - GARANTIAS | E31: % | F31: - | G31: - | H31: =+SUM(H32:H41) -> 192538.7 | I31: =+SUM(I32:I41) -> 0.035504502
A32: 3.2.1 | B32: Patente / 1.5 x 1.000 | E32: % | F32: 0.003 | G32: =$H$8 -> 3908554 | H32: =+F32*G32 -> 11725.662 | I32: =+H32/$H$54 -> 0.0021622344
A33: 3.2.2 | B33: Cuerpo de Bomberos (Aprobación de planos) | E33: u | F33: =+H33/G33 -> 0 | G33: =$H$8 -> 3908554 | H33: 0 | I33: =+H33/$H$54 -> 0
A34: 3.2.3 | B34: Impuestos de Aprobación (Municipio) | E34: u | F34: =+H34/G34 -> 0 | G34: =$H$8 -> 3908554 | H34: 0 | I34: =+H34/$H$54 -> 0
A35: 3.2.4 | B35: Fondo de Garantía (Póliza) | E35: % | F35: 0.016 | G35: =$H$8 -> 3908554 | H35: =+F35*G35 -> 62536.865 | I35: =+H35/$H$54 -> 0.011531917
A36: 3.2.5 | B36: Alcantarillado (Acometida) | E36: u | F36: 0.0024820381 | G36: =$H$8 -> 3908554 | H36: =+F36*G36 -> 9701.18 | I36: =+H36/$H$54 -> 0.001788916
A37: 3.2.6 | B37: Empresa Eléctrica (Acometida) | E37: u | F37: 0.025584909 | G37: =$H$8 -> 3908554 | H37: =+F37*G37 -> 100000 | I37: =+H37/$H$54 -> 0.01844019
A38: 3.2.7 | B38: CNT (Acometida) | E38: u | F38: =+H38/G38 -> 0 | G38: =$H$8 -> 3908554 | H38: 0 | I38: =+H38/$H$54 -> 0
A39: 3.2.8 | B39: Impuesto Predial | E39: % | F39: 5.8809472e-05 | G39: =$H$8 -> 3908554 | H39: =+F39*G39 -> 229.86 | I39: =+H39/$H$54 -> 4.2386621e-05
A40: 3.2.9 | B40: Garantías | E40: % | F40: 0.0006 | G40: =$H$8 -> 3908554 | H40: =+F40*G40 -> 2345.1324 | I40: =+H40/$H$54 -> 0.00043244687
A41: 3.2.10 | B41: Declaratoria de PH | E41: % | F41: 0.001535095 | G41: =$H$8 -> 3908554 | H41: =+G41*F41 -> 6000.0018 | I41: =+H41/$H$54 -> 0.0011064117
A42: 3.3 | B42: HONORARIOS | E42: % | F42: - | G42: - | H42: =+SUM(H43:H50) -> 623286.31 | I42: =+SUM(I43:I50) -> 0.11493518
A43: 3.3.1 | B43: Gastos Legales | E43: % | F43: 0.002 | G43: =$H$8 -> 3908554 | H43: =ROUND(G43*F43,2) -> 7817.11 | I43: =+H43/$H$54 -> 0.0014414899
A44: 3.3.2 | B44: Administrativos de Construcción | E44: % | F44: 0.005 | G44: =$H$8 -> 3908554 | H44: =ROUND(G44*F44,2) -> 19542.77 | I44: =+H44/$H$54 -> 0.0036037239
A45: 3.3.3 | B45: Administración Fiduciaria | E45: % | F45: 0.02 | G45: =$H$8 -> 3908554 | H45: =ROUND(G45*F45,2) -> 78171.08 | I45: =+H45/$H$54 -> 0.014414896
A46: 3.3.4 | B46: Gerencia Técnica | E46: % | F46: 0.03 | G46: =$H$8 -> 3908554 | H46: =ROUND(G46*F46,2) -> 117256.62 | I46: =+H46/$H$54 -> 0.021622343
A47: 3.3.5 | B47: Fiscalización | E47: % | F47: 0.03 | G47: =$H$8 -> 3908554 | H47: =ROUND(G47*F47,2) -> 117256.62 | I47: =+H47/$H$54 -> 0.021622343
A48: 3.3.6 | B48: Promoción y Publicidad | E48: % | F48: 0.01 | G48: =+I174 -> 7081052.6 | H48: =ROUND(G48*F48,2) -> 70810.53 | I48: =+H48/$H$54 -> 0.013057596
A49: 3.3.7 | B49: Comisión de Ventas | E49: % | F49: =3% -> 0.03 | G49: =+I174 -> 7081052.6 | H49: =ROUND(G49*F49,2) -> 212431.58 | I49: =+H49/$H$54 -> 0.039172787
A51: 3.4 | B51: COSTO FINANCIERO | E51: % | F51: - | G51: - | H51: =H52+H53 -> 122299.31 | I51: =+H51/$H$54 -> 0.022552225
A52: 3.4.1 | B52: Costos Financieros | E52: % | F52: 0.05 | I52: =+H52/$H$54 -> 0
A53: 3.4.2 | B53: IVA | F53: 0.15 | G53: =((((SUM(G19))*38.6%)*F52)+H42+H31) -> 878297.14 | H53: =(+F53*G53)-9445.26 -> 122299.31 | I53: =+H53/$H$54 -> 0.022552225
A54: TOTAL PRESUPUESTO | H54: =+H6+H8+H22 -> 5422937.6 | I54: 1
A70: RESUMEN DE INGRESOS
A71: TIPO INMUEBLE | B71: m2 CASA | C71: m2 JARDIN | D71: VTAS. REALIZADAS | F71: VTAS. POR REALIZAR | H71: TOTAL
D72: Unidades | E72: Valor | F72: Unidades | G72: Valor | H72: Unidades | I72: Valor
A73: CASAS | B73: =+SUM(B74:B173) -> 6604.68 | C73: =+SUM(C74:C173) -> 56.16 | D73: =+SUM(D74:D173) -> 0 | E73: =+SUM(E74:E173) -> 0 | F73: =+SUM(F74:F173) -> 100 | G73: =SUM(G74:G173) -> 7081052.6 | H73: =+SUM(H74:H173) -> 100 | I73: =+G73 -> 7081052.6
A74: ='FLUJO DE INGRESOS'!A17 -> Casa 001 | B74: ='FLUJO DE INGRESOS'!E17 -> 74.01 | C74: ='FLUJO DE INGRESOS'!F17 -> 1.08 | D74: 0 | E74: 0 | F74: 1 | G74: ='FLUJO DE INGRESOS'!O17 -> 81990.306 | H74: =+D74+F74 -> 1 | I74: =+G74+E74 -> 81990.306
A75: ='FLUJO DE INGRESOS'!A18 -> Casa 002 | B75: ='FLUJO DE INGRESOS'!E18 -> 74.01 | C75: ='FLUJO DE INGRESOS'!F18 -> 1.08 | D75: 0 | E75: 0 | F75: 1 | G75: ='FLUJO DE INGRESOS'!O18 -> 81990.306 | H75: =+D75+F75 -> 1 | I75: =+G75+E75 -> 81990.306
A76: ='FLUJO DE INGRESOS'!A19 -> Casa 003 | B76: ='FLUJO DE INGRESOS'!E19 -> 74.01 | C76: ='FLUJO DE INGRESOS'!F19 -> 1.08 | D76: 0 | E76: 0 | F76: 1 | G76: ='FLUJO DE INGRESOS'!O19 -> 81990.306 | H76: =+D76+F76 -> 1 | I76: =+G76+E76 -> 81990.306
A77: ='FLUJO DE INGRESOS'!A20 -> Casa 004 | B77: ='FLUJO DE INGRESOS'!E20 -> 74.01 | C77: ='FLUJO DE INGRESOS'!F20 -> 1.08 | D77: 0 | E77: 0 | F77: 1 | G77: ='FLUJO DE INGRESOS'!O20 -> 81990.306 | H77: =+D77+F77 -> 1 | I77: =+G77+E77 -> 81990.306
A78: ='FLUJO DE INGRESOS'!A21 -> Casa 005 | B78: ='FLUJO DE INGRESOS'!E21 -> 74.01 | C78: ='FLUJO DE INGRESOS'!F21 -> 1.08 | D78: 0 | E78: 0 | F78: 1 | G78: ='FLUJO DE INGRESOS'!O21 -> 81990.306 | H78: =+D78+F78 -> 1 | I78: =+G78+E78 -> 81990.306
A79: ='FLUJO DE INGRESOS'!A22 -> Casa 006 | B79: ='FLUJO DE INGRESOS'!E22 -> 74.01 | C79: ='FLUJO DE INGRESOS'!F22 -> 1.08 | D79: 0 | E79: 0 | F79: 1 | G79: ='FLUJO DE INGRESOS'!O22 -> 82990.306 | H79: =+D79+F79 -> 1 | I79: =+G79+E79 -> 82990.306
A80: ='FLUJO DE INGRESOS'!A23 -> Casa 007 | B80: ='FLUJO DE INGRESOS'!E23 -> 74.01 | C80: ='FLUJO DE INGRESOS'!F23 -> 1.08 | D80: 0 | E80: 0 | F80: 1 | G80: ='FLUJO DE INGRESOS'!O23 -> 82990.306 | H80: =+D80+F80 -> 1 | I80: =+G80+E80 -> 82990.306
A81: ='FLUJO DE INGRESOS'!A24 -> Casa 008 | B81: ='FLUJO DE INGRESOS'!E24 -> 74.01 | C81: ='FLUJO DE INGRESOS'!F24 -> 1.08 | D81: 0 | E81: 0 | F81: 1 | G81: ='FLUJO DE INGRESOS'!O24 -> 82990.306 | H81: =+D81+F81 -> 1 | I81: =+G81+E81 -> 82990.306
A82: ='FLUJO DE INGRESOS'!A25 -> Casa 009 | B82: ='FLUJO DE INGRESOS'!E25 -> 74.01 | C82: ='FLUJO DE INGRESOS'!F25 -> 1.08 | D82: 0 | E82: 0 | F82: 1 | G82: ='FLUJO DE INGRESOS'!O25 -> 82990.306 | H82: =+D82+F82 -> 1 | I82: =+G82+E82 -> 82990.306
A83: ='FLUJO DE INGRESOS'!A26 -> Casa 010 | B83: ='FLUJO DE INGRESOS'!E26 -> 74.01 | C83: ='FLUJO DE INGRESOS'!F26 -> 1.08 | D83: 0 | E83: 0 | F83: 1 | G83: ='FLUJO DE INGRESOS'!O26 -> 80990.306 | H83: =+D83+F83 -> 1 | I83: =+G83+E83 -> 80990.306
A84: ='FLUJO DE INGRESOS'!A27 -> Casa 011 | B84: ='FLUJO DE INGRESOS'!E27 -> 74.01 | C84: ='FLUJO DE INGRESOS'!F27 -> 1.08 | D84: 0 | E84: 0 | F84: 1 | G84: ='FLUJO DE INGRESOS'!O27 -> 80990.306 | H84: =+D84+F84 -> 1 | I84: =+G84+E84 -> 80990.306
A85: ='FLUJO DE INGRESOS'!A28 -> Casa 012 | B85: ='FLUJO DE INGRESOS'!E28 -> 74.01 | C85: ='FLUJO DE INGRESOS'!F28 -> 1.08 | D85: 0 | E85: 0 | F85: 1 | G85: ='FLUJO DE INGRESOS'!O28 -> 80990.306 | H85: =+D85+F85 -> 1 | I85: =+G85+E85 -> 80990.306
... A173: ='FLUJO DE INGRESOS'!A116 -> Departamento 48 | B173: ='FLUJO DE INGRESOS'!E116 -> 64.61 | C173: ='FLUJO DE INGRESOS'!F116 -> 0 | D173: 0 | E173: 0 | F173: 1 | G173: ='FLUJO DE INGRESOS'!O116 -> 61056.45 | H173: =+D173+F173 -> 1 | I173: =+G173+E173 -> 61056.45
A174: Total Ingresos | B174: =SUM(B74:B173) -> 6604.68 | C174: =SUM(C74:C173) -> 56.16 | D174: =SUM(D74:D173) -> 0 | E174: =SUM(E74:E173) -> 0 | F174: =SUM(F74:F173) -> 100 | G174: =SUM(G74:G173) -> 7081052.6 | H174: =SUM(H74:H173) -> 100 | I174: =SUM(I74:I173) -> 7081052.6
A176: RESUMEN DE EGRESOS
A177: RUBRO | D177: EJECUTADO | F177: POR EJECUTAR | H177: TOTAL
D178: Valor | E178: % | F178: Valor | G178: % | H178: Valor | I178: %
A179: Terreno | D179: 0 | E179: =+D179/$H$182 -> 0 | F179: =+H6-D179 -> 458348.41 | G179: =+F179/$H$182 -> 0.084520318 | H179: =+D179+F179 -> 458348.41 | I179: =+H179/$H$182 -> 0.084520318
A180: Directo | D180: 0 | E180: =+D180/$H$182 -> 0 | F180: =+H8-D180 -> 3908554 | G180: =+F180/$H$182 -> 0.72074479 | H180: =+D180+F180 -> 3908554 | I180: =+H180/$H$182 -> 0.72074479
A181: Indirecto | D181: 0 | E181: =+D181/$H$182 -> 0 | F181: =+H22-D181 -> 1056035.2 | G181: =+F181/$H$182 -> 0.19473489 | H181: =+D181+F181 -> 1056035.2 | I181: =+H181/$H$182 -> 0.19473489
A182: Costo Total | D182: =+SUM(D179:D181) -> 0 | E182: =+D182/H182 -> 0 | F182: =+SUM(F179:F181) -> 5422937.6 | G182: =+F182/H182 -> 1 | H182: =+SUM(H179:H181) -> 5422937.6 | I182: =+H182/$H$182 -> 1
E184: RESULTADO PROYECTADO | F184: $ | G184: % / Costo Total
F185: =+I174-H182 -> 1658114.9 | G185: =+F185/$H$54 -> 0.30575954

Sheet CRONOGRAMA VALORADO
A1: Conjunto Habitacional "Portal de los Valles" | B1: =RESULTADOS!B2 -> Proyecto de Vivienda de Interes Social URIN CHILLO LOTE "A"
A2: CRONOGRAMA VALORADO
A3: =+#REF! -> #REF!
A4: En dólares
F5: Mes 1 | G5: Mes 2 | H5: Mes 3 | I5: Mes 4 | J5: Mes 5 | K5: Mes 6 | L5: Mes 7 | M5: Mes 8 | N5: Mes 9 | O5: Mes 10 | P5: Mes 11 | Q5: Mes 12 | R5: Mes 13 | S5: Mes 14 | T5: Mes 15 | U5: Mes 16 | V5: Mes 17 | W5: Mes 18 | X5: Mes 19 | Y5: Mes 20 | Z5: Mes 21 | AA5: Mes 22 | AB5: Mes 23 | AC5: Mes 24 | AD5: Mes 25 | AE5: Mes 26 | AF5: Mes 27 | AG5: Mes 28 | AH5: Mes 29 | AI5: Mes 30 | AJ5: Mes 31 | AK5: Mes 32 | AL5: Mes 33 | AM5: Mes 34 | AN5: Mes 35 | AO5: Mes 36 | AP5: Mes 37 | AQ5: Mes 38 | AR5: Mes 39 | AS5: Mes 40 | AT5: Mes 41 | AU5: Mes 42 | AV5: Mes 43 | AW5: Mes 44 | AX5: Mes 45 | AY5: Mes 46 | AZ5: Mes 47 | BA5: Mes 48
A7: RUBROS | C7: PRECIO TOTAL CONTRACTUAL | D7: % CRONOG. | E7: ACUMILADO EJECUTADO | F7: 46357 | G7: =+F7+31 -> 46388 | H7: =+G7+31 -> 46419 | I7: =+H7+31 -> 46450 | J7: =+I7+31 -> 46481 | K7: =+J7+31 -> 46512 | L7: =+K7+31 -> 46543 | M7: =+L7+31 -> 46574 | N7: =+M7+31 -> 46605 | ... BA7: =+AZ7+31 -> 47814 | BB7: TOTAL | BC7: PRESUPUESTO
A8: CONSTRUCCION VIVIENDAS | BB8: =SUM(E8:AS8) -> 0 | BC8: =C8 -> 0
A9: 1 | B9: ='PRESUPUESTO GENERAL'!B11 -> Construcción de viviendas tipología A (16 U.V) | C9: ='PRESUPUESTO GENERAL'!H11 -> 383476.36 | D9: =C9/$C$40 -> 0.11847033 | E9: 0 | F9: 28460.888 | G9: 28460.888 | H9: 31987.315 | I9: 31987.315 | J9: 21812.529 | K9: 21812.529 | L9: 21812.529 | M9: 9516.9822 | N9: 9516.9822 | O9: 11798.421 | P9: 11798.421 | Q9: 10810.29 | R9: 30757.068 | S9: 41136.816 | T9: 25003.07 | U9: 23044.671 | V9: 10328.843 | W9: 13430.802 | X9: 0 | Y9: 0 | Z9: 0 | AA9: 0 | AB9: 0 | AC9: 0 | AD9: 0 | AE9: 0 | AF9: 0 | AG9: 0 | AH9: 0 | AI9: 0 | AJ9: 0 | AK9: 0 | AL9: 0 | AM9: 0 | AN9: 0 | AO9: 0 | AP9: 0 | AQ9: 0 | AR9: 0 | AS9: 0 | AT9: 0 | AU9: 0 | AV9: 0 | AW9: 0 | AX9: 0 | AY9: 0 | AZ9: 0 | BA9: 0 | BB9: =SUM(E9:BA9) -> 383476.36 | BC9: =C9 -> 383476.36
E10: 0 | F10: 0 | G10: 0 | H10: 0 | I10: 0 | J10: 0 | K10: 0 | L10: 0 | M10: 0 | N10: 0 | O10: 0 | P10: 0 | BB10: =SUM(E10:BA10) -> 0 | BC10: =C10 -> 0
A11: 2 | B11: ='PRESUPUESTO GENERAL'!B12 -> Construcción de viviendas tipología B (36 U.V) | C11: ='PRESUPUESTO GENERAL'!H12 -> 1206935.7 | D11: =C11/$C$40 -> 0.37286804 | E11: 0 | F11: 77747.125 | G11: 77747.125 | H11: 100302.74 | I11: 100302.74 | J11: 74879.083 | K11: 74879.083 | L11: 74879.083 | M11: 27348.414 | N11: 27348.414 | O11: 38343.746 | P11: 38343.746 | Q11: 34855.61 | R11: 105871.1 | S11: 127418.76 | T11: 83429.547 | U11: 53511.793 | V11: 45632.58 | W11: 44095.025 | X11: 0 | Y11: 0 | Z11: 0 | AA11: 0 | AB11: 0 | AC11: 0 | AD11: 0 | AE11: 0 | AF11: 0 | AG11: 0 | AH11: 0 | AI11: 0 | AJ11: 0 | AK11: 0 | AL11: 0 | AM11: 0 | AN11: 0 | AO11: 0 | AP11: 0 | AQ11: 0 | AR11: 0 | AS11: 0 | AT11: 0 | AU11: 0 | AV11: 0 | AW11: 0 | AX11: 0 | AY11: 0 | AZ11: 0 | BA11: 0 | BB11: =SUM(E11:BA11) -> 1206935.7 | BC11: =C11 -> 1206935.7
E12: 0 | F12: 0 | G12: 0 | H12: 0 | I12: 0 | J12: 0 | K12: 0 | L12: 0 | M12: 0 | N12: 0 | O12: 0 | P12: 0 | BB12: =SUM(E12:BA12) -> 0 | BC12: =C12 -> 0
A13: 3 | B13: ='PRESUPUESTO GENERAL'!B13 -> Construcción de viviendas tipología C (48 U.V) | C13: ='PRESUPUESTO GENERAL'!H13 -> 972789.99 | D13: =C13/$C$40 -> 0.30053158 | E13: 0 | F13: 37336.899 | G13: 37336.899 | H13: 72625.585 | I13: 72625.585 | J13: 49242.327 | K13: 49242.327 | L13: 49242.327 | M13: 19049.819 | N13: 19049.819 | O13: 30151.222 | P13: 30151.222 | Q13: 30364.82 | R13: 101956.05 | S13: 116241.89 | T13: 72295.963 | U13: 85613.149 | V13: 56038.476 | W13: 44225.616 | X13: 0 | Y13: 0 | Z13: 0 | AA13: 0 | AB13: 0 | AC13: 0 | AD13: 0 | AE13: 0 | AF13: 0 | AG13: 0 | AH13: 0 | AI13: 0 | AJ13: 0 | AK13: 0 | AL13: 0 | AM13: 0 | AN13: 0 | AO13: 0 | AP13: 0 | AQ13: 0 | AR13: 0 | AS13: 0 | AT13: 0 | AU13: 0 | AV13: 0 | AW13: 0 | AX13: 0 | AY13: 0 | AZ13: 0 | BA13: 0 | BB13: =SUM(E13:BA13) -> 972789.99 | BC13: =C13 -> 972789.99
AJ14: 0 | AS14: 0 | BB14: =SUM(E14:BA14) -> 0 | BC14: =C14 -> 0
A15: 4
C17: =+[3]Presupuesto!G38 -> 0 | AJ17: 0 | AS17: 0 | BB17: =SUM(E17:BA17) -> 0 | BC17: =C17 -> 0
F18: 0 | G18: 0 | H18: 0 | I18: 0 | J18: 0 | K18: 0 | L18: 0 | M18: 0 | N18: 0 | O18: 0 | P18: 0 | Q18: 0 | R18: 0 | S18: 0 | T18: 0 | U18: 0 | V18: 0 | W18: 0 | X18: 0 | Y18: 0 | Z18: 0 | AA18: 0 | AB18: 0 | AC18: 0 | AD18: 0 | AE18: 0 | AF18: 0 | AG18: 0 | AJ18: 0 | AS18: 0 | BB18: =SUM(E18:BA18) -> 0 | BC18: =C18 -> 0
A19: Subtotal Progamado | C19: =SUM(C9,C11,C13,C17) -> 2563202.1 | D19: =+D13+D11+D9 -> 0.79186995 | E19: =SUM(E9,E17) -> 0 | F19: =SUM(F9,F11,F13,F17) -> 143544.91 | G19: =SUM(G9,G11,G13,G17) -> 143544.91 | H19: =SUM(H9,H11,H13,H17) -> 204915.64 | I19: =SUM(I9,I11,I13,I17) -> 204915.64 | J19: =SUM(J9,J11,J13,J17) -> 145933.94 | K19: =SUM(K9,K11,K13,K17) -> 145933.94 | L19: =SUM(L9,L11,L13,L17) -> 145933.94 | M19: =SUM(M9,M11,M13,M17) -> 55915.215 | ... R19: =SUM(R9,R11,R13,R17) -> 238584.22 | S19: =S9+S11+S13 -> 284797.46 | T19: =T9+T11+T13 -> 180728.58 | U19: =U9+U11+U13 -> 162169.61 | V19: =V9+V11+V13 -> 111999.9 | W19: =W9+W11+W13 -> 101751.44 | X19: =X9+X11+X13 -> 0 | Y19: =Y9+Y11+Y13 -> 0 | Z19: =Z9+Z11+Z13 -> 0 | ... AR19: =AR9+AR11+AR13 -> 0 | AS19: =SUM(AS9,AS11,AS13,AS17) -> 0 | BB19: =SUM(E19:BA19) -> 2563202.1 | BC19: =C19 -> 2563202.1
A20: Subtotal Ejecutado | C20: =SUM(C10,C18) -> 0 | E20: 0 | F20: 0 | G20: 0 | H20: 0 | I20: 0 | J20: 0 | K20: 0 | L20: 0 | M20: 0 | N20: 0 | O20: 0 | P20: 0 | Q20: 0 | R20: 0 | S20: 0 | T20: 0 | U20: 0 | V20: 0 | W20: 0 | X20: 0 | Y20: 0 | Z20: 0 | AA20: 0 | AB20: 0 | AC20: 0 | AD20: 0 | AE20: 0 | AF20: 0 | AG20: 0 | AJ20: 0 | AS20: 0 | BB20: =SUM(E20:BA20) -> 0 | BC20: =C20 -> 0
BB21: =SUM(E21:BA21) -> 0 | BC21: =C21 -> 0
A22: OBRAS COMPLEMENTARIAS | BB22: =SUM(E22:BA22) -> 0 | BC22: =C22 -> 0
A23: 1 | B23: Urbanización | C23: ='PRESUPUESTO GENERAL'!H9 -> 157766.48 | D23: =C23/$C$40 -> 0.048740026 | E23: 0 | F23: 22918.36 | G23: 22918.36 | H23: 10053.66 | I23: 10053.66 | J23: 134.24 | K23: 134.24 | L23: 134.24 | M23: 9915.845 | N23: 9915.845 | O23: 1885.9806 | P23: 1885.9806 | Q23: 30245.891 | R23: 30125.001 | S23: 1489.0352 | T23: 1489.0352 | U23: 1489.0352 | V23: 1489.0352 | W23: 1489.0352 | AL23: =+$C$23*-AL59 -> 0 | AM23: =+$C$23*-AM59 -> 0 | AN23: =+$C$23*-AN59 -> 0 | AO23: =+$C$23*-AO59 -> 0 | AP23: =+$C$23*-AP59 -> 0 | AQ23: =+$C$23*-AQ59 -> 0 | AR23: =+$C$23*-AR59 -> 0 | AS23: =+$C$23*-AS59 -> 0 | ... BA23: =+$C$23*-BA59 -> 0 | BB23: =SUM(E23:BA23) -> 157766.48 | BC23: =C23 -> 157766.48
F24: 0 | G24: 0 | H24: 0 | I24: 0 | J24: 0 | K24: 0 | L24: 0 | M24: 0 | N24: 0 | O24: 0 | P24: 0 | Q24: 0 | R24: 0 | S24: 0 | T24: 0 | U24: 0 | V24: 0 | W24: 0 | AJ24: 0 | AS24: 0 | BB24: =SUM(E24:BA24) -> 0 | BC24: =C24 -> 0
A25: 2 | B25: Infraestructura comunal | C25: ='PRESUPUESTO GENERAL'!H14 -> 149460.05 | D25: =C25/$C$40 -> 0.046173856 | F25: 16179.693 | G25: 16179.693 | H25: 26643.793 | I25: 26643.793 | J25: 8745.9429 | K25: 8745.9429 | L25: 8745.9429 | M25: 2075.91 | N25: 2075.91 | O25: 1893.65 | P25: 1893.65 | Q25: 807.64 | R25: 13794.385 | S25: 12164.465 | T25: 1379.12 | U25: 0 | V25: 1490.52 | W25: 0 | BB25: =SUM(E25:BA25) -> 149460.05 | BC25: =C25 -> 149460.05
F26: 0 | G26: 0 | H26: 0 | I26: 0 | J26: 0 | K26: 0 | L26: 0 | M26: 0 | N26: 0 | O26: 0 | P26: 0 | BB26: =SUM(E26:BA26) -> 0 | BC26: =C26 -> 0
A27: 3 | B27: Red Eléctrica exterior | C27: ='PRESUPUESTO GENERAL'!H15 -> 164547.59 | D27: =C27/$C$40 -> 0.050834967 | E27: 0 | F27: 1370.27 | G27: 1370.27 | H27: 8311.6725 | I27: 8311.6725 | J27: 13193.023 | K27: 13193.023 | L27: 13193.023 | M27: 38183.253 | N27: 38183.253 | O27: 6659.41 | P27: 6659.41 | Q27: 15919.31 | R27: 0 | S27: 0 | T27: 0 | U27: 0 | V27: 0 | W27: 0 | AJ27: 0 | AS27: 0 | BB27: =SUM(E27:BA27) -> 164547.59 | BC27: =C27 -> 164547.59
F28: 0 | G28: 0 | H28: 0 | I28: 0 | J28: 0 | K28: 0 | L28: 0 | M28: 0 | N28: 0 | O28: 0 | P28: 0 | BB28: =SUM(E28:BA28) -> 0 | BC28: =C28 -> 0
A29: 4 | B29: Red Hidrosanitaria exterior | C29: ='PRESUPUESTO GENERAL'!H16 -> 100463.91 | D29: =C29/$C$40 -> 0.031037097 | F29: 0 | G29: 0 | H29: 0 | I29: 0 | J29: 0 | K29: 0 | L29: 0 | M29: 6549.395 | N29: 6549.395 | O29: 17033.655 | P29: 17033.655 | Q29: 38222.24 | R29: 6062.29 | S29: 9013.28 | T29: 0 | U29: 0 | V29: 0 | W29: 0 | AJ29: 0 | AS29: 0 | BB29: =SUM(E29:BA29) -> 100463.91 | BC29: =C29 -> 100463.91
F30: 0 | G30: 0 | H30: 0 | I30: 0 | J30: 0 | K30: 0 | L30: 0 | M30: 0 | N30: 0 | O30: 0 | P30: 0 | BB30: =SUM(E30:BA30) -> 0 | BC30: =C30 -> 0
A31: 5 | B31: Redes Especiales | C31: ='PRESUPUESTO GENERAL'!H17 -> 58513.94 | D31: =C31/$C$40 -> 0.018077167 | F31: 0 | G31: 0 | H31: 0 | I31: 0 | J31: 0 | K31: 0 | L31: 0 | M31: 382.18 | N31: 382.18 | O31: 10091.163 | P31: 10091.163 | Q31: 6507.175 | R31: 853.65 | S31: 1946.3 | T31: 12331.89 | U31: 0 | V31: 11499.11 | W31: 4429.13 | AJ31: 0 | AS31: 0 | BB31: =SUM(E31:BA31) -> 58513.94 | BC31: =C31 -> 58513.94
F32: 0 | G32: 0 | H32: 0 | I32: 0 | J32: 0 | K32: 0 | L32: 0 | M32: 0 | N32: 0 | O32: 0 | P32: 0 | BB32: =SUM(E32:BA32) -> 0 | BC32: =C32 -> 0
A33: 6 | B33: Obras Exteriores | C33: ='PRESUPUESTO GENERAL'!H18 -> 42943.71 | D33: =C33/$C$40 -> 0.013266934 | F33: 1249.4824 | G33: 1249.4824 | H33: 1249.4824 | I33: 1249.4824 | J33: 832.98827 | K33: 832.98827 | L33: 832.98827 | M33: 1249.4824 | N33: 1249.4824 | O33: 1030.2177 | P33: 1030.2177 | Q33: 2060.4354 | R33: 2264.4604 | S33: 2264.4604 | T33: 4719.8323 | U33: 4719.8323 | V33: 4719.8323 | W33: 10138.562 | AJ33: 0 | AS33: 0 | BB33: =SUM(E33:BA33) -> 42943.71 | BC33: =C33 -> 42943.71
BB34: =SUM(E34:BA34) -> 0 | BC34: =C34 -> 0
C35: 0 | D35: =C35/$C$40 -> 0 | F35: 0 | G35: 0 | H35: 0 | I35: 0 | J35: 0 | K35: 0 | L35: 0 | M35: 0 | N35: 0 | O35: 0 | P35: 0 | Q35: 0 | R35: 0 | AJ35: 0 | AS35: 0 | BB35: =SUM(E35:BA35) -> 0 | BC35: =C35 -> 0
BB36: =SUM(E36:BA36) -> 0 | BC36: =C36 -> 0
A37: Subtotal Progamado | C37: =SUM(C23,C25,C27,C29,C31,C33,C35) -> 673695.68 | D37: =SUM(D23,D25,D27,D29,D31,D33,D35) -> 0.20813005 | E37: =SUM(E23,E25,E27,E29,E31,E33,E35) -> 0 | F37: =SUM(F23,F25,F27,F29,F31,F33,F35) -> 41717.805 | G37: =SUM(G23,G25,G27,G29,G31,G33,G35) -> 41717.805 | H37: =SUM(H23,H25,H27,H29,H31,H33,H35) -> 46258.608 | I37: =SUM(I23,I25,I27,I29,I31,I33,I35) -> 46258.608 | J37: =SUM(J23,J25,J27,J29,J31,J33,J35) -> 22906.194 | ... AS37: =SUM(AS23,AS25,AS27,AS29,AS31,AS33,AS35) -> 0 | BB37: =SUM(E37:BA37) -> 673695.68 | BC37: =+C37 -> 673695.68
A38: Subtotal Ejecutado | BB38: =SUM(E38:BA38) -> 0
BB39: =SUM(E39:BA39) -> 0 | BC39: =C39 -> 0
A40: TOTAL PROGRAMADO | C40: =+C19+C37 -> 3236897.8 | D40: =D19+D37 -> 1 | E40: =SUM(E19,E37) -> 0 | F40: =+F37+F19 -> 185262.72 | G40: =+G37+G19 -> 185262.72 | H40: =+H37+H19 -> 251174.25 | I40: =+I37+I19 -> 251174.25 | J40: =+J37+J19 -> 168840.13 | K40: =+K37+K19 -> 168840.13 | L40: =+L37+L19 -> 168840.13 | M40: =+M37+M19 -> 114271.28 | ... W40: =+W37+W19 -> 117808.17 | BB40: =SUM(E40:BA40) -> 3236897.8 | BC40: =C40 -> 3236897.8
A41: TOTAL EJECUTADO | C41: =SUM(C20,C38) -> 0 | BB41: =SUM(E41:BA41) -> 0 | BC41: =C41 -> 0
BB42: =SUM(E42:BA42) -> 0 | BC42: =C42 -> 0
A43: VALOR PROGRAMADO | C43: PARCIAL | E43: =E40 -> 0 | F43: =F40 -> 185262.72 | G43: =G40 -> 185262.72 | H43: =H40 -> 251174.25 | I43: =I40 -> 251174.25 | J43: =J40 -> 168840.13 | K43: =K40 -> 168840.13 | L43: =L40 -> 168840.13 | ... W43: =W40 -> 117808.17 | BB43: =SUM(E43:BA43) -> 3236897.8 | BC43: =C40 -> 3236897.8
C44: ACUMULADO | E44: =E43 -> 0 | F44: =+F43 -> 185262.72 | G44: =F44+G43 -> 370525.43 | H44: =G44+H43 -> 621699.68 | I44: =H44+I43 -> 872873.93 | J44: =I44+J43 -> 1041714.1 | K44: =J44+K43 -> 1210554.2 | L44: =K44+L43 -> 1379394.3 | M44: =L44+M43 -> 1493665.6 | N44: =M44+N43 -> 1607936.9 | ... W44: =V44+W43 -> 3236897.8 | BB44: 0 | BC44: =C41 -> 0
A45: VALOR EJECUTADO | C45: PARCIAL | BB45: =SUM(E45:BA45) -> 0
C46: ACUMULADO | BB46: =SUM(E46:BA46) -> 0
A47: PORCENTAJE DE AVANCE DE OBRA | C47: PARCIAL | E47: =E43/$C$40 -> 0 | F47: =F43/$C$40 -> 0.057234652 | G47: =G43/$C$40 -> 0.057234652 | H47: =H43/$C$40 -> 0.077597214 | I47: =I43/$C$40 -> 0.077597214 | J47: =J43/$C$40 -> 0.052161096 | K47: =K43/$C$40 -> 0.052161096 | L47: =L43/$C$40 -> 0.052161096 | ... BA47: =BA43/$C$40 -> 0 | BB47: =SUM(E47:BA47) -> 1 | BC47: =D40 -> 1
C48: ACUMULADO | E48: =E47 -> 0 | F48: =+F47 -> 0.057234652 | G48: =F48+G47 -> 0.1144693 | H48: =G48+H47 -> 0.19206652 | I48: =H48+I47 -> 0.26966373 | J48: =I48+J47 -> 0.32182483 | K48: =J48+K47 -> 0.37398592 | L48: =K48+L47 -> 0.42614702 | M48: =L48+M47 -> 0.46144974 | N48: =M48+N47 -> 0.49675245 | ... BA48: =AZ48+BA47 -> 1
A49: PORCENTAJE DE AVANCE EJECUTADO | C49: PARCIAL | BB49: =SUM(E49:AS49) -> 0
C50: ACUMULADO | BB50: =SUM(E50:AS50) -> 0
AC52: =-AC44 -> 0 | AK52: =-AK44-AC52 -> 0 | AS52: =-AS44-AK52-AC52 -> 0
A70: ETAPA I | B70: DPTOS | C70: LOCALES | D70: TOTAL m2
B71: M2 | C71: M2
B72: =+#REF! -> #REF! | C72: =+#REF! -> #REF! | D72: =+#REF! -> #REF! | E72: =+D72/D81 -> #REF!
A74: ETAPA II | B74: DPTOS | C74: LOCALES | D74: TOTAL m2
B75: M2 | C75: M2
B76: =+#REF! -> #REF! | C76: =+#REF! -> #REF! | D76: =+#REF! -> #REF! | E76: =+D76/D81 -> #REF!
A78: ETAPA III | B78: DPTOS | C78: LOCALES | D78: TOTAL m2
B79: M2 | C79: M2
B80: =+#REF! -> #REF! | C80: =+#REF! -> #REF! | D80: =+#REF! -> #REF! | E80: =+D80/D81 -> #REF!
A81: TOTAL | B81: =+B80+B76+B72 -> #REF! | C81: =+C80+C76+C72 -> #REF! | D81: =+D80+D76+D72 -> #REF! | E81: =+E80+E76+E72 -> #REF!

Sheet FLUJO DE INGRESOS
A1: =RESULTADOS!B2 -> Proyecto de Vivienda de Interes Social URIN CHILLO LOTE "A"
A2: FLUJO DE INGRESOS
A3: =+#REF! -> #REF!
A7: Descripción | B7: Tipo | C7: Cantidad | D7: PVP Prom. x m2 | E7: m2 Promedio | F7: Precio Promedio | G7: Ventas totales | H7: Total M2 Construidos VP | N7: Reserva | O7: Entrada | P7: Crédito Hipotecario
A8: Tipologia | B8: A | C8: =COUNTIF($C$17:$C$116,B8) -> 16 | D8: =AVERAGEIF($C$17:$C$116,B8,$N$17:$N$116) -> 1120 | E8: =AVERAGEIF($C$17:$C$116,B8,$G$17:$G$116) -> 53.52 | F8: =AVERAGEIF($C$17:$C$116,B8,$O$17:$O$116) -> 67105.746 | G8: =+C8*F8 -> 1073691.9 | H8: =C8*E8 -> 856.32 | N8: 0.01 | O8: 0.04 | P8: 0.95 | V8: ABSORCIÓN
A9: Tipologia | B9: B | C9: =COUNTIF($C$17:$C$116,B9) -> 36 | D9: =AVERAGEIF($C$17:$C$116,B9,$N$17:$N$116) -> 994 | E9: =AVERAGEIF($C$17:$C$116,B9,$G$17:$G$116) -> 75.09 | F9: =AVERAGEIF($C$17:$C$116,B9,$O$17:$O$116) -> 82129.195 | G9: =+C9*F9 -> 2956651 | H9: =C9*E9 -> 2703.24 | N9: 0.01 | O9: 0.04 | P9: 0.95 | V9: Casas Tipo A | X9: =COUNT(X35:X50) -> 1 | Y9: =COUNTBLANK(X35:X50)-COUNTBLANK(Y35:Y50) -> 1 | Z9: =COUNTBLANK(Y35:Y50)-COUNTBLANK(Z35:Z50) -> 1 | AA9: =COUNTBLANK(Z35:Z50)-COUNTBLANK(AA35:AA50) -> 1 | AB9: =COUNTBLANK(AA35:AA50)-COUNTBLANK(AB35:AB50) -> 1 | AC9: =COUNTBLANK(AB35:AB50)-COUNTBLANK(AC35:AC50) -> 2 | AD9: =COUNTBLANK(AC35:AC50)-COUNTBLANK(AD35:AD50) -> 2 | AE9: =COUNTBLANK(AD35:AD50)-COUNTBLANK(AE35:AE50) -> 2 | AF9: =COUNTBLANK(AE35:AE50)-COUNTBLANK(AF35:AF50) -> 2 | ... DS9: =COUNTBLANK(DR35:DR50)-COUNTBLANK(DS35:DS50) -> 0 | DT9: =SUM(X9:DS9) -> 16
A10: Tipologia | B10: C | C10: =COUNTIF($C$17:$C$116,B10) -> 48 | D10: =AVERAGEIF($C$17:$C$116,B10,$N$17:$N$116) -> 945 | E10: =AVERAGEIF($C$17:$C$116,B10,$G$17:$G$116) -> 64.61 | F10: =AVERAGEIF($C$17:$C$116,B10,$O$17:$O$116) -> 63556.45 | G10: =+C10*F10 -> 3050709.6 | H10: =C10*E10 -> 3101.28 | N10: 0.01 | O10: 0.04 | P10: 0.95 | V10: Casas Tipo B BQ1 | X10: =COUNT(X17:X34) -> 1 | Y10: =COUNTBLANK(X17:X34)-COUNTBLANK(Y17:Y34) -> 2 | Z10: =COUNTBLANK(Y17:Y34)-COUNTBLANK(Z17:Z34) -> 2 | AA10: =COUNTBLANK(Z17:Z34)-COUNTBLANK(AA17:AA34) -> 2 | AB10: =COUNTBLANK(AA17:AA34)-COUNTBLANK(AB17:AB34) -> 2 | AC10: =COUNTBLANK(AB17:AB34)-COUNTBLANK(AC17:AC34) -> 2 | AD10: =COUNTBLANK(AC17:AC34)-COUNTBLANK(AD17:AD34) -> 2 | AE10: =COUNTBLANK(AD17:AD34)-COUNTBLANK(AE17:AE34) -> 2 | AF10: =COUNTBLANK(AE17:AE34)-COUNTBLANK(AF17:AF34) -> 2 | ... DS10: =COUNTBLANK(DR17:DR34)-COUNTBLANK(DS17:DS34) -> 0 | DT10: =SUM(X10:DS10) -> 18
V11: Casas Tipo B BQ2 | X11: =COUNT(X51:X68) -> 0 | Y11: =COUNTBLANK(X51:X68)-COUNTBLANK(Y51:Y68) -> 1 | Z11: =COUNTBLANK(Y51:Y68)-COUNTBLANK(Z51:Z68) -> 2 | AA11: =COUNTBLANK(Z51:Z68)-COUNTBLANK(AA51:AA68) -> 2 | AB11: =COUNTBLANK(AA51:AA68)-COUNTBLANK(AB51:AB68) -> 2 | AC11: =COUNTBLANK(AB51:AB68)-COUNTBLANK(AC51:AC68) -> 2 | AD11: =COUNTBLANK(AC51:AC68)-COUNTBLANK(AD51:AD68) -> 2 | AE11: =COUNTBLANK(AD51:AD68)-COUNTBLANK(AE51:AE68) -> 2 | AF11: =COUNTBLANK(AE51:AE68)-COUNTBLANK(AF51:AF68) -> 2 | ... DS11: =COUNTBLANK(DR51:DR68)-COUNTBLANK(DS51:DS68) -> 0 | DT11: =SUM(X11:DS11) -> 18
A12: Totales | C12: =SUM(C8:C11) -> 100 | D12: =SUMPRODUCT(C8:C10,D8:D10)/C12 -> 990.64 | E12: =SUMPRODUCT(C8:C10,E8:E10)/C12 -> 66.6084 | F12: =SUMPRODUCT(C8:C10,F8:F10)/C12 -> 70810.526 | G12: =SUM(G8:G10) -> 7081052.6 | H12: =SUM(H8:H10) -> 6660.84 | V12: Departamentos | X12: =COUNT(X69:X116) -> 0 | Y12: =COUNTBLANK(X69:X116)-COUNTBLANK(Y69:Y116) -> 1 | Z12: =COUNTBLANK(Y69:Y116)-COUNTBLANK(Z69:Z116) -> 2 | AA12: =COUNTBLANK(Z69:Z116)-COUNTBLANK(AA69:AA116) -> 3 | AB12: =COUNTBLANK(AA69:AA116)-COUNTBLANK(AB69:AB116) -> 4 | AC12: =COUNTBLANK(AB69:AB116)-COUNTBLANK(AC69:AC116) -> 4 | AD12: =COUNTBLANK(AC69:AC116)-COUNTBLANK(AD69:AD116) -> 4 | AE12: =COUNTBLANK(AD69:AD116)-COUNTBLANK(AE69:AE116) -> 4 | AF12: =COUNTBLANK(AE69:AE116)-COUNTBLANK(AF69:AF116) -> 4 | ... DS12: =COUNTBLANK(DR69:DR116)-COUNTBLANK(DS69:DS116) -> 0 | DT12: =SUM(X12:DS12) -> 48
X13: 0 | Y13: 0 | Z13: 0 | AA13: 0 | AB13: 0 | AC13: 0 | AD13: 0 | AE13: 0 | AF13: 0 | AG13: 0 | AH13: 0 | AI13: 0 | AJ13: 0 | AK13: 0 | AL13: 0 | AM13: 0 | AN13: 0 | AO13: 0 | AP13: 0 | AQ13: 0 | AR13: 0 | AS13: 0 | AT13: 0 | AU13: 0 | AV13: 0 | AW13: 0 | AX13: 0 | AY13: 0 | AZ13: 0 | BA13: 0 | BB13: 0 | BC13: 0 | BD13: 0 | BE13: 0 | BF13: 0 | BG13: 0 | BH13: 0 | BI13: 0 | BJ13: 0 | BK13: 0 | BL13: 0 | BM13: 0 | BN13: 0 | BO13: 0 | BP13: 0 | BQ13: 0 | BR13: 0 | BS13: 0 | BT13: 0 | BU13: 0 | BV13: 0 | BW13: 0 | BX13: 0 | BY13: 0 | BZ13: 0 | CA13: 0 | CB13: 0 | CC13: 0 | CD13: 0 | CE13: 0 | CF13: 0 | CG13: 0 | CH13: 0 | CI13: 0 | CJ13: 0 | CK13: 0 | CL13: 0 | CM13: 0 | CN13: 0 | CO13: 0 | CP13: 0 | CQ13: 0 | CR13: 0 | CS13: 0 | CT13: 0 | CU13: 0 | CV13: 0 | CW13: 0 | CX13: 0 | CY13: 0 | CZ13: 0 | DA13: 0 | DB13: 0 | DC13: 0 | DD13: 0 | DE13: 0 | DF13: 0 | DG13: 0 | DH13: 0 | DI13: 0 | DJ13: 0 | DK13: 0 | DL13: 0 | DM13: 0 | DN13: 0 | DO13: 0 | DP13: 0 | DQ13: 0 | DR13: 0 | DS13: 0 | DT13: =SUM(X13:DS13) -> 0
V14: TOTAL UNIDADES | X14: =SUM(X9:X13) -> 2 | Y14: =SUM(Y9:Y13) -> 5 | Z14: =SUM(Z9:Z13) -> 7 | AA14: =SUM(AA9:AA13) -> 8 | AB14: =SUM(AB9:AB13) -> 9 | AC14: =SUM(AC9:AC13) -> 10 | AD14: =SUM(AD9:AD13) -> 10 | AE14: =SUM(AE9:AE13) -> 10 | ... DT14: =SUM(DT9:DT13) -> 100
A15: VIVIENDA | H15: PATIO | K15: PARQUEADERO
A16: No. Dep | B16: Torre / Manzana | C16: Tipo | D16: # Dormitorios | E16: m2 Unidad | F16: m2 Porche | G16: m2 Vendibles | H16: m2 Patio | I16: PVP m2 Patio | J16: PVP Patio | K16: No. Parqueadero | L16: Ubicación | M16: PVP Parqueadero | N16: PVP m2 Inmueble | O16: Valor Inmueble | P16: PVPTOTAL x m2 | Q16: % | R16: Reserva | S16: % | T16: Entrada | U16: Meses Aportes | V16: % | W16: Crédito Hipotecario | X16: 1 | Y16: 2 | Z16: 3 | AA16: 4 | AB16: 5 | AC16: 6 | AD16: 7 | AE16: 8 | AF16: 9 | AG16: 10 | AH16: 11 | AI16: 12 | AJ16: 13 | AK16: 14 | AL16: 15 | AM16: 16 | AN16: 17 | AO16: 18 | AP16: 19 | AQ16: 20 | AR16: 21 | AS16: 22 | AT16: 23 | AU16: 24 | AV16: 25 | AW16: 26 | AX16: 27 | AY16: 28 | AZ16: 29 | BA16: 30 | BB16: 31 | BC16: 32 | BD16: 33 | BE16: 34 | BF16: 35 | BG16: 36 | BH16: 37 | BI16: 38 | BJ16: 39 | BK16: 40 | BL16: 41 | BM16: 42 | BN16: 43 | BO16: 44 | BP16: 45 | BQ16: 46 | BR16: 47 | BS16: 48 | BT16: 49 | BU16: 50 | BV16: 51 | BW16: 52 | BX16: 53 | BY16: 54 | BZ16: 55 | CA16: 56 | CB16: 57 | CC16: 58 | CD16: 59 | CE16: 60 | CF16: 61 | CG16: 62 | CH16: 63 | CI16: 64 | CJ16: 65 | CK16: 66 | CL16: 67 | CM16: 68 | CN16: 69 | CO16: 70 | CP16: 71 | CQ16: 72 | CR16: 73 | CS16: 74 | CT16: 75 | CU16: 76 | CV16: 77 | CW16: 78 | CX16: 79 | CY16: 80 | CZ16: 81 | DA16: 82 | DB16: 83 | DC16: 84 | DD16: 85 | DE16: 86 | DF16: 87 | DG16: 88 | DH16: 89 | DI16: 90 | DJ16: 91 | DK16: 92 | DL16: 93 | DM16: 94 | DN16: 95 | DO16: 96 | DP16: 97 | DQ16: 98 | DR16: 99 | DS16: 100 | DT16: TOTAL | DU16: CONTROL
A17: Casa 001 | C17: B | E17: 74.01 | F17: 1.08 | G17: =+E17+F17 -> 75.09 | H17: 9.06 | I17: =N17*15% -> 149.1 | J17: =H17*I17 -> 1350.846 | K17: P014 | L17: Cercana | M17: 6000 | N17: 994 | O17: =+ROUND((G17*N17),2)+J17+M17 -> 81990.306 | P17: =O17/(G17) -> 1091.8938 | Q17: 0.01 | R17: =O17*Q17 -> 819.90306 | S17: 0.04 | T17: =O17*S17 -> 3279.6122 | U17: =COUNTIF(X17:DS17,">0")-2 -> 5 | V17: 0.95 | W17: =+O17*V17 -> 77890.791 | X17: =+$R17 -> 819.90306 | Y17: =+$T17/5 -> 655.92245 | Z17: =+$T17/5 -> 655.92245 | AA17: =+$T17/5 -> 655.92245 | AB17: =+$T17/5 -> 655.92245 | AC17: =+$T17/5 -> 655.92245 | AD17: =+$W17 -> 77890.791 | AE17: 0 | AF17: 0 | AG17: 0 | AH17: 0 | AI17: 0 | AJ17: 0 | AK17: 0 | AL17: 0 | AM17: 0 | AN17: 0 | AO17: 0 | AP17: 0 | AQ17: 0 | AR17: 0 | AS17: 0 | AT17: 0 | AU17: 0 | AV17: 0 | AW17: 0 | AX17: 0 | AY17: 0 | AZ17: 0 | BA17: 0 | BB17: 0 | BC17: 0 | BD17: 0 | BE17: 0 | BF17: 0 | BG17: 0 | BH17: 0 | BI17: 0 | BJ17: 0 | BK17: 0 | BL17: 0 | BM17: 0 | BN17: 0 | BO17: 0 | BP17: 0 | BQ17: 0 | BR17: 0 | BS17: 0 | BT17: 0 | BU17: 0 | BV17: 0 | BW17: 0 | BX17: 0 | BY17: 0 | BZ17: 0 | CA17: 0 | CB17: 0 | CC17: 0 | CD17: 0 | CE17: 0 | CF17: 0 | CG17: 0 | CH17: 0 | CI17: 0 | CJ17: 0 | CK17: 0 | CL17: 0 | CM17: 0 | CN17: 0 | CO17: 0 | CP17: 0 | CQ17: 0 | CR17: 0 | CS17: 0 | CT17: 0 | CU17: 0 | CV17: 0 | CW17: 0 | CX17: 0 | CY17: 0 | CZ17: 0 | DA17: 0 | DB17: 0 | DC17: 0 | DD17: 0 | DE17: 0 | DF17: 0 | DG17: 0 | DH17: 0 | DI17: 0 | DJ17: 0 | DK17: 0 | DL17: 0 | DM17: 0 | DN17: 0 | DO17: 0 | DP17: 0 | DQ17: 0 | DR17: 0 | DS17: 0 | DT17: =SUM(X17:DR17) -> 81990.306 | DU17: =+O17-DT17 -> 0 | DW17: =O17=DT17 -> TRUE
A18: Casa 002 | C18: B | E18: =$E$17 -> 74.01 | F18: =$F$17 -> 1.08 | G18: =+E18+F18 -> 75.09 | H18: =$H$17 -> 9.06 | I18: =$I$17 -> 149.1 | J18: =H18*I18 -> 1350.846 | K18: P015 | L18: Cercana | M18: 6000 | N18: =+$N$17 -> 994 | O18: =+ROUND((G18*N18),2)+J18+M18 -> 81990.306 | P18: =O18/(G18) -> 1091.8938 | Q18: 0.01 | R18: =O18*Q18 -> 819.90306 | S18: 0.04 | T18: =O18*S18 -> 3279.6122 | U18: =COUNTIF(X18:DS18,">0")-2 -> 5 | V18: 0.95 | W18: =+O18*V18 -> 77890.791 | Y18: =+$R18 -> 819.90306 | Z18: =+$T18/5 -> 655.92245 | AA18: =+Z18 -> 655.92245 | AB18: =+AA18 -> 655.92245 | AC18: =+AB18 -> 655.92245 | AD18: =+AC18 -> 655.92245 | AE18: =+$W18 -> 77890.791 | AF18: 0 | AG18: 0 | AH18: 0 | AI18: 0 | AJ18: 0 | AK18: 0 | AL18: 0 | AM18: 0 | AN18: 0 | AO18: 0 | AP18: 0 | AQ18: 0 | AR18: 0 | AS18: 0 | AT18: 0 | AU18: 0 | AV18: 0 | AW18: 0 | AX18: 0 | AY18: 0 | AZ18: 0 | BA18: 0 | BB18: 0 | BC18: 0 | BD18: 0 | BE18: 0 | BF18: 0 | BG18: 0 | BH18: 0 | BI18: 0 | BJ18: 0 | BK18: 0 | BL18: 0 | BM18: 0 | BN18: 0 | BO18: 0 | BP18: 0 | BQ18: 0 | BR18: 0 | BS18: 0 | BT18: 0 | BU18: 0 | BV18: 0 | BW18: 0 | BX18: 0 | BY18: 0 | BZ18: 0 | CA18: 0 | CB18: 0 | CC18: 0 | CD18: 0 | CE18: 0 | CF18: 0 | CG18: 0 | CH18: 0 | CI18: 0 | CJ18: 0 | CK18: 0 | CL18: 0 | CM18: 0 | CN18: 0 | CO18: 0 | CP18: 0 | CQ18: 0 | CR18: 0 | CS18: 0 | CT18: 0 | CU18: 0 | CV18: 0 | CW18: 0 | CX18: 0 | CY18: 0 | CZ18: 0 | DA18: 0 | DB18: 0 | DC18: 0 | DD18: 0 | DE18: 0 | DF18: 0 | DG18: 0 | DH18: 0 | DI18: 0 | DJ18: 0 | DK18: 0 | DL18: 0 | DM18: 0 | DN18: 0 | DO18: 0 | DP18: 0 | DQ18: 0 | DR18: 0 | DS18: 0 | DT18: =SUM(X18:DR18) -> 81990.306 | DU18: =+O18-DT18 -> 0 | DW18: =O18=DT18 -> TRUE
A19: Casa 003 | C19: B | E19: =$E$17 -> 74.01 | F19: =$F$17 -> 1.08 | G19: =+E19+F19 -> 75.09 | H19: =$H$17 -> 9.06 | I19: =$I$17 -> 149.1 | J19: =H19*I19 -> 1350.846 | K19: P016 | L19: Cercana | M19: 6000 | N19: =+$N$17 -> 994 | O19: =+ROUND((G19*N19),2)+J19+M19 -> 81990.306 | P19: =O19/(G19) -> 1091.8938 | Q19: 0.01 | R19: =O19*Q19 -> 819.90306 | S19: 0.04 | T19: =O19*S19 -> 3279.6122 | U19: =COUNTIF(X19:DS19,">0")-2 -> 3 | V19: 0.95 | W19: =+O19*V19 -> 77890.791 | Y19: =+$R19 -> 819.90306 | Z19: =+$T19/3 -> 1093.2041 | AA19: =+Z19 -> 1093.2041 | AB19: =+AA19 -> 1093.2041 | AC19: =+$W19 -> 77890.791 | AD19: 0 | AE19: 0 | AF19: 0 | AG19: 0 | AH19: 0 | AI19: 0 | AJ19: 0 | AK19: 0 | AL19: 0 | AM19: 0 | AN19: 0 | AO19: 0 | AP19: 0 | AQ19: 0 | AR19: 0 | AS19: 0 | AT19: 0 | AU19: 0 | AV19: 0 | AW19: 0 | AX19: 0 | AY19: 0 | AZ19: 0 | BA19: 0 | BB19: 0 | BC19: 0 | BD19: 0 | BE19: 0 | BF19: 0 | BG19: 0 | BH19: 0 | BI19: 0 | BJ19: 0 | BK19: 0 | BL19: 0 | BM19: 0 | BN19: 0 | BO19: 0 | BP19: 0 | BQ19: 0 | BR19: 0 | BS19: 0 | BT19: 0 | BU19: 0 | BV19: 0 | BW19: 0 | BX19: 0 | BY19: 0 | BZ19: 0 | CA19: 0 | CB19: 0 | CC19: 0 | CD19: 0 | CE19: 0 | CF19: 0 | CG19: 0 | CH19: 0 | CI19: 0 | CJ19: 0 | CK19: 0 | CL19: 0 | CM19: 0 | CN19: 0 | CO19: 0 | CP19: 0 | CQ19: 0 | CR19: 0 | CS19: 0 | CT19: 0 | CU19: 0 | CV19: 0 | CW19: 0 | CX19: 0 | CY19: 0 | CZ19: 0 | DA19: 0 | DB19: 0 | DC19: 0 | DD19: 0 | DE19: 0 | DF19: 0 | DG19: 0 | DH19: 0 | DI19: 0 | DJ19: 0 | DK19: 0 | DL19: 0 | DM19: 0 | DN19: 0 | DO19: 0 | DP19: 0 | DQ19: 0 | DR19: 0 | DS19: 0 | DT19: =SUM(X19:DR19) -> 81990.306 | DU19: =+O19-DT19 -> 0 | DW19: =O19=DT19 -> TRUE
A20: Casa 004 | C20: B | E20: =$E$17 -> 74.01 | F20: =$F$17 -> 1.08 | G20: =+E20+F20 -> 75.09 | H20: =$H$17 -> 9.06 | I20: =$I$17 -> 149.1 | J20: =H20*I20 -> 1350.846 | K20: P017 | L20: Cercana | M20: 6000 | N20: =+$N$17 -> 994 | O20: =+ROUND((G20*N20),2)+J20+M20 -> 81990.306 | P20: =O20/(G20) -> 1091.8938 | Q20: 0.01 | R20: =O20*Q20 -> 819.90306 | S20: 0.04 | T20: =O20*S20 -> 3279.6122 | U20: =COUNTIF(X20:DS20,">0")-2 -> 5 | V20: 0.95 | W20: =+O20*V20 -> 77890.791 | Z20: =+$R20 -> 819.90306 | AA20: =+$T20/5 -> 655.92245 | AB20: =+AA20 -> 655.92245 | AC20: =+AB20 -> 655.92245 | AD20: =+AC20 -> 655.92245 | AE20: =+AD20 -> 655.92245 | AF20: =+$W20 -> 77890.791 | AG20: 0 | AH20: 0 | AI20: 0 | AJ20: 0 | AK20: 0 | AL20: 0 | AM20: 0 | AN20: 0 | AO20: 0 | AP20: 0 | AQ20: 0 | AR20: 0 | AS20: 0 | AT20: 0 | AU20: 0 | AV20: 0 | AW20: 0 | AX20: 0 | AY20: 0 | AZ20: 0 | BA20: 0 | BB20: 0 | BC20: 0 | BD20: 0 | BE20: 0 | BF20: 0 | BG20: 0 | BH20: 0 | BI20: 0 | BJ20: 0 | BK20: 0 | BL20: 0 | BM20: 0 | BN20: 0 | BO20: 0 | BP20: 0 | BQ20: 0 | BR20: 0 | BS20: 0 | BT20: 0 | BU20: 0 | BV20: 0 | BW20: 0 | BX20: 0 | BY20: 0 | BZ20: 0 | CA20: 0 | CB20: 0 | CC20: 0 | CD20: 0 | CE20: 0 | CF20: 0 | CG20: 0 | CH20: 0 | CI20: 0 | CJ20: 0 | CK20: 0 | CL20: 0 | CM20: 0 | CN20: 0 | CO20: 0 | CP20: 0 | CQ20: 0 | CR20: 0 | CS20: 0 | CT20: 0 | CU20: 0 | CV20: 0 | CW20: 0 | CX20: 0 | CY20: 0 | CZ20: 0 | DA20: 0 | DB20: 0 | DC20: 0 | DD20: 0 | DE20: 0 | DF20: 0 | DG20: 0 | DH20: 0 | DI20: 0 | DJ20: 0 | DK20: 0 | DL20: 0 | DM20: 0 | DN20: 0 | DO20: 0 | DP20: 0 | DQ20: 0 | DR20: 0 | DS20: 0 | DT20: =SUM(X20:DR20) -> 81990.306 | DU20: =+O20-DT20 -> 0 | DW20: =O20=DT20 -> TRUE
A21: Casa 005 | C21: B | E21: =$E$17 -> 74.01 | F21: =$F$17 -> 1.08 | G21: =+E21+F21 -> 75.09 | H21: =$H$17 -> 9.06 | I21: =$I$17 -> 149.1 | J21: =H21*I21 -> 1350.846 | K21: P018 | L21: Cercana | M21: 6000 | N21: =+$N$17 -> 994 | O21: =+ROUND((G21*N21),2)+J21+M21 -> 81990.306 | P21: =O21/(G21) -> 1091.8938 | Q21: 0.01 | R21: =O21*Q21 -> 819.90306 | S21: 0.04 | T21: =O21*S21 -> 3279.6122 | U21: =COUNTIF(X21:DS21,">0")-2 -> 3 | V21: 0.95 | W21: =+O21*V21 -> 77890.791 | Z21: =+$R21 -> 819.90306 | AA21: =+$T21/3 -> 1093.2041 | AB21: =+AA21 -> 1093.2041 | AC21: =+AB21 -> 1093.2041 | AD21: =+$W21 -> 77890.791 | AE21: 0 | AF21: 0 | AG21: 0 | AH21: 0 | AI21: 0 | AJ21: 0 | AK21: 0 | AL21: 0 | AM21: 0 | AN21: 0 | AO21: 0 | AP21: 0 | AQ21: 0 | AR21: 0 | AS21: 0 | AT21: 0 | AU21: 0 | AV21: 0 | AW21: 0 | AX21: 0 | AY21: 0 | AZ21: 0 | BA21: 0 | BB21: 0 | BC21: 0 | BD21: 0 | BE21: 0 | BF21: 0 | BG21: 0 | BH21: 0 | BI21: 0 | BJ21: 0 | BK21: 0 | BL21: 0 | BM21: 0 | BN21: 0 | BO21: 0 | BP21: 0 | BQ21: 0 | BR21: 0 | BS21: 0 | BT21: 0 | BU21: 0 | BV21: 0 | BW21: 0 | BX21: 0 | BY21: 0 | BZ21: 0 | CA21: 0 | CB21: 0 | CC21: 0 | CD21: 0 | CE21: 0 | CF21: 0 | CG21: 0 | CH21: 0 | CI21: 0 | CJ21: 0 | CK21: 0 | CL21: 0 | CM21: 0 | CN21: 0 | CO21: 0 | CP21: 0 | CQ21: 0 | CR21: 0 | CS21: 0 | CT21: 0 | CU21: 0 | CV21: 0 | CW21: 0 | CX21: 0 | CY21: 0 | CZ21: 0 | DA21: 0 | DB21: 0 | DC21: 0 | DD21: 0 | DE21: 0 | DF21: 0 | DG21: 0 | DH21: 0 | DI21: 0 | DJ21: 0 | DK21: 0 | DL21: 0 | DM21: 0 | DN21: 0 | DO21: 0 | DP21: 0 | DQ21: 0 | DR21: 0 | DS21: 0 | DT21: =SUM(X21:DR21) -> 81990.306 | DU21: =+O21-DT21 -> 0 | DW21: =O21=DT21 -> TRUE
A22: Casa 006 | C22: B | E22: =$E$17 -> 74.01 | F22: =$F$17 -> 1.08 | G22: =+E22+F22 -> 75.09 | H22: =$H$17 -> 9.06 | I22: =$I$17 -> 149.1 | J22: =H22*I22 -> 1350.846 | K22: P025 | L22: Al frente | M22: 7000 | N22: =+$N$17 -> 994 | O22: =+ROUND((G22*N22),2)+J22+M22 -> 82990.306 | P22: =O22/(G22) -> 1105.2112 | Q22: 0.01 | R22: =O22*Q22 -> 829.90306 | S22: 0.04 | T22: =O22*S22 -> 3319.6122 | U22: =COUNTIF(X22:DS22,">0")-2 -> 5 | V22: 0.95 | W22: =+O22*V22 -> 78840.791 | AA22: =+$R22 -> 829.90306 | AB22: =+$T22/5 -> 663.92245 | AC22: =+AB22 -> 663.92245 | AD22: =+AC22 -> 663.92245 | AE22: =+AD22 -> 663.92245 | AF22: =+AE22 -> 663.92245 | AG22: =+$W22 -> 78840.791 | AH22: 0 | AI22: 0 | AJ22: 0 | AK22: 0 | AL22: 0 | AM22: 0 | AN22: 0 | AO22: 0 | AP22: 0 | AQ22: 0 | AR22: 0 | AS22: 0 | AT22: 0 | AU22: 0 | AV22: 0 | AW22: 0 | AX22: 0 | AY22: 0 | AZ22: 0 | BA22: 0 | BB22: 0 | BC22: 0 | BD22: 0 | BE22: 0 | BF22: 0 | BG22: 0 | BH22: 0 | BI22: 0 | BJ22: 0 | BK22: 0 | BL22: 0 | BM22: 0 | BN22: 0 | BO22: 0 | BP22: 0 | BQ22: 0 | BR22: 0 | BS22: 0 | BT22: 0 | BU22: 0 | BV22: 0 | BW22: 0 | BX22: 0 | BY22: 0 | BZ22: 0 | CA22: 0 | CB22: 0 | CC22: 0 | CD22: 0 | CE22: 0 | CF22: 0 | CG22: 0 | CH22: 0 | CI22: 0 | CJ22: 0 | CK22: 0 | CL22: 0 | CM22: 0 | CN22: 0 | CO22: 0 | CP22: 0 | CQ22: 0 | CR22: 0 | CS22: 0 | CT22: 0 | CU22: 0 | CV22: 0 | CW22: 0 | CX22: 0 | CY22: 0 | CZ22: 0 | DA22: 0 | DB22: 0 | DC22: 0 | DD22: 0 | DE22: 0 | DF22: 0 | DG22: 0 | DH22: 0 | DI22: 0 | DJ22: 0 | DK22: 0 | DL22: 0 | DM22: 0 | DN22: 0 | DO22: 0 | DP22: 0 | DQ22: 0 | DR22: 0 | DS22: 0 | DT22: =SUM(X22:DR22) -> 82990.306 | DU22: =+O22-DT22 -> 0 | DW22: =O22=DT22 -> TRUE
A23: Casa 007 | C23: B | E23: =$E$17 -> 74.01 | F23: =$F$17 -> 1.08 | G23: =+E23+F23 -> 75.09 | H23: =$H$17 -> 9.06 | I23: =$I$17 -> 149.1 | J23: =H23*I23 -> 1350.846 | K23: P026 | L23: Al frente | M23: 7000 | N23: =+$N$17 -> 994 | O23: =+ROUND((G23*N23),2)+J23+M23 -> 82990.306 | P23: =O23/(G23) -> 1105.2112 | Q23: 0.01 | R23: =O23*Q23 -> 829.90306 | S23: 0.04 | T23: =O23*S23 -> 3319.6122 | U23: =COUNTIF(X23:DS23,">0")-2 -> 3 | V23: 0.95 | W23: =+O23*V23 -> 78840.791 | AA23: =+$R23 -> 829.90306 | AB23: =+$T23/3 -> 1106.5374 | AC23: =+AB23 -> 1106.5374 | AD23: =+AC23 -> 1106.5374 | AE23: =+$W23 -> 78840.791 | AF23: 0 | AG23: 0 | AH23: 0 | AI23: 0 | AJ23: 0 | AK23: 0 | AL23: 0 | AM23: 0 | AN23: 0 | AO23: 0 | AP23: 0 | AQ23: 0 | AR23: 0 | AS23: 0 | AT23: 0 | AU23: 0 | AV23: 0 | AW23: 0 | AX23: 0 | AY23: 0 | AZ23: 0 | BA23: 0 | BB23: 0 | BC23: 0 | BD23: 0 | BE23: 0 | BF23: 0 | BG23: 0 | BH23: 0 | BI23: 0 | BJ23: 0 | BK23: 0 | BL23: 0 | BM23: 0 | BN23: 0 | BO23: 0 | BP23: 0 | BQ23: 0 | BR23: 0 | BS23: 0 | BT23: 0 | BU23: 0 | BV23: 0 | BW23: 0 | BX23: 0 | BY23: 0 | BZ23: 0 | CA23: 0 | CB23: 0 | CC23: 0 | CD23: 0 | CE23: 0 | CF23: 0 | CG23: 0 | CH23: 0 | CI23: 0 | CJ23: 0 | CK23: 0 | CL23: 0 | CM23: 0 | CN23: 0 | CO23: 0 | CP23: 0 | CQ23: 0 | CR23: 0 | CS23: 0 | CT23: 0 | CU23: 0 | CV23: 0 | CW23: 0 | CX23: 0 | CY23: 0 | CZ23: 0 | DA23: 0 | DB23: 0 | DC23: 0 | DD23: 0 | DE23: 0 | DF23: 0 | DG23: 0 | DH23: 0 | DI23: 0 | DJ23: 0 | DK23: 0 | DL23: 0 | DM23: 0 | DN23: 0 | DO23: 0 | DP23: 0 | DQ23: 0 | DR23: 0 | DS23: 0 | DT23: =SUM(X23:DR23) -> 82990.306 | DU23: =+O23-DT23 -> 0 | DW23: =O23=DT23 -> TRUE
A24: Casa 008 | C24: B | E24: =$E$17 -> 74.01 | F24: =$F$17 -> 1.08 | G24: =+E24+F24 -> 75.09 | H24: =$H$17 -> 9.06 | I24: =$I$17 -> 149.1 | J24: =H24*I24 -> 1350.846 | K24: P027 | L24: Al frente | M24: 7000 | N24: =+$N$17 -> 994 | O24: =+ROUND((G24*N24),2)+J24+M24 -> 82990.306 | P24: =O24/(G24) -> 1105.2112 | Q24: 0.01 | R24: =O24*Q24 -> 829.90306 | S24: 0.04 | T24: =O24*S24 -> 3319.6122 | U24: =COUNTIF(X24:DS24,">0")-2 -> 5 | V24: 0.95 | W24: =+O24*V24 -> 78840.791 | AB24: =+$R24 -> 829.90306 | AC24: =+$T24/5 -> 663.92245 | AD24: =+AC24 -> 663.92245 | AE24: =+AD24 -> 663.92245 | AF24: =+AE24 -> 663.92245 | AG24: =+AF24 -> 663.92245 | AH24: =+$W24 -> 78840.791 | AI24: 0 | AJ24: 0 | AK24: 0 | AL24: 0 | AM24: 0 | AN24: 0 | AO24: 0 | AP24: 0 | AQ24: 0 | AR24: 0 | AS24: 0 | AT24: 0 | AU24: 0 | AV24: 0 | AW24: 0 | AX24: 0 | AY24: 0 | AZ24: 0 | BA24: 0 | BB24: 0 | BC24: 0 | BD24: 0 | BE24: 0 | BF24: 0 | BG24: 0 | BH24: 0 | BI24: 0 | BJ24: 0 | BK24: 0 | BL24: 0 | BM24: 0 | BN24: 0 | BO24: 0 | BP24: 0 | BQ24: 0 | BR24: 0 | BS24: 0 | BT24: 0 | BU24: 0 | BV24: 0 | BW24: 0 | BX24: 0 | BY24: 0 | BZ24: 0 | CA24: 0 | CB24: 0 | CC24: 0 | CD24: 0 | CE24: 0 | CF24: 0 | CG24: 0 | CH24: 0 | CI24: 0 | CJ24: 0 | CK24: 0 | CL24: 0 | CM24: 0 | CN24: 0 | CO24: 0 | CP24: 0 | CQ24: 0 | CR24: 0 | CS24: 0 | CT24: 0 | CU24: 0 | CV24: 0 | CW24: 0 | CX24: 0 | CY24: 0 | CZ24: 0 | DA24: 0 | DB24: 0 | DC24: 0 | DD24: 0 | DE24: 0 | DF24: 0 | DG24: 0 | DH24: 0 | DI24: 0 | DJ24: 0 | DK24: 0 | DL24: 0 | DM24: 0 | DN24: 0 | DO24: 0 | DP24: 0 | DQ24: 0 | DR24: 0 | DS24: 0 | DT24: =SUM(X24:DR24) -> 82990.306 | DU24: =+O24-DT24 -> 0 | DW24: =O24=DT24 -> TRUE
A25: Casa 009 | C25: B | E25: =$E$17 -> 74.01 | F25: =$F$17 -> 1.08 | G25: =+E25+F25 -> 75.09 | H25: =$H$17 -> 9.06 | I25: =$I$17 -> 149.1 | J25: =H25*I25 -> 1350.846 | K25: P028 | L25: Al frente | M25: 7000 | N25: =+$N$17 -> 994 | O25: =+ROUND((G25*N25),2)+J25+M25 -> 82990.306 | P25: =O25/(G25) -> 1105.2112 | Q25: 0.01 | R25: =O25*Q25 -> 829.90306 | S25: 0.04 | T25: =O25*S25 -> 3319.6122 | U25: =COUNTIF(X25:DS25,">0")-2 -> 3 | V25: 0.95 | W25: =+O25*V25 -> 78840.791 | AB25: =+$R25 -> 829.90306 | AC25: =+$T25/3 -> 1106.5374 | AD25: =+AC25 -> 1106.5374 | AE25: =+AD25 -> 1106.5374 | AF25: =+$W25 -> 78840.791 | AG25: 0 | AH25: 0 | AI25: 0 | AJ25: 0 | AK25: 0 | AL25: 0 | AM25: 0 | AN25: 0 | AO25: 0 | AP25: 0 | AQ25: 0 | AR25: 0 | AS25: 0 | AT25: 0 | AU25: 0 | AV25: 0 | AW25: 0 | AX25: 0 | AY25: 0 | AZ25: 0 | BA25: 0 | BB25: 0 | BC25: 0 | BD25: 0 | BE25: 0 | BF25: 0 | BG25: 0 | BH25: 0 | BI25: 0 | BJ25: 0 | BK25: 0 | BL25: 0 | BM25: 0 | BN25: 0 | BO25: 0 | BP25: 0 | BQ25: 0 | BR25: 0 | BS25: 0 | BT25: 0 | BU25: 0 | BV25: 0 | BW25: 0 | BX25: 0 | BY25: 0 | BZ25: 0 | CA25: 0 | CB25: 0 | CC25: 0 | CD25: 0 | CE25: 0 | CF25: 0 | CG25: 0 | CH25: 0 | CI25: 0 | CJ25: 0 | CK25: 0 | CL25: 0 | CM25: 0 | CN25: 0 | CO25: 0 | CP25: 0 | CQ25: 0 | CR25: 0 | CS25: 0 | CT25: 0 | CU25: 0 | CV25: 0 | CW25: 0 | CX25: 0 | CY25: 0 | CZ25: 0 | DA25: 0 | DB25: 0 | DC25: 0 | DD25: 0 | DE25: 0 | DF25: 0 | DG25: 0 | DH25: 0 | DI25: 0 | DJ25: 0 | DK25: 0 | DL25: 0 | DM25: 0 | DN25: 0 | DO25: 0 | DP25: 0 | DQ25: 0 | DR25: 0 | DS25: 0 | DT25: =SUM(X25:DR25) -> 82990.306 | DU25: =+O25-DT25 -> 0 | DW25: =O25=DT25 -> TRUE
A26: Casa 010 | C26: B | E26: =$E$17 -> 74.01 | F26: =$F$17 -> 1.08 | G26: =+E26+F26 -> 75.09 | H26: =$H$17 -> 9.06 | I26: =$I$17 -> 149.1 | J26: =H26*I26 -> 1350.846 | K26: P029 | L26: En Isla | M26: 5000 | N26: =+$N$17 -> 994 | O26: =+ROUND((G26*N26),2)+J26+M26 -> 80990.306 | P26: =O26/(G26) -> 1078.5765 | Q26: 0.01 | R26: =O26*Q26 -> 809.90306 | S26: 0.04 | T26: =O26*S26 -> 3239.6122 | U26: =COUNTIF(X26:DS26,">0")-2 -> 5 | V26: 0.95 | W26: =+O26*V26 -> 76940.791 | AC26: =+$R26 -> 809.90306 | AD26: =+$T26/5 -> 647.92245 | AE26: =+AD26 -> 647.92245 | AF26: =+AE26 -> 647.92245 | AG26: =+AF26 -> 647.92245 | AH26: =+AG26 -> 647.92245 | AI26: =+$W26 -> 76940.791 | AJ26: 0 | AK26: 0 | AL26: 0 | AM26: 0 | AN26: 0 | AO26: 0 | AP26: 0 | AQ26: 0 | AR26: 0 | AS26: 0 | AT26: 0 | AU26: 0 | AV26: 0 | AW26: 0 | AX26: 0 | AY26: 0 | AZ26: 0 | BA26: 0 | BB26: 0 | BC26: 0 | BD26: 0 | BE26: 0 | BF26: 0 | BG26: 0 | BH26: 0 | BI26: 0 | BJ26: 0 | BK26: 0 | BL26: 0 | BM26: 0 | BN26: 0 | BO26: 0 | BP26: 0 | BQ26: 0 | BR26: 0 | BS26: 0 | BT26: 0 | BU26: 0 | BV26: 0 | BW26: 0 | BX26: 0 | BY26: 0 | BZ26: 0 | CA26: 0 | CB26: 0 | CC26: 0 | CD26: 0 | CE26: 0 | CF26: 0 | CG26: 0 | CH26: 0 | CI26: 0 | CJ26: 0 | CK26: 0 | CL26: 0 | CM26: 0 | CN26: 0 | CO26: 0 | CP26: 0 | CQ26: 0 | CR26: 0 | CS26: 0 | CT26: 0 | CU26: 0 | CV26: 0 | CW26: 0 | CX26: 0 | CY26: 0 | CZ26: 0 | DA26: 0 | DB26: 0 | DC26: 0 | DD26: 0 | DE26: 0 | DF26: 0 | DG26: 0 | DH26: 0 | DI26: 0 | DJ26: 0 | DK26: 0 | DL26: 0 | DM26: 0 | DN26: 0 | DO26: 0 | DP26: 0 | DQ26: 0 | DR26: 0 | DS26: 0 | DT26: =SUM(X26:DR26) -> 80990.306 | DU26: =+O26-DT26 -> 0 | DW26: =O26=DT26 -> TRUE
A27: Casa 011 | C27: B | E27: =$E$17 -> 74.01 | F27: =$F$17 -> 1.08 | G27: =+E27+F27 -> 75.09 | H27: =$H$17 -> 9.06 | I27: =$I$17 -> 149.1 | J27: =H27*I27 -> 1350.846 | K27: P030 | L27: En Isla | M27: 5000 | N27: =+$N$17 -> 994 | O27: =+ROUND((G27*N27),2)+J27+M27 -> 80990.306 | P27: =O27/(G27) -> 1078.5765 | Q27: 0.01 | R27: =O27*Q27 -> 809.90306 | S27: 0.04 | T27: =O27*S27 -> 3239.6122 | U27: =COUNTIF(X27:DS27,">0")-2 -> 3 | V27: 0.95 | W27: =+O27*V27 -> 76940.791 | AC27: =+$R27 -> 809.90306 | AD27: =+$T27/3 -> 1079.8707 | AE27: =+AD27 -> 1079.8707 | AF27: =+AE27 -> 1079.8707 | AG27: =+$W27 -> 76940.791 | AH27: 0 | AI27: 0 | AJ27: 0 | AK27: 0 | AL27: 0 | AM27: 0 | AN27: 0 | AO27: 0 | AP27: 0 | AQ27: 0 | AR27: 0 | AS27: 0 | AT27: 0 | AU27: 0 | AV27: 0 | AW27: 0 | AX27: 0 | AY27: 0 | AZ27: 0 | BA27: 0 | BB27: 0 | BC27: 0 | BD27: 0 | BE27: 0 | BF27: 0 | BG27: 0 | BH27: 0 | BI27: 0 | BJ27: 0 | BK27: 0 | BL27: 0 | BM27: 0 | BN27: 0 | BO27: 0 | BP27: 0 | BQ27: 0 | BR27: 0 | BS27: 0 | BT27: 0 | BU27: 0 | BV27: 0 | BW27: 0 | BX27: 0 | BY27: 0 | BZ27: 0 | CA27: 0 | CB27: 0 | CC27: 0 | CD27: 0 | CE27: 0 | CF27: 0 | CG27: 0 | CH27: 0 | CI27: 0 | CJ27: 0 | CK27: 0 | CL27: 0 | CM27: 0 | CN27: 0 | CO27: 0 | CP27: 0 | CQ27: 0 | CR27: 0 | CS27: 0 | CT27: 0 | CU27: 0 | CV27: 0 | CW27: 0 | CX27: 0 | CY27: 0 | CZ27: 0 | DA27: 0 | DB27: 0 | DC27: 0 | DD27: 0 | DE27: 0 | DF27: 0 | DG27: 0 | DH27: 0 | DI27: 0 | DJ27: 0 | DK27: 0 | DL27: 0 | DM27: 0 | DN27: 0 | DO27: 0 | DP27: 0 | DQ27: 0 | DR27: 0 | DS27: 0 | DT27: =SUM(X27:DR27) -> 80990.306 | DU27: =+O27-DT27 -> 0 | DW27: =O27=DT27 -> TRUE
A28: Casa 012 | C28: B | E28: =$E$17 -> 74.01 | F28: =$F$17 -> 1.08 | G28: =+E28+F28 -> 75.09 | H28: =$H$17 -> 9.06 | I28: =$I$17 -> 149.1 | J28: =H28*I28 -> 1350.846 | K28: P031 | L28: En Isla | M28: 5000 | N28: =+$N$17 -> 994 | O28: =+ROUND((G28*N28),2)+J28+M28 -> 80990.306 | P28: =O28/(G28) -> 1078.5765 | Q28: 0.01 | R28: =O28*Q28 -> 809.90306 | S28: 0.04 | T28: =O28*S28 -> 3239.6122 | U28: =COUNTIF(X28:DS28,">0")-2 -> 5 | V28: 0.95 | W28: =+O28*V28 -> 76940.791 | AD28: =+$R28 -> 809.90306 | AE28: =+$T28/5 -> 647.92245 | AF28: =+AE28 -> 647.92245 | AG28: =+AF28 -> 647.92245 | AH28: =+AG28 -> 647.92245 | AI28: =+AH28 -> 647.92245 | AJ28: =+$W28 -> 76940.791 | AK28: 0 | AL28: 0 | AM28: 0 | AN28: 0 | AO28: 0 | AP28: 0 | AQ28: 0 | AR28: 0 | AS28: 0 | AT28: 0 | AU28: 0 | AV28: 0 | AW28: 0 | AX28: 0 | AY28: 0 | AZ28: 0 | BA28: 0 | BB28: 0 | BC28: 0 | BD28: 0 | BE28: 0 | BF28: 0 | BG28: 0 | BH28: 0 | BI28: 0 | BJ28: 0 | BK28: 0 | BL28: 0 | BM28: 0 | BN28: 0 | BO28: 0 | BP28: 0 | BQ28: 0 | BR28: 0 | BS28: 0 | BT28: 0 | BU28: 0 | BV28: 0 | BW28: 0 | BX28: 0 | BY28: 0 | BZ28: 0 | CA28: 0 | CB28: 0 | CC28: 0 | CD28: 0 | CE28: 0 | CF28: 0 | CG28: 0 | CH28: 0 | CI28: 0 | CJ28: 0 | CK28: 0 | CL28: 0 | CM28: 0 | CN28: 0 | CO28: 0 | CP28: 0 | CQ28: 0 | CR28: 0 | CS28: 0 | CT28: 0 | CU28: 0 | CV28: 0 | CW28: 0 | CX28: 0 | CY28: 0 | CZ28: 0 | DA28: 0 | DB28: 0 | DC28: 0 | DD28: 0 | DE28: 0 | DF28: 0 | DG28: 0 | DH28: 0 | DI28: 0 | DJ28: 0 | DK28: 0 | DL28: 0 | DM28: 0 | DN28: 0 | DO28: 0 | DP28: 0 | DQ28: 0 | DR28: 0 | DS28: 0 | DT28: =SUM(X28:DR28) -> 80990.306 | DU28: =+O28-DT28 -> 0 | DW28: =O28=DT28 -> TRUE
A29: Casa 013 | C29: B | E29: =$E$17 -> 74.01 | F29: =$F$17 -> 1.08 | G29: =+E29+F29 -> 75.09 | H29: =$H$17 -> 9.06 | I29: =$I$17 -> 149.1 | J29: =H29*I29 -> 1350.846 | K29: P024 | L29: Cercana | M29: 6000 | N29: =+$N$17 -> 994 | O29: =+ROUND((G29*N29),2)+J29+M29 -> 81990.306 | P29: =O29/(G29) -> 1091.8938 | Q29: 0.01 | R29: =O29*Q29 -> 819.90306 | S29: 0.04 | T29: =O29*S29 -> 3279.6122 | U29: =COUNTIF(X29:DS29,">0")-2 -> 3 | V29: 0.95 | W29: =+O29*V29 -> 77890.791 | AD29: =+$R29 -> 819.90306 | AE29: =+$T29/3 -> 1093.2041 | AF29: =+AE29 -> 1093.2041 | AG29: =+AF29 -> 1093.2041 | AH29: =+$W29 -> 77890.791 | AI29: 0 | AJ29: 0 | AK29: 0 | AL29: 0 | AM29: 0 | AN29: 0 | AO29: 0 | AP29: 0 | AQ29: 0 | AR29: 0 | AS29: 0 | AT29: 0 | AU29: 0 | AV29: 0 | AW29: 0 | AX29: 0 | AY29: 0 | AZ29: 0 | BA29: 0 | BB29: 0 | BC29: 0 | BD29: 0 | BE29: 0 | BF29: 0 | BG29: 0 | BH29: 0 | BI29: 0 | BJ29: 0 | BK29: 0 | BL29: 0 | BM29: 0 | BN29: 0 | BO29: 0 | BP29: 0 | BQ29: 0 | BR29: 0 | BS29: 0 | BT29: 0 | BU29: 0 | BV29: 0 | BW29: 0 | BX29: 0 | BY29: 0 | BZ29: 0 | CA29: 0 | CB29: 0 | CC29: 0 | CD29: 0 | CE29: 0 | CF29: 0 | CG29: 0 | CH29: 0 | CI29: 0 | CJ29: 0 | CK29: 0 | CL29: 0 | CM29: 0 | CN29: 0 | CO29: 0 | CP29: 0 | CQ29: 0 | CR29: 0 | CS29: 0 | CT29: 0 | CU29: 0 | CV29: 0 | CW29: 0 | CX29: 0 | CY29: 0 | CZ29: 0 | DA29: 0 | DB29: 0 | DC29: 0 | DD29: 0 | DE29: 0 | DF29: 0 | DG29: 0 | DH29: 0 | DI29: 0 | DJ29: 0 | DK29: 0 | DL29: 0 | DM29: 0 | DN29: 0 | DO29: 0 | DP29: 0 | DQ29: 0 | DR29: 0 | DS29: 0 | DT29: =SUM(X29:DR29) -> 81990.306 | DU29: =+O29-DT29 -> 0 | DW29: =O29=DT29 -> TRUE
A30: Casa 014 | C30: B | E30: =$E$17 -> 74.01 | F30: =$F$17 -> 1.08 | G30: =+E30+F30 -> 75.09 | H30: =$H$17 -> 9.06 | I30: =$I$17 -> 149.1 | J30: =H30*I30 -> 1350.846 | K30: P023 | L30: Cercana | M30: 6000 | N30: =+$N$17 -> 994 | O30: =+ROUND((G30*N30),2)+J30+M30 -> 81990.306 | P30: =O30/(G30) -> 1091.8938 | Q30: 0.01 | R30: =O30*Q30 -> 819.90306 | S30: 0.04 | T30: =O30*S30 -> 3279.6122 | U30: =COUNTIF(X30:DS30,">0")-2 -> 5 | V30: 0.95 | W30: =+O30*V30 -> 77890.791 | AE30: =+$R30 -> 819.90306 | AF30: =+$T30/5 -> 655.92245 | AG30: =+AF30 -> 655.92245 | AH30: =+AG30 -> 655.92245 | AI30: =+AH30 -> 655.92245 | AJ30: =+AI30 -> 655.92245 | AK30: =+$W30 -> 77890.791 | AL30: 0 | AM30: 0 | AN30: 0 | AO30: 0 | AP30: 0 | AQ30: 0 | AR30: 0 | AS30: 0 | AT30: 0 | AU30: 0 | AV30: 0 | AW30: 0 | AX30: 0 | AY30: 0 | AZ30: 0 | BA30: 0 | BB30: 0 | BC30: 0 | BD30: 0 | BE30: 0 | BF30: 0 | BG30: 0 | BH30: 0 | BI30: 0 | BJ30: 0 | BK30: 0 | BL30: 0 | BM30: 0 | BN30: 0 | BO30: 0 | BP30: 0 | BQ30: 0 | BR30: 0 | BS30: 0 | BT30: 0 | BU30: 0 | BV30: 0 | BW30: 0 | BX30: 0 | BY30: 0 | BZ30: 0 | CA30: 0 | CB30: 0 | CC30: 0 | CD30: 0 | CE30: 0 | CF30: 0 | CG30: 0 | CH30: 0 | CI30: 0 | CJ30: 0 | CK30: 0 | CL30: 0 | CM30: 0 | CN30: 0 | CO30: 0 | CP30: 0 | CQ30: 0 | CR30: 0 | CS30: 0 | CT30: 0 | CU30: 0 | CV30: 0 | CW30: 0 | CX30: 0 | CY30: 0 | CZ30: 0 | DA30: 0 | DB30: 0 | DC30: 0 | DD30: 0 | DE30: 0 | DF30: 0 | DG30: 0 | DH30: 0 | DI30: 0 | DJ30: 0 | DK30: 0 | DL30: 0 | DM30: 0 | DN30: 0 | DO30: 0 | DP30: 0 | DQ30: 0 | DR30: 0 | DS30: 0 | DT30: =SUM(X30:DR30) -> 81990.306 | DU30: =+O30-DT30 -> 0 | DW30: =O30=DT30 -> TRUE
A31: Casa 015 | C31: B | E31: =$E$17 -> 74.01 | F31: =$F$17 -> 1.08 | G31: =+E31+F31 -> 75.09 | H31: =$H$17 -> 9.06 | I31: =$I$17 -> 149.1 | J31: =H31*I31 -> 1350.846 | K31: P022 | L31: Cercana | M31: 6000 | N31: =+$N$17 -> 994 | O31: =+ROUND((G31*N31),2)+J31+M31 -> 81990.306 | P31: =O31/(G31) -> 1091.8938 | Q31: 0.01 | R31: =O31*Q31 -> 819.90306 | S31: 0.04 | T31: =O31*S31 -> 3279.6122 | U31: =COUNTIF(X31:DS31,">0")-2 -> 3 | V31: 0.95 | W31: =+O31*V31 -> 77890.791 | AE31: =+$R31 -> 819.90306 | AF31: =+$T31/3 -> 1093.2041 | AG31: =+AF31 -> 1093.2041 | AH31: =+AG31 -> 1093.2041 | AI31: =+$W31 -> 77890.791 | AJ31: 0 | AK31: 0 | AL31: 0 | AM31: 0 | AN31: 0 | AO31: 0 | AP31: 0 | AQ31: 0 | AR31: 0 | AS31: 0 | AT31: 0 | AU31: 0 | AV31: 0 | AW31: 0 | AX31: 0 | AY31: 0 | AZ31: 0 | BA31: 0 | BB31: 0 | BC31: 0 | BD31: 0 | BE31: 0 | BF31: 0 | BG31: 0 | BH31: 0 | BI31: 0 | BJ31: 0 | BK31: 0 | BL31: 0 | BM31: 0 | BN31: 0 | BO31: 0 | BP31: 0 | BQ31: 0 | BR31: 0 | BS31: 0 | BT31: 0 | BU31: 0 | BV31: 0 | BW31: 0 | BX31: 0 | BY31: 0 | BZ31: 0 | CA31: 0 | CB31: 0 | CC31: 0 | CD31: 0 | CE31: 0 | CF31: 0 | CG31: 0 | CH31: 0 | CI31: 0 | CJ31: 0 | CK31: 0 | CL31: 0 | CM31: 0 | CN31: 0 | CO31: 0 | CP31: 0 | CQ31: 0 | CR31: 0 | CS31: 0 | CT31: 0 | CU31: 0 | CV31: 0 | CW31: 0 | CX31: 0 | CY31: 0 | CZ31: 0 | DA31: 0 | DB31: 0 | DC31: 0 | DD31: 0 | DE31: 0 | DF31: 0 | DG31: 0 | DH31: 0 | DI31: 0 | DJ31: 0 | DK31: 0 | DL31: 0 | DM31: 0 | DN31: 0 | DO31: 0 | DP31: 0 | DQ31: 0 | DR31: 0 | DS31: 0 | DT31: =SUM(X31:DR31) -> 81990.306 | DU31: =+O31-DT31 -> 0 | DW31: =O31=DT31 -> TRUE
A32: Casa 016 | C32: B | E32: =$E$17 -> 74.01 | F32: =$F$17 -> 1.08 | G32: =+E32+F32 -> 75.09 | H32: =$H$17 -> 9.06 | I32: =$I$17 -> 149.1 | J32: =H32*I32 -> 1350.846 | K32: P021 | L32: Cercana | M32: 6000 | N32: =+$N$17 -> 994 | O32: =+ROUND((G32*N32),2)+J32+M32 -> 81990.306 | P32: =O32/(G32) -> 1091.8938 | Q32: 0.01 | R32: =O32*Q32 -> 819.90306 | S32: 0.04 | T32: =O32*S32 -> 3279.6122 | U32: =COUNTIF(X32:DS32,">0")-2 -> 5 | V32: 0.95 | W32: =+O32*V32 -> 77890.791 | AF32: =+$R32 -> 819.90306 | AG32: =+$T32/5 -> 655.92245 | AH32: =+AG32 -> 655.92245 | AI32: =+AH32 -> 655.92245 | AJ32: =+AI32 -> 655.92245 | AK32: =+AJ32 -> 655.92245 | AL32: =+$W32 -> 77890.791 | AM32: 0 | AN32: 0 | AO32: 0 | AP32: 0 | AQ32: 0 | AR32: 0 | AS32: 0 | AT32: 0 | AU32: 0 | AV32: 0 | AW32: 0 | AX32: 0 | AY32: 0 | AZ32: 0 | BA32: 0 | BB32: 0 | BC32: 0 | BD32: 0 | BE32: 0 | BF32: 0 | BG32: 0 | BH32: 0 | BI32: 0 | BJ32: 0 | BK32: 0 | BL32: 0 | BM32: 0 | BN32: 0 | BO32: 0 | BP32: 0 | BQ32: 0 | BR32: 0 | BS32: 0 | BT32: 0 | BU32: 0 | BV32: 0 | BW32: 0 | BX32: 0 | BY32: 0 | BZ32: 0 | CA32: 0 | CB32: 0 | CC32: 0 | CD32: 0 | CE32: 0 | CF32: 0 | CG32: 0 | CH32: 0 | CI32: 0 | CJ32: 0 | CK32: 0 | CL32: 0 | CM32: 0 | CN32: 0 | CO32: 0 | CP32: 0 | CQ32: 0 | CR32: 0 | CS32: 0 | CT32: 0 | CU32: 0 | CV32: 0 | CW32: 0 | CX32: 0 | CY32: 0 | CZ32: 0 | DA32: 0 | DB32: 0 | DC32: 0 | DD32: 0 | DE32: 0 | DF32: 0 | DG32: 0 | DH32: 0 | DI32: 0 | DJ32: 0 | DK32: 0 | DL32: 0 | DM32: 0 | DN32: 0 | DO32: 0 | DP32: 0 | DQ32: 0 | DR32: 0 | DS32: 0 | DT32: =SUM(X32:DR32) -> 81990.306 | DU32: =+O32-DT32 -> 0 | DW32: =O32=DT32 -> TRUE
A33: Casa 017 | C33: B | E33: =$E$17 -> 74.01 | F33: =$F$17 -> 1.08 | G33: =+E33+F33 -> 75.09 | H33: =$H$17 -> 9.06 | I33: =$I$17 -> 149.1 | J33: =H33*I33 -> 1350.846 | K33: P020 | L33: Cercana | M33: 6000 | N33: =+$N$17 -> 994 | O33: =+ROUND((G33*N33),2)+J33+M33 -> 81990.306 | P33: =O33/(G33) -> 1091.8938 | Q33: 0.01 | R33: =O33*Q33 -> 819.90306 | S33: 0.04 | T33: =O33*S33 -> 3279.6122 | U33: =COUNTIF(X33:DS33,">0")-2 -> 3 | V33: 0.95 | W33: =+O33*V33 -> 77890.791 | AF33: =+$R33 -> 819.90306 | AG33: =+$T33/3 -> 1093.2041 | AH33: =+AG33 -> 1093.2041 | AI33: =+AH33 -> 1093.2041 | AJ33: =+$W33 -> 77890.791 | AK33: 0 | AL33: 0 | AM33: 0 | AN33: 0 | AO33: 0 | AP33: 0 | AQ33: 0 | AR33: 0 | AS33: 0 | AT33: 0 | AU33: 0 | AV33: 0 | AW33: 0 | AX33: 0 | AY33: 0 | AZ33: 0 | BA33: 0 | BB33: 0 | BC33: 0 | BD33: 0 | BE33: 0 | BF33: 0 | BG33: 0 | BH33: 0 | BI33: 0 | BJ33: 0 | BK33: 0 | BL33: 0 | BM33: 0 | BN33: 0 | BO33: 0 | BP33: 0 | BQ33: 0 | BR33: 0 | BS33: 0 | BT33: 0 | BU33: 0 | BV33: 0 | BW33: 0 | BX33: 0 | BY33: 0 | BZ33: 0 | CA33: 0 | CB33: 0 | CC33: 0 | CD33: 0 | CE33: 0 | CF33: 0 | CG33: 0 | CH33: 0 | CI33: 0 | CJ33: 0 | CK33: 0 | CL33: 0 | CM33: 0 | CN33: 0 | CO33: 0 | CP33: 0 | CQ33: 0 | CR33: 0 | CS33: 0 | CT33: 0 | CU33: 0 | CV33: 0 | CW33: 0 | CX33: 0 | CY33: 0 | CZ33: 0 | DA33: 0 | DB33: 0 | DC33: 0 | DD33: 0 | DE33: 0 | DF33: 0 | DG33: 0 | DH33: 0 | DI33: 0 | DJ33: 0 | DK33: 0 | DL33: 0 | DM33: 0 | DN33: 0 | DO33: 0 | DP33: 0 | DQ33: 0 | DR33: 0 | DS33: 0 | DT33: =SUM(X33:DR33) -> 81990.306 | DU33: =+O33-DT33 -> 0 | DW33: =O33=DT33 -> TRUE
A34: Casa 018 | C34: B | E34: =$E$17 -> 74.01 | F34: =$F$33 -> 1.08 | G34: =+E34+F34 -> 75.09 | H34: =$H$17 -> 9.06 | I34: =$I$17 -> 149.1 | J34: =H34*I34 -> 1350.846 | K34: P019 | L34: Cercana | M34: 6000 | N34: =+$N$17 -> 994 | O34: =+ROUND((G34*N34),2)+J34+M34 -> 81990.306 | P34: =O34/(G34) -> 1091.8938 | Q34: 0.01 | R34: =O34*Q34 -> 819.90306 | S34: 0.04 | T34: =O34*S34 -> 3279.6122 | U34: =COUNTIF(X34:DS34,">0")-2 -> 5 | V34: 0.95 | W34: =+O34*V34 -> 77890.791 | AG34: =+$R34 -> 819.90306 | AH34: =+$T34/5 -> 655.92245 | AI34: =+AH34 -> 655.92245 | AJ34: =+AI34 -> 655.92245 | AK34: =+AJ34 -> 655.92245 | AL34: =+AK34 -> 655.92245 | AM34: =+$W34 -> 77890.791 | AN34: 0 | AO34: 0 | AP34: 0 | AQ34: 0 | AR34: 0 | AS34: 0 | AT34: 0 | AU34: 0 | AV34: 0 | AW34: 0 | AX34: 0 | AY34: 0 | AZ34: 0 | BA34: 0 | BB34: 0 | BC34: 0 | BD34: 0 | BE34: 0 | BF34: 0 | BG34: 0 | BH34: 0 | BI34: 0 | BJ34: 0 | BK34: 0 | BL34: 0 | BM34: 0 | BN34: 0 | BO34: 0 | BP34: 0 | BQ34: 0 | BR34: 0 | BS34: 0 | BT34: 0 | BU34: 0 | BV34: 0 | BW34: 0 | BX34: 0 | BY34: 0 | BZ34: 0 | CA34: 0 | CB34: 0 | CC34: 0 | CD34: 0 | CE34: 0 | CF34: 0 | CG34: 0 | CH34: 0 | CI34: 0 | CJ34: 0 | CK34: 0 | CL34: 0 | CM34: 0 | CN34: 0 | CO34: 0 | CP34: 0 | CQ34: 0 | CR34: 0 | CS34: 0 | CT34: 0 | CU34: 0 | CV34: 0 | CW34: 0 | CX34: 0 | CY34: 0 | CZ34: 0 | DA34: 0 | DB34: 0 | DC34: 0 | DD34: 0 | DE34: 0 | DF34: 0 | DG34: 0 | DH34: 0 | DI34: 0 | DJ34: 0 | DK34: 0 | DL34: 0 | DM34: 0 | DN34: 0 | DO34: 0 | DP34: 0 | DQ34: 0 | DR34: 0 | DS34: 0 | DT34: =SUM(X34:DR34) -> 81990.306 | DU34: =+O34-DT34 -> 0 | DW34: =O34=DT34 -> TRUE
A35: Casa 019 | C35: A | E35: 52.44 | F35: 1.08 | G35: =+E35+F35 -> 53.52 | H35: 9.06 | I35: =$I$17 -> 149.1 | J35: =H35*I35 -> 1350.846 | K35: P035 | L35: Cercana | M35: 6000 | N35: 1120 | O35: =+ROUND((G35*N35),2)+J35+M35 -> 67293.246 | P35: =O35/(G35) -> 1257.3476 | Q35: 0.01 | R35: =O35*Q35 -> 672.93246 | S35: 0.04 | T35: =O35*S35 -> 2691.7298 | U35: =COUNTIF(X35:DS35,">0")-2 -> 5 | V35: 0.95 | W35: =+O35*V35 -> 63928.584 | X35: =+$R35 -> 672.93246 | Y35: =+$T35/5 -> 538.34597 | Z35: =+Y35 -> 538.34597 | AA35: =+Z35 -> 538.34597 | AB35: =+AA35 -> 538.34597 | AC35: =+AB35 -> 538.34597 | AD35: =+$W35 -> 63928.584 | AE35: 0 | AF35: 0 | AG35: 0 | AH35: 0 | AI35: 0 | AJ35: 0 | AK35: 0 | AL35: 0 | AM35: 0 | AN35: 0 | AO35: 0 | AP35: 0 | AQ35: 0 | AR35: 0 | AS35: 0 | AT35: 0 | AU35: 0 | AV35: 0 | AW35: 0 | AX35: 0 | AY35: 0 | AZ35: 0 | BA35: 0 | BB35: 0 | BC35: 0 | BD35: 0 | BE35: 0 | BF35: 0 | BG35: 0 | BH35: 0 | BI35: 0 | BJ35: 0 | BK35: 0 | BL35: 0 | BM35: 0 | BN35: 0 | BO35: 0 | BP35: 0 | BQ35: 0 | BR35: 0 | BS35: 0 | BT35: 0 | BU35: 0 | BV35: 0 | BW35: 0 | BX35: 0 | BY35: 0 | BZ35: 0 | CA35: 0 | CB35: 0 | CC35: 0 | CD35: 0 | CE35: 0 | CF35: 0 | CG35: 0 | CH35: 0 | CI35: 0 | CJ35: 0 | CK35: 0 | CL35: 0 | CM35: 0 | CN35: 0 | CO35: 0 | CP35: 0 | CQ35: 0 | CR35: 0 | CS35: 0 | CT35: 0 | CU35: 0 | CV35: 0 | CW35: 0 | CX35: 0 | CY35: 0 | CZ35: 0 | DA35: 0 | DB35: 0 | DC35: 0 | DD35: 0 | DE35: 0 | DF35: 0 | DG35: 0 | DH35: 0 | DI35: 0 | DJ35: 0 | DK35: 0 | DL35: 0 | DM35: 0 | DN35: 0 | DO35: 0 | DP35: 0 | DQ35: 0 | DR35: 0 | DS35: 0 | DT35: =SUM(X35:DR35) -> 67293.246 | DU35: =+O35-DT35 -> 0 | DW35: =O35=DT35 -> TRUE
A36: Casa 020 | C36: A | E36: =$E$35 -> 52.44 | F36: =$F$35 -> 1.08 | G36: =+E36+F36 -> 53.52 | H36: =$H$35 -> 9.06 | I36: =$I$17 -> 149.1 | J36: =H36*I36 -> 1350.846 | K36: P034 | L36: Cercana | M36: 6000 | N36: =+$N$35 -> 1120 | O36: =+ROUND((G36*N36),2)+J36+M36 -> 67293.246 | P36: =O36/(G36) -> 1257.3476 | Q36: 0.01 | R36: =O36*Q36 -> 672.93246 | S36: 0.04 | T36: =O36*S36 -> 2691.7298 | U36: =COUNTIF(X36:DS36,">0")-2 -> 3 | V36: 0.95 | W36: =+O36*V36 -> 63928.584 | Y36: =+$R36 -> 672.93246 | Z36: =+$T36/3 -> 897.24328 | AA36: =+Z36 -> 897.24328 | AB36: =+AA36 -> 897.24328 | AC36: =+$W36 -> 63928.584 | AD36: 0 | AE36: 0 | AF36: 0 | AG36: 0 | AH36: 0 | AI36: 0 | AJ36: 0 | AK36: 0 | AL36: 0 | AM36: 0 | AN36: 0 | AO36: 0 | AP36: 0 | AQ36: 0 | AR36: 0 | AS36: 0 | AT36: 0 | AU36: 0 | AV36: 0 | AW36: 0 | AX36: 0 | AY36: 0 | AZ36: 0 | BA36: 0 | BB36: 0 | BC36: 0 | BD36: 0 | BE36: 0 | BF36: 0 | BG36: 0 | BH36: 0 | BI36: 0 | BJ36: 0 | BK36: 0 | BL36: 0 | BM36: 0 | BN36: 0 | BO36: 0 | BP36: 0 | BQ36: 0 | BR36: 0 | BS36: 0 | BT36: 0 | BU36: 0 | BV36: 0 | BW36: 0 | BX36: 0 | BY36: 0 | BZ36: 0 | CA36: 0 | CB36: 0 | CC36: 0 | CD36: 0 | CE36: 0 | CF36: 0 | CG36: 0 | CH36: 0 | CI36: 0 | CJ36: 0 | CK36: 0 | CL36: 0 | CM36: 0 | CN36: 0 | CO36: 0 | CP36: 0 | CQ36: 0 | CR36: 0 | CS36: 0 | CT36: 0 | CU36: 0 | CV36: 0 | CW36: 0 | CX36: 0 | CY36: 0 | CZ36: 0 | DA36: 0 | DB36: 0 | DC36: 0 | DD36: 0 | DE36: 0 | DF36: 0 | DG36: 0 | DH36: 0 | DI36: 0 | DJ36: 0 | DK36: 0 | DL36: 0 | DM36: 0 | DN36: 0 | DO36: 0 | DP36: 0 | DQ36: 0 | DR36: 0 | DS36: 0 | DT36: =SUM(X36:DR36) -> 67293.246 | DU36: =+O36-DT36 -> 0 | DW36: =O36=DT36 -> TRUE
A37: Casa 021 | C37: A | E37: =$E$35 -> 52.44 | F37: =$F$33 -> 1.08 | G37: =+E37+F37 -> 53.52 | H37: =$H$35 -> 9.06 | I37: =$I$17 -> 149.1 | J37: =H37*I37 -> 1350.846 | K37: P033 | L37: Cercana | M37: 6000 | N37: =+$N$35 -> 1120 | O37: =+ROUND((G37*N37),2)+J37+M37 -> 67293.246 | P37: =O37/(G37) -> 1257.3476 | Q37: 0.01 | R37: =O37*Q37 -> 672.93246 | S37: 0.04 | T37: =O37*S37 -> 2691.7298 | U37: =COUNTIF(X37:DS37,">0")-2 -> 1 | V37: 0.95 | W37: =+O37*V37 -> 63928.584 | Z37: =+$R37 -> 672.93246 | AA37: =+$T37/1 -> 2691.7298 | AB37: =+$W37 -> 63928.584 | AC37: 0 | AD37: 0 | AE37: 0 | AF37: 0 | AG37: 0 | AH37: 0 | AI37: 0 | AJ37: 0 | AK37: 0 | AL37: 0 | AM37: 0 | AN37: 0 | AO37: 0 | AP37: 0 | AQ37: 0 | AR37: 0 | AS37: 0 | AT37: 0 | AU37: 0 | AV37: 0 | AW37: 0 | AX37: 0 | AY37: 0 | AZ37: 0 | BA37: 0 | BB37: 0 | BC37: 0 | BD37: 0 | BE37: 0 | BF37: 0 | BG37: 0 | BH37: 0 | BI37: 0 | BJ37: 0 | BK37: 0 | BL37: 0 | BM37: 0 | BN37: 0 | BO37: 0 | BP37: 0 | BQ37: 0 | BR37: 0 | BS37: 0 | BT37: 0 | BU37: 0 | BV37: 0 | BW37: 0 | BX37: 0 | BY37: 0 | BZ37: 0 | CA37: 0 | CB37: 0 | CC37: 0 | CD37: 0 | CE37: 0 | CF37: 0 | CG37: 0 | CH37: 0 | CI37: 0 | CJ37: 0 | CK37: 0 | CL37: 0 | CM37: 0 | CN37: 0 | CO37: 0 | CP37: 0 | CQ37: 0 | CR37: 0 | CS37: 0 | CT37: 0 | CU37: 0 | CV37: 0 | CW37: 0 | CX37: 0 | CY37: 0 | CZ37: 0 | DA37: 0 | DB37: 0 | DC37: 0 | DD37: 0 | DE37: 0 | DF37: 0 | DG37: 0 | DH37: 0 | DI37: 0 | DJ37: 0 | DK37: 0 | DL37: 0 | DM37: 0 | DN37: 0 | DO37: 0 | DP37: 0 | DQ37: 0 | DR37: 0 | DS37: 0 | DT37: =SUM(X37:DR37) -> 67293.246 | DU37: =+O37-DT37 -> 0 | DW37: =O37=DT37 -> TRUE
A38: Casa 022 | C38: A | E38: =$E$35 -> 52.44 | F38: =$F$33 -> 1.08 | G38: =+E38+F38 -> 53.52 | H38: =$H$35 -> 9.06 | I38: =$I$17 -> 149.1 | J38: =H38*I38 -> 1350.846 | K38: P032 | L38: Cercana | M38: 6000 | N38: =+$N$35 -> 1120 | O38: =+ROUND((G38*N38),2)+J38+M38 -> 67293.246 | P38: =O38/(G38) -> 1257.3476 | Q38: 0.01 | R38: =O38*Q38 -> 672.93246 | S38: 0.04 | T38: =O38*S38 -> 2691.7298 | U38: =COUNTIF(X38:DS38,">0")-2 -> 5 | V38: 0.95 | W38: =+O38*V38 -> 63928.584 | AA38: =+$R38 -> 672.93246 | AB38: =+$T38/5 -> 538.34597 | AC38: =+AB38 -> 538.34597 | AD38: =+AC38 -> 538.34597 | AE38: =+AD38 -> 538.34597 | AF38: =+AE38 -> 538.34597 | AG38: =+$W38 -> 63928.584 | AH38: 0 | AI38: 0 | AJ38: 0 | AK38: 0 | AL38: 0 | AM38: 0 | AN38: 0 | AO38: 0 | AP38: 0 | AQ38: 0 | AR38: 0 | AS38: 0 | AT38: 0 | AU38: 0 | AV38: 0 | AW38: 0 | AX38: 0 | AY38: 0 | AZ38: 0 | BA38: 0 | BB38: 0 | BC38: 0 | BD38: 0 | BE38: 0 | BF38: 0 | BG38: 0 | BH38: 0 | BI38: 0 | BJ38: 0 | BK38: 0 | BL38: 0 | BM38: 0 | BN38: 0 | BO38: 0 | BP38: 0 | BQ38: 0 | BR38: 0 | BS38: 0 | BT38: 0 | BU38: 0 | BV38: 0 | BW38: 0 | BX38: 0 | BY38: 0 | BZ38: 0 | CA38: 0 | CB38: 0 | CC38: 0 | CD38: 0 | CE38: 0 | CF38: 0 | CG38: 0 | CH38: 0 | CI38: 0 | CJ38: 0 | CK38: 0 | CL38: 0 | CM38: 0 | CN38: 0 | CO38: 0 | CP38: 0 | CQ38: 0 | CR38: 0 | CS38: 0 | CT38: 0 | CU38: 0 | CV38: 0 | CW38: 0 | CX38: 0 | CY38: 0 | CZ38: 0 | DA38: 0 | DB38: 0 | DC38: 0 | DD38: 0 | DE38: 0 | DF38: 0 | DG38: 0 | DH38: 0 | DI38: 0 | DJ38: 0 | DK38: 0 | DL38: 0 | DM38: 0 | DN38: 0 | DO38: 0 | DP38: 0 | DQ38: 0 | DR38: 0 | DS38: 0 | DT38: =SUM(X38:DR38) -> 67293.246 | DU38: =+O38-DT38 -> 0 | DW38: =O38=DT38 -> TRUE
A39: Casa 023 | C39: A | E39: =$E$35 -> 52.44 | F39: =$F$33 -> 1.08 | G39: =+E39+F39 -> 53.52 | H39: =$H$35 -> 9.06 | I39: =$I$17 -> 149.1 | J39: =H39*I39 -> 1350.846 | K39: P039 | L39: En Isla | M39: 5000 | N39: =+$N$35 -> 1120 | O39: =+ROUND((G39*N39),2)+J39+M39 -> 66293.246 | P39: =O39/(G39) -> 1238.663 | Q39: 0.01 | R39: =O39*Q39 -> 662.93246 | S39: 0.04 | T39: =O39*S39 -> 2651.7298 | U39: =COUNTIF(X39:DS39,">0")-2 -> 3 | V39: 0.95 | W39: =+O39*V39 -> 62978.584 | AB39: =+$R39 -> 662.93246 | AC39: =+$T39/3 -> 883.90995 | AD39: =+AC39 -> 883.90995 | AE39: =+AD39 -> 883.90995 | AF39: =+$W39 -> 62978.584 | AG39: 0 | AH39: 0 | AI39: 0 | AJ39: 0 | AK39: 0 | AL39: 0 | AM39: 0 | AN39: 0 | AO39: 0 | AP39: 0 | AQ39: 0 | AR39: 0 | AS39: 0 | AT39: 0 | AU39: 0 | AV39: 0 | AW39: 0 | AX39: 0 | AY39: 0 | AZ39: 0 | BA39: 0 | BB39: 0 | BC39: 0 | BD39: 0 | BE39: 0 | BF39: 0 | BG39: 0 | BH39: 0 | BI39: 0 | BJ39: 0 | BK39: 0 | BL39: 0 | BM39: 0 | BN39: 0 | BO39: 0 | BP39: 0 | BQ39: 0 | BR39: 0 | BS39: 0 | BT39: 0 | BU39: 0 | BV39: 0 | BW39: 0 | BX39: 0 | BY39: 0 | BZ39: 0 | CA39: 0 | CB39: 0 | CC39: 0 | CD39: 0 | CE39: 0 | CF39: 0 | CG39: 0 | CH39: 0 | CI39: 0 | CJ39: 0 | CK39: 0 | CL39: 0 | CM39: 0 | CN39: 0 | CO39: 0 | CP39: 0 | CQ39: 0 | CR39: 0 | CS39: 0 | CT39: 0 | CU39: 0 | CV39: 0 | CW39: 0 | CX39: 0 | CY39: 0 | CZ39: 0 | DA39: 0 | DB39: 0 | DC39: 0 | DD39: 0 | DE39: 0 | DF39: 0 | DG39: 0 | DH39: 0 | DI39: 0 | DJ39: 0 | DK39: 0 | DL39: 0 | DM39: 0 | DN39: 0 | DO39: 0 | DP39: 0 | DQ39: 0 | DR39: 0 | DS39: 0 | DT39: =SUM(X39:DR39) -> 66293.246 | DU39: =+O39-DT39 -> 0 | DW39: =O39=DT39 -> TRUE
A40: Casa 024 | C40: A | E40: =$E$35 -> 52.44 | F40: =$F$33 -> 1.08 | G40: =+E40+F40 -> 53.52 | H40: =$H$35 -> 9.06 | I40: =$I$17 -> 149.1 | J40: =H40*I40 -> 1350.846 | K40: P040 | L40: En Isla | M40: 5000 | N40: =+$N$35 -> 1120 | O40: =+ROUND((G40*N40),2)+J40+M40 -> 66293.246 | P40: =O40/(G40) -> 1238.663 | Q40: 0.01 | R40: =O40*Q40 -> 662.93246 | S40: 0.04 | T40: =O40*S40 -> 2651.7298 | U40: =COUNTIF(X40:DS40,">0")-2 -> 1 | V40: 0.95 | W40: =+O40*V40 -> 62978.584 | AC40: =+$R40 -> 662.93246 | AD40: =+$T40/1 -> 2651.7298 | AE40: =+$W40 -> 62978.584 | AF40: 0 | AG40: 0 | AH40: 0 | AI40: 0 | AJ40: 0 | AK40: 0 | AL40: 0 | AM40: 0 | AN40: 0 | AO40: 0 | AP40: 0 | AQ40: 0 | AR40: 0 | AS40: 0 | AT40: 0 | AU40: 0 | AV40: 0 | AW40: 0 | AX40: 0 | AY40: 0 | AZ40: 0 | BA40: 0 | BB40: 0 | BC40: 0 | BD40: 0 | BE40: 0 | BF40: 0 | BG40: 0 | BH40: 0 | BI40: 0 | BJ40: 0 | BK40: 0 | BL40: 0 | BM40: 0 | BN40: 0 | BO40: 0 | BP40: 0 | BQ40: 0 | BR40: 0 | BS40: 0 | BT40: 0 | BU40: 0 | BV40: 0 | BW40: 0 | BX40: 0 | BY40: 0 | BZ40: 0 | CA40: 0 | CB40: 0 | CC40: 0 | CD40: 0 | CE40: 0 | CF40: 0 | CG40: 0 | CH40: 0 | CI40: 0 | CJ40: 0 | CK40: 0 | CL40: 0 | CM40: 0 | CN40: 0 | CO40: 0 | CP40: 0 | CQ40: 0 | CR40: 0 | CS40: 0 | CT40: 0 | CU40: 0 | CV40: 0 | CW40: 0 | CX40: 0 | CY40: 0 | CZ40: 0 | DA40: 0 | DB40: 0 | DC40: 0 | DD40: 0 | DE40: 0 | DF40: 0 | DG40: 0 | DH40: 0 | DI40: 0 | DJ40: 0 | DK40: 0 | DL40: 0 | DM40: 0 | DN40: 0 | DO40: 0 | DP40: 0 | DQ40: 0 | DR40: 0 | DS40: 0 | DT40: =SUM(X40:DR40) -> 66293.246 | DU40: =+O40-DT40 -> 0 | DW40: =O40=DT40 -> TRUE
A41: Casa 025 | C41: A | E41: =$E$35 -> 52.44 | F41: =$F$33 -> 1.08 | G41: =+E41+F41 -> 53.52 | H41: =$H$35 -> 9.06 | I41: =$I$17 -> 149.1 | J41: =H41*I41 -> 1350.846 | K41: P036 | L41: Cercana | M41: 6000 | N41: =+$N$35 -> 1120 | O41: =+ROUND((G41*N41),2)+J41+M41 -> 67293.246 | P41: =O41/(G41) -> 1257.3476 | Q41: 0.01 | R41: =O41*Q41 -> 672.93246 | S41: 0.04 | T41: =O41*S41 -> 2691.7298 | U41: =COUNTIF(X41:DS41,">0")-2 -> 5 | V41: 0.95 | W41: =+O41*V41 -> 63928.584 | AC41: =+$R41 -> 672.93246 | AD41: =+$T41/5 -> 538.34597 | AE41: =+AD41 -> 538.34597 | AF41: =+AE41 -> 538.34597 | AG41: =+AF41 -> 538.34597 | AH41: =+AG41 -> 538.34597 | AI41: =+$W41 -> 63928.584 | AJ41: 0 | AK41: 0 | AL41: 0 | AM41: 0 | AN41: 0 | AO41: 0 | AP41: 0 | AQ41: 0 | AR41: 0 | AS41: 0 | AT41: 0 | AU41: 0 | AV41: 0 | AW41: 0 | AX41: 0 | AY41: 0 | AZ41: 0 | BA41: 0 | BB41: 0 | BC41: 0 | BD41: 0 | BE41: 0 | BF41: 0 | BG41: 0 | BH41: 0 | BI41: 0 | BJ41: 0 | BK41: 0 | BL41: 0 | BM41: 0 | BN41: 0 | BO41: 0 | BP41: 0 | BQ41: 0 | BR41: 0 | BS41: 0 | BT41: 0 | BU41: 0 | BV41: 0 | BW41: 0 | BX41: 0 | BY41: 0 | BZ41: 0 | CA41: 0 | CB41: 0 | CC41: 0 | CD41: 0 | CE41: 0 | CF41: 0 | CG41: 0 | CH41: 0 | CI41: 0 | CJ41: 0 | CK41: 0 | CL41: 0 | CM41: 0 | CN41: 0 | CO41: 0 | CP41: 0 | CQ41: 0 | CR41: 0 | CS41: 0 | CT41: 0 | CU41: 0 | CV41: 0 | CW41: 0 | CX41: 0 | CY41: 0 | CZ41: 0 | DA41: 0 | DB41: 0 | DC41: 0 | DD41: 0 | DE41: 0 | DF41: 0 | DG41: 0 | DH41: 0 | DI41: 0 | DJ41: 0 | DK41: 0 | DL41: 0 | DM41: 0 | DN41: 0 | DO41: 0 | DP41: 0 | DQ41: 0 | DR41: 0 | DS41: 0 | DT41: =SUM(X41:DR41) -> 67293.246 | DU41: =+O41-DT41 -> 0 | DW41: =O41=DT41 -> TRUE
A42: Casa 026 | C42: A | E42: =$E$35 -> 52.44 | F42: =$F$33 -> 1.08 | G42: =+E42+F42 -> 53.52 | H42: =$H$35 -> 9.06 | I42: =$I$17 -> 149.1 | J42: =H42*I42 -> 1350.846 | K42: P037 | L42: Cercana | M42: 6000 | N42: =+$N$35 -> 1120 | O42: =+ROUND((G42*N42),2)+J42+M42 -> 67293.246 | P42: =O42/(G42) -> 1257.3476 | Q42: 0.01 | R42: =O42*Q42 -> 672.93246 | S42: 0.04 | T42: =O42*S42 -> 2691.7298 | U42: =COUNTIF(X42:DS42,">0")-2 -> 3 | V42: 0.95 | W42: =+O42*V42 -> 63928.584 | AD42: =+$R42 -> 672.93246 | AE42: =+$T42/3 -> 897.24328 | AF42: =+AE42 -> 897.24328 | AG42: =+AF42 -> 897.24328 | AH42: =+$W42 -> 63928.584 | AI42: 0 | AJ42: 0 | AK42: 0 | AL42: 0 | AM42: 0 | AN42: 0 | AO42: 0 | AP42: 0 | AQ42: 0 | AR42: 0 | AS42: 0 | AT42: 0 | AU42: 0 | AV42: 0 | AW42: 0 | AX42: 0 | AY42: 0 | AZ42: 0 | BA42: 0 | BB42: 0 | BC42: 0 | BD42: 0 | BE42: 0 | BF42: 0 | BG42: 0 | BH42: 0 | BI42: 0 | BJ42: 0 | BK42: 0 | BL42: 0 | BM42: 0 | BN42: 0 | BO42: 0 | BP42: 0 | BQ42: 0 | BR42: 0 | BS42: 0 | BT42: 0 | BU42: 0 | BV42: 0 | BW42: 0 | BX42: 0 | BY42: 0 | BZ42: 0 | CA42: 0 | CB42: 0 | CC42: 0 | CD42: 0 | CE42: 0 | CF42: 0 | CG42: 0 | CH42: 0 | CI42: 0 | CJ42: 0 | CK42: 0 | CL42: 0 | CM42: 0 | CN42: 0 | CO42: 0 | CP42: 0 | CQ42: 0 | CR42: 0 | CS42: 0 | CT42: 0 | CU42: 0 | CV42: 0 | CW42: 0 | CX42: 0 | CY42: 0 | CZ42: 0 | DA42: 0 | DB42: 0 | DC42: 0 | DD42: 0 | DE42: 0 | DF42: 0 | DG42: 0 | DH42: 0 | DI42: 0 | DJ42: 0 | DK42: 0 | DL42: 0 | DM42: 0 | DN42: 0 | DO42: 0 | DP42: 0 | DQ42: 0 | DR42: 0 | DS42: 0 | DT42: =SUM(X42:DR42) -> 67293.246 | DU42: =+O42-DT42 -> 0 | DW42: =O42=DT42 -> TRUE
A43: Casa 027 | C43: A | E43: =$E$35 -> 52.44 | F43: =$F$33 -> 1.08 | G43: =+E43+F43 -> 53.52 | H43: =$H$35 -> 9.06 | I43: =$I$17 -> 149.1 | J43: =H43*I43 -> 1350.846 | K43: P045 | L43: Cercana | M43: 6000 | N43: =+$N$35 -> 1120 | O43: =+ROUND((G43*N43),2)+J43+M43 -> 67293.246 | P43: =O43/(G43) -> 1257.3476 | Q43: 0.01 | R43: =O43*Q43 -> 672.93246 | S43: 0.04 | T43: =O43*S43 -> 2691.7298 | U43: =COUNTIF(X43:DS43,">0")-2 -> 1 | V43: 0.95 | W43: =+O43*V43 -> 63928.584 | AD43: =+$R43 -> 672.93246 | AE43: =+$T43/1 -> 2691.7298 | AF43: =+$W43 -> 63928.584 | AG43: 0 | AH43: 0 | AI43: 0 | AJ43: 0 | AK43: 0 | AL43: 0 | AM43: 0 | AN43: 0 | AO43: 0 | AP43: 0 | AQ43: 0 | AR43: 0 | AS43: 0 | AT43: 0 | AU43: 0 | AV43: 0 | AW43: 0 | AX43: 0 | AY43: 0 | AZ43: 0 | BA43: 0 | BB43: 0 | BC43: 0 | BD43: 0 | BE43: 0 | BF43: 0 | BG43: 0 | BH43: 0 | BI43: 0 | BJ43: 0 | BK43: 0 | BL43: 0 | BM43: 0 | BN43: 0 | BO43: 0 | BP43: 0 | BQ43: 0 | BR43: 0 | BS43: 0 | BT43: 0 | BU43: 0 | BV43: 0 | BW43: 0 | BX43: 0 | BY43: 0 | BZ43: 0 | CA43: 0 | CB43: 0 | CC43: 0 | CD43: 0 | CE43: 0 | CF43: 0 | CG43: 0 | CH43: 0 | CI43: 0 | CJ43: 0 | CK43: 0 | CL43: 0 | CM43: 0 | CN43: 0 | CO43: 0 | CP43: 0 | CQ43: 0 | CR43: 0 | CS43: 0 | CT43: 0 | CU43: 0 | CV43: 0 | CW43: 0 | CX43: 0 | CY43: 0 | CZ43: 0 | DA43: 0 | DB43: 0 | DC43: 0 | DD43: 0 | DE43: 0 | DF43: 0 | DG43: 0 | DH43: 0 | DI43: 0 | DJ43: 0 | DK43: 0 | DL43: 0 | DM43: 0 | DN43: 0 | DO43: 0 | DP43: 0 | DQ43: 0 | DR43: 0 | DS43: 0 | DT43: =SUM(X43:DR43) -> 67293.246 | DU43: =+O43-DT43 -> 0 | DW43: =O43=DT43 -> TRUE
A44: Casa 028 | C44: A | E44: =$E$35 -> 52.44 | F44: =$F$33 -> 1.08 | G44: =+E44+F44 -> 53.52 | H44: =$H$35 -> 9.06 | I44: =$I$17 -> 149.1 | J44: =H44*I44 -> 1350.846 | K44: P044 | L44: Cercana | M44: 6000 | N44: =+$N$35 -> 1120 | O44: =+ROUND((G44*N44),2)+J44+M44 -> 67293.246 | P44: =O44/(G44) -> 1257.3476 | Q44: 0.01 | R44: =O44*Q44 -> 672.93246 | S44: 0.04 | T44: =O44*S44 -> 2691.7298 | U44: =COUNTIF(X44:DS44,">0")-2 -> 5 | V44: 0.95 | W44: =+O44*V44 -> 63928.584 | AE44: =+$R44 -> 672.93246 | AF44: =+$T44/5 -> 538.34597 | AG44: =+AF44 -> 538.34597 | AH44: =+AG44 -> 538.34597 | AI44: =+AH44 -> 538.34597 | AJ44: =+AI44 -> 538.34597 | AK44: =+$W44 -> 63928.584 | AL44: 0 | AM44: 0 | AN44: 0 | AO44: 0 | AP44: 0 | AQ44: 0 | AR44: 0 | AS44: 0 | AT44: 0 | AU44: 0 | AV44: 0 | AW44: 0 | AX44: 0 | AY44: 0 | AZ44: 0 | BA44: 0 | BB44: 0 | BC44: 0 | BD44: 0 | BE44: 0 | BF44: 0 | BG44: 0 | BH44: 0 | BI44: 0 | BJ44: 0 | BK44: 0 | BL44: 0 | BM44: 0 | BN44: 0 | BO44: 0 | BP44: 0 | BQ44: 0 | BR44: 0 | BS44: 0 | BT44: 0 | BU44: 0 | BV44: 0 | BW44: 0 | BX44: 0 | BY44: 0 | BZ44: 0 | CA44: 0 | CB44: 0 | CC44: 0 | CD44: 0 | CE44: 0 | CF44: 0 | CG44: 0 | CH44: 0 | CI44: 0 | CJ44: 0 | CK44: 0 | CL44: 0 | CM44: 0 | CN44: 0 | CO44: 0 | CP44: 0 | CQ44: 0 | CR44: 0 | CS44: 0 | CT44: 0 | CU44: 0 | CV44: 0 | CW44: 0 | CX44: 0 | CY44: 0 | CZ44: 0 | DA44: 0 | DB44: 0 | DC44: 0 | DD44: 0 | DE44: 0 | DF44: 0 | DG44: 0 | DH44: 0 | DI44: 0 | DJ44: 0 | DK44: 0 | DL44: 0 | DM44: 0 | DN44: 0 | DO44: 0 | DP44: 0 | DQ44: 0 | DR44: 0 | DS44: 0 | DT44: =SUM(X44:DR44) -> 67293.246 | DU44: =+O44-DT44 -> 0 | DW44: =O44=DT44 -> TRUE
A45: Casa 029 | C45: A | E45: =$E$35 -> 52.44 | F45: =$F$33 -> 1.08 | G45: =+E45+F45 -> 53.52 | H45: =$H$35 -> 9.06 | I45: =$I$17 -> 149.1 | J45: =H45*I45 -> 1350.846 | K45: P043 | L45: Cercana | M45: 6000 | N45: =+$N$35 -> 1120 | O45: =+ROUND((G45*N45),2)+J45+M45 -> 67293.246 | P45: =O45/(G45) -> 1257.3476 | Q45: 0.01 | R45: =O45*Q45 -> 672.93246 | S45: 0.04 | T45: =O45*S45 -> 2691.7298 | U45: =COUNTIF(X45:DS45,">0")-2 -> 3 | V45: 0.95 | W45: =+O45*V45 -> 63928.584 | AE45: =+$R45 -> 672.93246 | AF45: =+$T45/3 -> 897.24328 | AG45: =+AF45 -> 897.24328 | AH45: =+AG45 -> 897.24328 | AI45: =+$W45 -> 63928.584 | AJ45: 0 | AK45: 0 | AL45: 0 | AM45: 0 | AN45: 0 | AO45: 0 | AP45: 0 | AQ45: 0 | AR45: 0 | AS45: 0 | AT45: 0 | AU45: 0 | AV45: 0 | AW45: 0 | AX45: 0 | AY45: 0 | AZ45: 0 | BA45: 0 | BB45: 0 | BC45: 0 | BD45: 0 | BE45: 0 | BF45: 0 | BG45: 0 | BH45: 0 | BI45: 0 | BJ45: 0 | BK45: 0 | BL45: 0 | BM45: 0 | BN45: 0 | BO45: 0 | BP45: 0 | BQ45: 0 | BR45: 0 | BS45: 0 | BT45: 0 | BU45: 0 | BV45: 0 | BW45: 0 | BX45: 0 | BY45: 0 | BZ45: 0 | CA45: 0 | CB45: 0 | CC45: 0 | CD45: 0 | CE45: 0 | CF45: 0 | CG45: 0 | CH45: 0 | CI45: 0 | CJ45: 0 | CK45: 0 | CL45: 0 | CM45: 0 | CN45: 0 | CO45: 0 | CP45: 0 | CQ45: 0 | CR45: 0 | CS45: 0 | CT45: 0 | CU45: 0 | CV45: 0 | CW45: 0 | CX45: 0 | CY45: 0 | CZ45: 0 | DA45: 0 | DB45: 0 | DC45: 0 | DD45: 0 | DE45: 0 | DF45: 0 | DG45: 0 | DH45: 0 | DI45: 0 | DJ45: 0 | DK45: 0 | DL45: 0 | DM45: 0 | DN45: 0 | DO45: 0 | DP45: 0 | DQ45: 0 | DR45: 0 | DS45: 0 | DT45: =SUM(X45:DR45) -> 67293.246 | DU45: =+O45-DT45 -> 0 | DW45: =O45=DT45 -> TRUE
A46: Casa 030 | C46: A | E46: =$E$35 -> 52.44 | F46: =$F$33 -> 1.08 | G46: =+E46+F46 -> 53.52 | H46: =$H$35 -> 9.06 | I46: =$I$17 -> 149.1 | J46: =H46*I46 -> 1350.846 | K46: P038 | L46: Cercana | M46: 6000 | N46: =+$N$35 -> 1120 | O46: =+ROUND((G46*N46),2)+J46+M46 -> 67293.246 | P46: =O46/(G46) -> 1257.3476 | Q46: 0.01 | R46: =O46*Q46 -> 672.93246 | S46: 0.04 | T46: =O46*S46 -> 2691.7298 | U46: =COUNTIF(X46:DS46,">0")-2 -> 1 | V46: 0.95 | W46: =+O46*V46 -> 63928.584 | AF46: =+$R46 -> 672.93246 | AG46: =+$T46/1 -> 2691.7298 | AH46: =+$W46 -> 63928.584 | AI46: 0 | AJ46: 0 | AK46: 0 | AL46: 0 | AM46: 0 | AN46: 0 | AO46: 0 | AP46: 0 | AQ46: 0 | AR46: 0 | AS46: 0 | AT46: 0 | AU46: 0 | AV46: 0 | AW46: 0 | AX46: 0 | AY46: 0 | AZ46: 0 | BA46: 0 | BB46: 0 | BC46: 0 | BD46: 0 | BE46: 0 | BF46: 0 | BG46: 0 | BH46: 0 | BI46: 0 | BJ46: 0 | BK46: 0 | BL46: 0 | BM46: 0 | BN46: 0 | BO46: 0 | BP46: 0 | BQ46: 0 | BR46: 0 | BS46: 0 | BT46: 0 | BU46: 0 | BV46: 0 | BW46: 0 | BX46: 0 | BY46: 0 | BZ46: 0 | CA46: 0 | CB46: 0 | CC46: 0 | CD46: 0 | CE46: 0 | CF46: 0 | CG46: 0 | CH46: 0 | CI46: 0 | CJ46: 0 | CK46: 0 | CL46: 0 | CM46: 0 | CN46: 0 | CO46: 0 | CP46: 0 | CQ46: 0 | CR46: 0 | CS46: 0 | CT46: 0 | CU46: 0 | CV46: 0 | CW46: 0 | CX46: 0 | CY46: 0 | CZ46: 0 | DA46: 0 | DB46: 0 | DC46: 0 | DD46: 0 | DE46: 0 | DF46: 0 | DG46: 0 | DH46: 0 | DI46: 0 | DJ46: 0 | DK46: 0 | DL46: 0 | DM46: 0 | DN46: 0 | DO46: 0 | DP46: 0 | DQ46: 0 | DR46: 0 | DS46: 0 | DT46: =SUM(X46:DR46) -> 67293.246 | DU46: =+O46-DT46 -> 0 | DW46: =O46=DT46 -> TRUE
A47: Casa 031 | C47: A | E47: =$E$35 -> 52.44 | F47: =$F$33 -> 1.08 | G47: =+E47+F47 -> 53.52 | H47: =$H$35 -> 9.06 | I47: =$I$17 -> 149.1 | J47: =H47*I47 -> 1350.846 | K47: P039 | L47: Cercana | M47: 6000 | N47: =+$N$35 -> 1120 | O47: =+ROUND((G47*N47),2)+J47+M47 -> 67293.246 | P47: =O47/(G47) -> 1257.3476 | Q47: 0.01 | R47: =O47*Q47 -> 672.93246 | S47: 0.04 | T47: =O47*S47 -> 2691.7298 | U47: =COUNTIF(X47:DS47,">0")-2 -> 5 | V47: 0.95 | W47: =+O47*V47 -> 63928.584 | AF47: =+$R47 -> 672.93246 | AG47: =+$T47/5 -> 538.34597 | AH47: =+AG47 -> 538.34597 | AI47: =+AH47 -> 538.34597 | AJ47: =+AI47 -> 538.34597 | AK47: =+AJ47 -> 538.34597 | AL47: =+$W47 -> 63928.584 | AM47: 0 | AN47: 0 | AO47: 0 | AP47: 0 | AQ47: 0 | AR47: 0 | AS47: 0 | AT47: 0 | AU47: 0 | AV47: 0 | AW47: 0 | AX47: 0 | AY47: 0 | AZ47: 0 | BA47: 0 | BB47: 0 | BC47: 0 | BD47: 0 | BE47: 0 | BF47: 0 | BG47: 0 | BH47: 0 | BI47: 0 | BJ47: 0 | BK47: 0 | BL47: 0 | BM47: 0 | BN47: 0 | BO47: 0 | BP47: 0 | BQ47: 0 | BR47: 0 | BS47: 0 | BT47: 0 | BU47: 0 | BV47: 0 | BW47: 0 | BX47: 0 | BY47: 0 | BZ47: 0 | CA47: 0 | CB47: 0 | CC47: 0 | CD47: 0 | CE47: 0 | CF47: 0 | CG47: 0 | CH47: 0 | CI47: 0 | CJ47: 0 | CK47: 0 | CL47: 0 | CM47: 0 | CN47: 0 | CO47: 0 | CP47: 0 | CQ47: 0 | CR47: 0 | CS47: 0 | CT47: 0 | CU47: 0 | CV47: 0 | CW47: 0 | CX47: 0 | CY47: 0 | CZ47: 0 | DA47: 0 | DB47: 0 | DC47: 0 | DD47: 0 | DE47: 0 | DF47: 0 | DG47: 0 | DH47: 0 | DI47: 0 | DJ47: 0 | DK47: 0 | DL47: 0 | DM47: 0 | DN47: 0 | DO47: 0 | DP47: 0 | DQ47: 0 | DR47: 0 | DS47: 0 | DT47: =SUM(X47:DR47) -> 67293.246 | DU47: =+O47-DT47 -> 0 | DW47: =O47=DT47 -> TRUE
A48: Casa 032 | C48: A | E48: =$E$35 -> 52.44 | F48: =$F$33 -> 1.08 | G48: =+E48+F48 -> 53.52 | H48: =$H$35 -> 9.06 | I48: =$I$17 -> 149.1 | J48: =H48*I48 -> 1350.846 | K48: P065 | L48: En Isla | M48: 5000 | N48: =+$N$35 -> 1120 | O48: =+ROUND((G48*N48),2)+J48+M48 -> 66293.246 | P48: =O48/(G48) -> 1238.663 | Q48: 0.01 | R48: =O48*Q48 -> 662.93246 | S48: 0.04 | T48: =O48*S48 -> 2651.7298 | U48: =COUNTIF(X48:DS48,">0")-2 -> 3 | V48: 0.95 | W48: =+O48*V48 -> 62978.584 | AG48: =+$R48 -> 662.93246 | AH48: =+$T48/3 -> 883.90995 | AI48: =+AH48 -> 883.90995 | AJ48: =+AI48 -> 883.90995 | AK48: =+$W48 -> 62978.584 | AL48: 0 | AM48: 0 | AN48: 0 | AO48: 0 | AP48: 0 | AQ48: 0 | AR48: 0 | AS48: 0 | AT48: 0 | AU48: 0 | AV48: 0 | AW48: 0 | AX48: 0 | AY48: 0 | AZ48: 0 | BA48: 0 | BB48: 0 | BC48: 0 | BD48: 0 | BE48: 0 | BF48: 0 | BG48: 0 | BH48: 0 | BI48: 0 | BJ48: 0 | BK48: 0 | BL48: 0 | BM48: 0 | BN48: 0 | BO48: 0 | BP48: 0 | BQ48: 0 | BR48: 0 | BS48: 0 | BT48: 0 | BU48: 0 | BV48: 0 | BW48: 0 | BX48: 0 | BY48: 0 | BZ48: 0 | CA48: 0 | CB48: 0 | CC48: 0 | CD48: 0 | CE48: 0 | CF48: 0 | CG48: 0 | CH48: 0 | CI48: 0 | CJ48: 0 | CK48: 0 | CL48: 0 | CM48: 0 | CN48: 0 | CO48: 0 | CP48: 0 | CQ48: 0 | CR48: 0 | CS48: 0 | CT48: 0 | CU48: 0 | CV48: 0 | CW48: 0 | CX48: 0 | CY48: 0 | CZ48: 0 | DA48: 0 | DB48: 0 | DC48: 0 | DD48: 0 | DE48: 0 | DF48: 0 | DG48: 0 | DH48: 0 | DI48: 0 | DJ48: 0 | DK48: 0 | DL48: 0 | DM48: 0 | DN48: 0 | DO48: 0 | DP48: 0 | DQ48: 0 | DR48: 0 | DS48: 0 | DT48: =SUM(X48:DR48) -> 66293.246 | DU48: =+O48-DT48 -> 0 | DW48: =O48=DT48 -> TRUE
A49: Casa 033 | C49: A | E49: =$E$35 -> 52.44 | F49: =$F$33 -> 1.08 | G49: =+E49+F49 -> 53.52 | H49: =$H$35 -> 9.06 | I49: =$I$17 -> 149.1 | J49: =H49*I49 -> 1350.846 | K49: P041 | L49: Cercana | M49: 6000 | N49: =+$N$35 -> 1120 | O49: =+ROUND((G49*N49),2)+J49+M49 -> 67293.246 | P49: =O49/(G49) -> 1257.3476 | Q49: 0.01 | R49: =O49*Q49 -> 672.93246 | S49: 0.04 | T49: =O49*S49 -> 2691.7298 | U49: =COUNTIF(X49:DS49,">0")-2 -> 1 | V49: 0.95 | W49: =+O49*V49 -> 63928.584 | AG49: =+$R49 -> 672.93246 | AH49: =+$T49/1 -> 2691.7298 | AI49: =+$W49 -> 63928.584 | AJ49: 0 | AK49: 0 | AL49: 0 | AM49: 0 | AN49: 0 | AO49: 0 | AP49: 0 | AQ49: 0 | AR49: 0 | AS49: 0 | AT49: 0 | AU49: 0 | AV49: 0 | AW49: 0 | AX49: 0 | AY49: 0 | AZ49: 0 | BA49: 0 | BB49: 0 | BC49: 0 | BD49: 0 | BE49: 0 | BF49: 0 | BG49: 0 | BH49: 0 | BI49: 0 | BJ49: 0 | BK49: 0 | BL49: 0 | BM49: 0 | BN49: 0 | BO49: 0 | BP49: 0 | BQ49: 0 | BR49: 0 | BS49: 0 | BT49: 0 | BU49: 0 | BV49: 0 | BW49: 0 | BX49: 0 | BY49: 0 | BZ49: 0 | CA49: 0 | CB49: 0 | CC49: 0 | CD49: 0 | CE49: 0 | CF49: 0 | CG49: 0 | CH49: 0 | CI49: 0 | CJ49: 0 | CK49: 0 | CL49: 0 | CM49: 0 | CN49: 0 | CO49: 0 | CP49: 0 | CQ49: 0 | CR49: 0 | CS49: 0 | CT49: 0 | CU49: 0 | CV49: 0 | CW49: 0 | CX49: 0 | CY49: 0 | CZ49: 0 | DA49: 0 | DB49: 0 | DC49: 0 | DD49: 0 | DE49: 0 | DF49: 0 | DG49: 0 | DH49: 0 | DI49: 0 | DJ49: 0 | DK49: 0 | DL49: 0 | DM49: 0 | DN49: 0 | DO49: 0 | DP49: 0 | DQ49: 0 | DR49: 0 | DS49: 0 | DT49: =SUM(X49:DR49) -> 67293.246 | DU49: =+O49-DT49 -> 0 | DW49: =O49=DT49 -> TRUE
A50: Casa 034 | C50: A | E50: =$E$35 -> 52.44 | F50: =$F$33 -> 1.08 | G50: =+E50+F50 -> 53.52 | H50: =$H$35 -> 9.06 | I50: =$I$17 -> 149.1 | J50: =H50*I50 -> 1350.846 | K50: P042 | L50: Cercana | M50: 6000 | N50: =+$N$35 -> 1120 | O50: =+ROUND((G50*N50),2)+J50+M50 -> 67293.246 | P50: =O50/(G50) -> 1257.3476 | Q50: 0.01 | R50: =O50*Q50 -> 672.93246 | S50: 0.04 | T50: =O50*S50 -> 2691.7298 | U50: =COUNTIF(X50:DS50,">0")-2 -> 5 | V50: 0.95 | W50: =+O50*V50 -> 63928.584 | AH50: =+$R50 -> 672.93246 | AI50: =+$T50/5 -> 538.34597 | AJ50: =+AI50 -> 538.34597 | AK50: =+AJ50 -> 538.34597 | AL50: =+AK50 -> 538.34597 | AM50: =+AL50 -> 538.34597 | AN50: =+$W50 -> 63928.584 | AO50: 0 | AP50: 0 | AQ50: 0 | AR50: 0 | AS50: 0 | AT50: 0 | AU50: 0 | AV50: 0 | AW50: 0 | AX50: 0 | AY50: 0 | AZ50: 0 | BA50: 0 | BB50: 0 | BC50: 0 | BD50: 0 | BE50: 0 | BF50: 0 | BG50: 0 | BH50: 0 | BI50: 0 | BJ50: 0 | BK50: 0 | BL50: 0 | BM50: 0 | BN50: 0 | BO50: 0 | BP50: 0 | BQ50: 0 | BR50: 0 | BS50: 0 | BT50: 0 | BU50: 0 | BV50: 0 | BW50: 0 | BX50: 0 | BY50: 0 | BZ50: 0 | CA50: 0 | CB50: 0 | CC50: 0 | CD50: 0 | CE50: 0 | CF50: 0 | CG50: 0 | CH50: 0 | CI50: 0 | CJ50: 0 | CK50: 0 | CL50: 0 | CM50: 0 | CN50: 0 | CO50: 0 | CP50: 0 | CQ50: 0 | CR50: 0 | CS50: 0 | CT50: 0 | CU50: 0 | CV50: 0 | CW50: 0 | CX50: 0 | CY50: 0 | CZ50: 0 | DA50: 0 | DB50: 0 | DC50: 0 | DD50: 0 | DE50: 0 | DF50: 0 | DG50: 0 | DH50: 0 | DI50: 0 | DJ50: 0 | DK50: 0 | DL50: 0 | DM50: 0 | DN50: 0 | DO50: 0 | DP50: 0 | DQ50: 0 | DR50: 0 | DS50: 0 | DT50: =SUM(X50:DR50) -> 67293.246 | DU50: =+O50-DT50 -> 0 | DW50: =O50=DT50 -> TRUE
A51: Casa 035 | C51: B | E51: =$E$33 -> 74.01 | F51: =$F$33 -> 1.08 | G51: =+E51+F51 -> 75.09 | H51: =$H$33 -> 9.06 | I51: =$I$17 -> 149.1 | J51: =H51*I51 -> 1350.846 | K51: P061 | L51: En Isla | M51: 5000 | N51: =N17 -> 994 | O51: =+ROUND((G51*N51),2)+J51+M51 -> 80990.306 | P51: =O51/(G51) -> 1078.5765 | Q51: 0.01 | R51: =O51*Q51 -> 809.90306 | S51: 0.04 | T51: =O51*S51 -> 3239.6122 | U51: =COUNTIF(X51:DS51,">0")-2 -> 5 | V51: 0.95 | W51: =+O51*V51 -> 76940.791 | Y51: =+$R51 -> 809.90306 | Z51: =+$T51/5 -> 647.92245 | AA51: =+$T51/5 -> 647.92245 | AB51: =+$T51/5 -> 647.92245 | AC51: =+$T51/5 -> 647.92245 | AD51: =+$T51/5 -> 647.92245 | AE51: =+$W51 -> 76940.791 | AF51: 0 | AG51: 0 | AH51: 0 | AI51: 0 | AJ51: 0 | AK51: 0 | AL51: 0 | AM51: 0 | AN51: 0 | AO51: 0 | AP51: 0 | AQ51: 0 | AR51: 0 | AS51: 0 | AT51: 0 | AU51: 0 | AV51: 0 | AW51: 0 | AX51: 0 | AY51: 0 | AZ51: 0 | BA51: 0 | BB51: 0 | BC51: 0 | BD51: 0 | BE51: 0 | BF51: 0 | BG51: 0 | BH51: 0 | BI51: 0 | BJ51: 0 | BK51: 0 | BL51: 0 | BM51: 0 | BN51: 0 | BO51: 0 | BP51: 0 | BQ51: 0 | BR51: 0 | BS51: 0 | BT51: 0 | BU51: 0 | BV51: 0 | BW51: 0 | BX51: 0 | BY51: 0 | BZ51: 0 | CA51: 0 | CB51: 0 | CC51: 0 | CD51: 0 | CE51: 0 | CF51: 0 | CG51: 0 | CH51: 0 | CI51: 0 | CJ51: 0 | CK51: 0 | CL51: 0 | CM51: 0 | CN51: 0 | CO51: 0 | CP51: 0 | CQ51: 0 | CR51: 0 | CS51: 0 | CT51: 0 | CU51: 0 | CV51: 0 | CW51: 0 | CX51: 0 | CY51: 0 | CZ51: 0 | DA51: 0 | DB51: 0 | DC51: 0 | DD51: 0 | DE51: 0 | DF51: 0 | DG51: 0 | DH51: 0 | DI51: 0 | DJ51: 0 | DK51: 0 | DL51: 0 | DM51: 0 | DN51: 0 | DO51: 0 | DP51: 0 | DQ51: 0 | DR51: 0 | DS51: 0 | DT51: =SUM(X51:DR51) -> 80990.306 | DU51: =+O51-DT51 -> 0 | DW51: =O51=DT51 -> TRUE
A52: Casa 036 | C52: B | E52: =$E$51 -> 74.01 | F52: =$F$51 -> 1.08 | G52: =+E52+F52 -> 75.09 | H52: =$H$51 -> 9.06 | I52: =$I$17 -> 149.1 | J52: =H52*I52 -> 1350.846 | K52: P062 | L52: En Isla | M52: 5000 | N52: =+$N$51 -> 994 | O52: =+ROUND((G52*N52),2)+J52+M52 -> 80990.306 | P52: =O52/(G52) -> 1078.5765 | Q52: 0.01 | R52: =O52*Q52 -> 809.90306 | S52: 0.04 | T52: =O52*S52 -> 3239.6122 | U52: =COUNTIF(X52:DS52,">0")-2 -> 5 | V52: 0.95 | W52: =+O52*V52 -> 76940.791 | Z52: =+$R52 -> 809.90306 | AA52: =+$T52/5 -> 647.92245 | AB52: =+AA52 -> 647.92245 | AC52: =+AB52 -> 647.92245 | AD52: =+AC52 -> 647.92245 | AE52: =+AD52 -> 647.92245 | AF52: =+$W52 -> 76940.791 | AG52: 0 | AH52: 0 | AI52: 0 | AJ52: 0 | AK52: 0 | AL52: 0 | AM52: 0 | AN52: 0 | AO52: 0 | AP52: 0 | AQ52: 0 | AR52: 0 | AS52: 0 | AT52: 0 | AU52: 0 | AV52: 0 | AW52: 0 | AX52: 0 | AY52: 0 | AZ52: 0 | BA52: 0 | BB52: 0 | BC52: 0 | BD52: 0 | BE52: 0 | BF52: 0 | BG52: 0 | BH52: 0 | BI52: 0 | BJ52: 0 | BK52: 0 | BL52: 0 | BM52: 0 | BN52: 0 | BO52: 0 | BP52: 0 | BQ52: 0 | BR52: 0 | BS52: 0 | BT52: 0 | BU52: 0 | BV52: 0 | BW52: 0 | BX52: 0 | BY52: 0 | BZ52: 0 | CA52: 0 | CB52: 0 | CC52: 0 | CD52: 0 | CE52: 0 | CF52: 0 | CG52: 0 | CH52: 0 | CI52: 0 | CJ52: 0 | CK52: 0 | CL52: 0 | CM52: 0 | CN52: 0 | CO52: 0 | CP52: 0 | CQ52: 0 | CR52: 0 | CS52: 0 | CT52: 0 | CU52: 0 | CV52: 0 | CW52: 0 | CX52: 0 | CY52: 0 | CZ52: 0 | DA52: 0 | DB52: 0 | DC52: 0 | DD52: 0 | DE52: 0 | DF52: 0 | DG52: 0 | DH52: 0 | DI52: 0 | DJ52: 0 | DK52: 0 | DL52: 0 | DM52: 0 | DN52: 0 | DO52: 0 | DP52: 0 | DQ52: 0 | DR52: 0 | DS52: 0 | DT52: =SUM(X52:DR52) -> 80990.306 | DU52: =+O52-DT52 -> 0 | DW52: =O52=DT52 -> TRUE
A53: Casa 037 | C53: B | E53: =$E$51 -> 74.01 | F53: =$F$51 -> 1.08 | G53: =+E53+F53 -> 75.09 | H53: =$H$51 -> 9.06 | I53: =$I$17 -> 149.1 | J53: =H53*I53 -> 1350.846 | K53: P063 | L53: En Isla | M53: 5000 | N53: =+$N$51 -> 994 | O53: =+ROUND((G53*N53),2)+J53+M53 -> 80990.306 | P53: =O53/(G53) -> 1078.5765 | Q53: 0.01 | R53: =O53*Q53 -> 809.90306 | S53: 0.04 | T53: =O53*S53 -> 3239.6122 | U53: =COUNTIF(X53:DS53,">0")-2 -> 3 | V53: 0.95 | W53: =+O53*V53 -> 76940.791 | Z53: =+$R53 -> 809.90306 | AA53: =+$T53/3 -> 1079.8707 | AB53: =+AA53 -> 1079.8707 | AC53: =+AB53 -> 1079.8707 | AD53: =+$W53 -> 76940.791 | AE53: 0 | AF53: 0 | AG53: 0 | AH53: 0 | AI53: 0 | AJ53: 0 | AK53: 0 | AL53: 0 | AM53: 0 | AN53: 0 | AO53: 0 | AP53: 0 | AQ53: 0 | AR53: 0 | AS53: 0 | AT53: 0 | AU53: 0 | AV53: 0 | AW53: 0 | AX53: 0 | AY53: 0 | AZ53: 0 | BA53: 0 | BB53: 0 | BC53: 0 | BD53: 0 | BE53: 0 | BF53: 0 | BG53: 0 | BH53: 0 | BI53: 0 | BJ53: 0 | BK53: 0 | BL53: 0 | BM53: 0 | BN53: 0 | BO53: 0 | BP53: 0 | BQ53: 0 | BR53: 0 | BS53: 0 | BT53: 0 | BU53: 0 | BV53: 0 | BW53: 0 | BX53: 0 | BY53: 0 | BZ53: 0 | CA53: 0 | CB53: 0 | CC53: 0 | CD53: 0 | CE53: 0 | CF53: 0 | CG53: 0 | CH53: 0 | CI53: 0 | CJ53: 0 | CK53: 0 | CL53: 0 | CM53: 0 | CN53: 0 | CO53: 0 | CP53: 0 | CQ53: 0 | CR53: 0 | CS53: 0 | CT53: 0 | CU53: 0 | CV53: 0 | CW53: 0 | CX53: 0 | CY53: 0 | CZ53: 0 | DA53: 0 | DB53: 0 | DC53: 0 | DD53: 0 | DE53: 0 | DF53: 0 | DG53: 0 | DH53: 0 | DI53: 0 | DJ53: 0 | DK53: 0 | DL53: 0 | DM53: 0 | DN53: 0 | DO53: 0 | DP53: 0 | DQ53: 0 | DR53: 0 | DS53: 0 | DT53: =SUM(X53:DR53) -> 80990.306 | DU53: =+O53-DT53 -> 0 | DW53: =O53=DT53 -> TRUE
A54: Casa 038 | C54: B | E54: =$E$51 -> 74.01 | F54: =$F$51 -> 1.08 | G54: =+E54+F54 -> 75.09 | H54: =$H$51 -> 9.06 | I54: =$I$17 -> 149.1 | J54: =H54*I54 -> 1350.846 | K54: P064 | L54: En Isla | M54: 5000 | N54: =+$N$51 -> 994 | O54: =+ROUND((G54*N54),2)+J54+M54 -> 80990.306 | P54: =O54/(G54) -> 1078.5765 | Q54: 0.01 | R54: =O54*Q54 -> 809.90306 | S54: 0.04 | T54: =O54*S54 -> 3239.6122 | U54: =COUNTIF(X54:DS54,">0")-2 -> 5 | V54: 0.95 | W54: =+O54*V54 -> 76940.791 | AA54: =+$R54 -> 809.90306 | AB54: =+$T54/5 -> 647.92245 | AC54: =+AB54 -> 647.92245 | AD54: =+AC54 -> 647.92245 | AE54: =+AD54 -> 647.92245 | AF54: =+AE54 -> 647.92245 | AG54: =+$W54 -> 76940.791 | AH54: 0 | AI54: 0 | AJ54: 0 | AK54: 0 | AL54: 0 | AM54: 0 | AN54: 0 | AO54: 0 | AP54: 0 | AQ54: 0 | AR54: 0 | AS54: 0 | AT54: 0 | AU54: 0 | AV54: 0 | AW54: 0 | AX54: 0 | AY54: 0 | AZ54: 0 | BA54: 0 | BB54: 0 | BC54: 0 | BD54: 0 | BE54: 0 | BF54: 0 | BG54: 0 | BH54: 0 | BI54: 0 | BJ54: 0 | BK54: 0 | BL54: 0 | BM54: 0 | BN54: 0 | BO54: 0 | BP54: 0 | BQ54: 0 | BR54: 0 | BS54: 0 | BT54: 0 | BU54: 0 | BV54: 0 | BW54: 0 | BX54: 0 | BY54: 0 | BZ54: 0 | CA54: 0 | CB54: 0 | CC54: 0 | CD54: 0 | CE54: 0 | CF54: 0 | CG54: 0 | CH54: 0 | CI54: 0 | CJ54: 0 | CK54: 0 | CL54: 0 | CM54: 0 | CN54: 0 | CO54: 0 | CP54: 0 | CQ54: 0 | CR54: 0 | CS54: 0 | CT54: 0 | CU54: 0 | CV54: 0 | CW54: 0 | CX54: 0 | CY54: 0 | CZ54: 0 | DA54: 0 | DB54: 0 | DC54: 0 | DD54: 0 | DE54: 0 | DF54: 0 | DG54: 0 | DH54: 0 | DI54: 0 | DJ54: 0 | DK54: 0 | DL54: 0 | DM54: 0 | DN54: 0 | DO54: 0 | DP54: 0 | DQ54: 0 | DR54: 0 | DS54: 0 | DT54: =SUM(X54:DR54) -> 80990.306 | DU54: =+O54-DT54 -> 0 | DW54: =O54=DT54 -> TRUE
A55: Casa 039 | C55: B | E55: =$E$51 -> 74.01 | F55: =$F$51 -> 1.08 | G55: =+E55+F55 -> 75.09 | H55: =$H$51 -> 9.06 | I55: =$I$17 -> 149.1 | J55: =H55*I55 -> 1350.846 | K55: P060 | L55: En Isla | M55: 5000 | N55: =+$N$51 -> 994 | O55: =+ROUND((G55*N55),2)+J55+M55 -> 80990.306 | P55: =O55/(G55) -> 1078.5765 | Q55: 0.01 | R55: =O55*Q55 -> 809.90306 | S55: 0.04 | T55: =O55*S55 -> 3239.6122 | U55: =COUNTIF(X55:DS55,">0")-2 -> 3 | V55: 0.95 | W55: =+O55*V55 -> 76940.791 | AA55: =+$R55 -> 809.90306 | AB55: =+$T55/3 -> 1079.8707 | AC55: =+AB55 -> 1079.8707 | AD55: =+AC55 -> 1079.8707 | AE55: =+$W55 -> 76940.791 | AF55: 0 | AG55: 0 | AH55: 0 | AI55: 0 | AJ55: 0 | AK55: 0 | AL55: 0 | AM55: 0 | AN55: 0 | AO55: 0 | AP55: 0 | AQ55: 0 | AR55: 0 | AS55: 0 | AT55: 0 | AU55: 0 | AV55: 0 | AW55: 0 | AX55: 0 | AY55: 0 | AZ55: 0 | BA55: 0 | BB55: 0 | BC55: 0 | BD55: 0 | BE55: 0 | BF55: 0 | BG55: 0 | BH55: 0 | BI55: 0 | BJ55: 0 | BK55: 0 | BL55: 0 | BM55: 0 | BN55: 0 | BO55: 0 | BP55: 0 | BQ55: 0 | BR55: 0 | BS55: 0 | BT55: 0 | BU55: 0 | BV55: 0 | BW55: 0 | BX55: 0 | BY55: 0 | BZ55: 0 | CA55: 0 | CB55: 0 | CC55: 0 | CD55: 0 | CE55: 0 | CF55: 0 | CG55: 0 | CH55: 0 | CI55: 0 | CJ55: 0 | CK55: 0 | CL55: 0 | CM55: 0 | CN55: 0 | CO55: 0 | CP55: 0 | CQ55: 0 | CR55: 0 | CS55: 0 | CT55: 0 | CU55: 0 | CV55: 0 | CW55: 0 | CX55: 0 | CY55: 0 | CZ55: 0 | DA55: 0 | DB55: 0 | DC55: 0 | DD55: 0 | DE55: 0 | DF55: 0 | DG55: 0 | DH55: 0 | DI55: 0 | DJ55: 0 | DK55: 0 | DL55: 0 | DM55: 0 | DN55: 0 | DO55: 0 | DP55: 0 | DQ55: 0 | DR55: 0 | DS55: 0 | DT55: =SUM(X55:DR55) -> 80990.306 | DU55: =+O55-DT55 -> 0 | DW55: =O55=DT55 -> TRUE
A56: Casa 040 | C56: B | E56: =$E$51 -> 74.01 | F56: =$F$51 -> 1.08 | G56: =+E56+F56 -> 75.09 | H56: =$H$51 -> 9.06 | I56: =$I$17 -> 149.1 | J56: =H56*I56 -> 1350.846 | K56: P046 | L56: Cercana | M56: 6000 | N56: =+$N$51 -> 994 | O56: =+ROUND((G56*N56),2)+J56+M56 -> 81990.306 | P56: =O56/(G56) -> 1091.8938 | Q56: 0.01 | R56: =O56*Q56 -> 819.90306 | S56: 0.04 | T56: =O56*S56 -> 3279.6122 | U56: =COUNTIF(X56:DS56,">0")-2 -> 5 | V56: 0.95 | W56: =+O56*V56 -> 77890.791 | AB56: =+$R56 -> 819.90306 | AC56: =+$T56/5 -> 655.92245 | AD56: =+AC56 -> 655.92245 | AE56: =+AD56 -> 655.92245 | AF56: =+AE56 -> 655.92245 | AG56: =+AF56 -> 655.92245 | AH56: =+$W56 -> 77890.791 | AI56: 0 | AJ56: 0 | AK56: 0 | AL56: 0 | AM56: 0 | AN56: 0 | AO56: 0 | AP56: 0 | AQ56: 0 | AR56: 0 | AS56: 0 | AT56: 0 | AU56: 0 | AV56: 0 | AW56: 0 | AX56: 0 | AY56: 0 | AZ56: 0 | BA56: 0 | BB56: 0 | BC56: 0 | BD56: 0 | BE56: 0 | BF56: 0 | BG56: 0 | BH56: 0 | BI56: 0 | BJ56: 0 | BK56: 0 | BL56: 0 | BM56: 0 | BN56: 0 | BO56: 0 | BP56: 0 | BQ56: 0 | BR56: 0 | BS56: 0 | BT56: 0 | BU56: 0 | BV56: 0 | BW56: 0 | BX56: 0 | BY56: 0 | BZ56: 0 | CA56: 0 | CB56: 0 | CC56: 0 | CD56: 0 | CE56: 0 | CF56: 0 | CG56: 0 | CH56: 0 | CI56: 0 | CJ56: 0 | CK56: 0 | CL56: 0 | CM56: 0 | CN56: 0 | CO56: 0 | CP56: 0 | CQ56: 0 | CR56: 0 | CS56: 0 | CT56: 0 | CU56: 0 | CV56: 0 | CW56: 0 | CX56: 0 | CY56: 0 | CZ56: 0 | DA56: 0 | DB56: 0 | DC56: 0 | DD56: 0 | DE56: 0 | DF56: 0 | DG56: 0 | DH56: 0 | DI56: 0 | DJ56: 0 | DK56: 0 | DL56: 0 | DM56: 0 | DN56: 0 | DO56: 0 | DP56: 0 | DQ56: 0 | DR56: 0 | DS56: 0 | DT56: =SUM(X56:DR56) -> 81990.306 | DU56: =+O56-DT56 -> 0 | DW56: =O56=DT56 -> TRUE
A57: Casa 041 | C57: B | E57: =$E$51 -> 74.01 | F57: =$F$51 -> 1.08 | G57: =+E57+F57 -> 75.09 | H57: =$H$51 -> 9.06 | I57: =$I$17 -> 149.1 | J57: =H57*I57 -> 1350.846 | K57: P047 | L57: Cercana | M57: 6000 | N57: =+$N$51 -> 994 | O57: =+ROUND((G57*N57),2)+J57+M57 -> 81990.306 | P57: =O57/(G57) -> 1091.8938 | Q57: 0.01 | R57: =O57*Q57 -> 819.90306 | S57: 0.04 | T57: =O57*S57 -> 3279.6122 | U57: =COUNTIF(X57:DS57,">0")-2 -> 3 | V57: 0.95 | W57: =+O57*V57 -> 77890.791 | AB57: =+$R57 -> 819.90306 | AC57: =+$T57/3 -> 1093.2041 | AD57: =+AC57 -> 1093.2041 | AE57: =+AD57 -> 1093.2041 | AF57: =+$W57 -> 77890.791 | AG57: 0 | AH57: 0 | AI57: 0 | AJ57: 0 | AK57: 0 | AL57: 0 | AM57: 0 | AN57: 0 | AO57: 0 | AP57: 0 | AQ57: 0 | AR57: 0 | AS57: 0 | AT57: 0 | AU57: 0 | AV57: 0 | AW57: 0 | AX57: 0 | AY57: 0 | AZ57: 0 | BA57: 0 | BB57: 0 | BC57: 0 | BD57: 0 | BE57: 0 | BF57: 0 | BG57: 0 | BH57: 0 | BI57: 0 | BJ57: 0 | BK57: 0 | BL57: 0 | BM57: 0 | BN57: 0 | BO57: 0 | BP57: 0 | BQ57: 0 | BR57: 0 | BS57: 0 | BT57: 0 | BU57: 0 | BV57: 0 | BW57: 0 | BX57: 0 | BY57: 0 | BZ57: 0 | CA57: 0 | CB57: 0 | CC57: 0 | CD57: 0 | CE57: 0 | CF57: 0 | CG57: 0 | CH57: 0 | CI57: 0 | CJ57: 0 | CK57: 0 | CL57: 0 | CM57: 0 | CN57: 0 | CO57: 0 | CP57: 0 | CQ57: 0 | CR57: 0 | CS57: 0 | CT57: 0 | CU57: 0 | CV57: 0 | CW57: 0 | CX57: 0 | CY57: 0 | CZ57: 0 | DA57: 0 | DB57: 0 | DC57: 0 | DD57: 0 | DE57: 0 | DF57: 0 | DG57: 0 | DH57: 0 | DI57: 0 | DJ57: 0 | DK57: 0 | DL57: 0 | DM57: 0 | DN57: 0 | DO57: 0 | DP57: 0 | DQ57: 0 | DR57: 0 | DS57: 0 | DT57: =SUM(X57:DR57) -> 81990.306 | DU57: =+O57-DT57 -> 0 | DW57: =O57=DT57 -> TRUE
A58: Casa 042 | C58: B | E58: =$E$51 -> 74.01 | F58: =$F$51 -> 1.08 | G58: =+E58+F58 -> 75.09 | H58: =$H$51 -> 9.06 | I58: =$I$17 -> 149.1 | J58: =H58*I58 -> 1350.846 | K58: P048 | L58: Cercana | M58: 6000 | N58: =+$N$51 -> 994 | O58: =+ROUND((G58*N58),2)+J58+M58 -> 81990.306 | P58: =O58/(G58) -> 1091.8938 | Q58: 0.01 | R58: =O58*Q58 -> 819.90306 | S58: 0.04 | T58: =O58*S58 -> 3279.6122 | U58: =COUNTIF(X58:DS58,">0")-2 -> 5 | V58: 0.95 | W58: =+O58*V58 -> 77890.791 | AC58: =+$R58 -> 819.90306 | AD58: =+$T58/5 -> 655.92245 | AE58: =+AD58 -> 655.92245 | AF58: =+AE58 -> 655.92245 | AG58: =+AF58 -> 655.92245 | AH58: =+AG58 -> 655.92245 | AI58: =+$W58 -> 77890.791 | AJ58: 0 | AK58: 0 | AL58: 0 | AM58: 0 | AN58: 0 | AO58: 0 | AP58: 0 | AQ58: 0 | AR58: 0 | AS58: 0 | AT58: 0 | AU58: 0 | AV58: 0 | AW58: 0 | AX58: 0 | AY58: 0 | AZ58: 0 | BA58: 0 | BB58: 0 | BC58: 0 | BD58: 0 | BE58: 0 | BF58: 0 | BG58: 0 | BH58: 0 | BI58: 0 | BJ58: 0 | BK58: 0 | BL58: 0 | BM58: 0 | BN58: 0 | BO58: 0 | BP58: 0 | BQ58: 0 | BR58: 0 | BS58: 0 | BT58: 0 | BU58: 0 | BV58: 0 | BW58: 0 | BX58: 0 | BY58: 0 | BZ58: 0 | CA58: 0 | CB58: 0 | CC58: 0 | CD58: 0 | CE58: 0 | CF58: 0 | CG58: 0 | CH58: 0 | CI58: 0 | CJ58: 0 | CK58: 0 | CL58: 0 | CM58: 0 | CN58: 0 | CO58: 0 | CP58: 0 | CQ58: 0 | CR58: 0 | CS58: 0 | CT58: 0 | CU58: 0 | CV58: 0 | CW58: 0 | CX58: 0 | CY58: 0 | CZ58: 0 | DA58: 0 | DB58: 0 | DC58: 0 | DD58: 0 | DE58: 0 | DF58: 0 | DG58: 0 | DH58: 0 | DI58: 0 | DJ58: 0 | DK58: 0 | DL58: 0 | DM58: 0 | DN58: 0 | DO58: 0 | DP58: 0 | DQ58: 0 | DR58: 0 | DS58: 0 | DT58: =SUM(X58:DR58) -> 81990.306 | DU58: =+O58-DT58 -> 0 | DW58: =O58=DT58 -> TRUE
A59: Casa 043 | C59: B | E59: =$E$51 -> 74.01 | F59: =$F$51 -> 1.08 | G59: =+E59+F59 -> 75.09 | H59: =$H$51 -> 9.06 | I59: =$I$17 -> 149.1 | J59: =H59*I59 -> 1350.846 | K59: P049 | L59: Cercana | M59: 6000 | N59: =+$N$51 -> 994 | O59: =+ROUND((G59*N59),2)+J59+M59 -> 81990.306 | P59: =O59/(G59) -> 1091.8938 | Q59: 0.01 | R59: =O59*Q59 -> 819.90306 | S59: 0.04 | T59: =O59*S59 -> 3279.6122 | U59: =COUNTIF(X59:DS59,">0")-2 -> 3 | V59: 0.95 | W59: =+O59*V59 -> 77890.791 | AC59: =+$R59 -> 819.90306 | AD59: =+$T59/3 -> 1093.2041 | AE59: =+AD59 -> 1093.2041 | AF59: =+AE59 -> 1093.2041 | AG59: =+$W59 -> 77890.791 | AH59: 0 | AI59: 0 | AJ59: 0 | AK59: 0 | AL59: 0 | AM59: 0 | AN59: 0 | AO59: 0 | AP59: 0 | AQ59: 0 | AR59: 0 | AS59: 0 | AT59: 0 | AU59: 0 | AV59: 0 | AW59: 0 | AX59: 0 | AY59: 0 | AZ59: 0 | BA59: 0 | BB59: 0 | BC59: 0 | BD59: 0 | BE59: 0 | BF59: 0 | BG59: 0 | BH59: 0 | BI59: 0 | BJ59: 0 | BK59: 0 | BL59: 0 | BM59: 0 | BN59: 0 | BO59: 0 | BP59: 0 | BQ59: 0 | BR59: 0 | BS59: 0 | BT59: 0 | BU59: 0 | BV59: 0 | BW59: 0 | BX59: 0 | BY59: 0 | BZ59: 0 | CA59: 0 | CB59: 0 | CC59: 0 | CD59: 0 | CE59: 0 | CF59: 0 | CG59: 0 | CH59: 0 | CI59: 0 | CJ59: 0 | CK59: 0 | CL59: 0 | CM59: 0 | CN59: 0 | CO59: 0 | CP59: 0 | CQ59: 0 | CR59: 0 | CS59: 0 | CT59: 0 | CU59: 0 | CV59: 0 | CW59: 0 | CX59: 0 | CY59: 0 | CZ59: 0 | DA59: 0 | DB59: 0 | DC59: 0 | DD59: 0 | DE59: 0 | DF59: 0 | DG59: 0 | DH59: 0 | DI59: 0 | DJ59: 0 | DK59: 0 | DL59: 0 | DM59: 0 | DN59: 0 | DO59: 0 | DP59: 0 | DQ59: 0 | DR59: 0 | DS59: 0 | DT59: =SUM(X59:DR59) -> 81990.306 | DU59: =+O59-DT59 -> 0 | DW59: =O59=DT59 -> TRUE
A60: Casa 044 | C60: B | E60: =$E$51 -> 74.01 | F60: =$F$51 -> 1.08 | G60: =+E60+F60 -> 75.09 | H60: =$H$51 -> 9.06 | I60: =$I$17 -> 149.1 | J60: =H60*I60 -> 1350.846 | K60: P050 | L60: Al frente | M60: 7000 | N60: =+$N$51 -> 994 | O60: =+ROUND((G60*N60),2)+J60+M60 -> 82990.306 | P60: =O60/(G60) -> 1105.2112 | Q60: 0.01 | R60: =O60*Q60 -> 829.90306 | S60: 0.04 | T60: =O60*S60 -> 3319.6122 | U60: =COUNTIF(X60:DS60,">0")-2 -> 5 | V60: 0.95 | W60: =+O60*V60 -> 78840.791 | AD60: =+$R60 -> 829.90306 | AE60: =+$T60/5 -> 663.92245 | AF60: =+AE60 -> 663.92245 | AG60: =+AF60 -> 663.92245 | AH60: =+AG60 -> 663.92245 | AI60: =+AH60 -> 663.92245 | AJ60: =+$W60 -> 78840.791 | AK60: 0 | AL60: 0 | AM60: 0 | AN60: 0 | AO60: 0 | AP60: 0 | AQ60: 0 | AR60: 0 | AS60: 0 | AT60: 0 | AU60: 0 | AV60: 0 | AW60: 0 | AX60: 0 | AY60: 0 | AZ60: 0 | BA60: 0 | BB60: 0 | BC60: 0 | BD60: 0 | BE60: 0 | BF60: 0 | BG60: 0 | BH60: 0 | BI60: 0 | BJ60: 0 | BK60: 0 | BL60: 0 | BM60: 0 | BN60: 0 | BO60: 0 | BP60: 0 | BQ60: 0 | BR60: 0 | BS60: 0 | BT60: 0 | BU60: 0 | BV60: 0 | BW60: 0 | BX60: 0 | BY60: 0 | BZ60: 0 | CA60: 0 | CB60: 0 | CC60: 0 | CD60: 0 | CE60: 0 | CF60: 0 | CG60: 0 | CH60: 0 | CI60: 0 | CJ60: 0 | CK60: 0 | CL60: 0 | CM60: 0 | CN60: 0 | CO60: 0 | CP60: 0 | CQ60: 0 | CR60: 0 | CS60: 0 | CT60: 0 | CU60: 0 | CV60: 0 | CW60: 0 | CX60: 0 | CY60: 0 | CZ60: 0 | DA60: 0 | DB60: 0 | DC60: 0 | DD60: 0 | DE60: 0 | DF60: 0 | DG60: 0 | DH60: 0 | DI60: 0 | DJ60: 0 | DK60: 0 | DL60: 0 | DM60: 0 | DN60: 0 | DO60: 0 | DP60: 0 | DQ60: 0 | DR60: 0 | DS60: 0 | DT60: =SUM(X60:DR60) -> 82990.306 | DU60: =+O60-DT60 -> 0 | DW60: =O60=DT60 -> TRUE
A61: Casa 045 | C61: B | E61: =$E$51 -> 74.01 | F61: =$F$51 -> 1.08 | G61: =+E61+F61 -> 75.09 | H61: =$H$51 -> 9.06 | I61: =$I$17 -> 149.1 | J61: =H61*I61 -> 1350.846 | K61: P051 | L61: Al frente | M61: 7000 | N61: =+$N$51 -> 994 | O61: =+ROUND((G61*N61),2)+J61+M61 -> 82990.306 | P61: =O61/(G61) -> 1105.2112 | Q61: 0.01 | R61: =O61*Q61 -> 829.90306 | S61: 0.04 | T61: =O61*S61 -> 3319.6122 | U61: =COUNTIF(X61:DS61,">0")-2 -> 3 | V61: 0.95 | W61: =+O61*V61 -> 78840.791 | AD61: =+$R61 -> 829.90306 | AE61: =+$T61/3 -> 1106.5374 | AF61: =+AE61 -> 1106.5374 | AG61: =+AF61 -> 1106.5374 | AH61: =+$W61 -> 78840.791 | AI61: 0 | AJ61: 0 | AK61: 0 | AL61: 0 | AM61: 0 | AN61: 0 | AO61: 0 | AP61: 0 | AQ61: 0 | AR61: 0 | AS61: 0 | AT61: 0 | AU61: 0 | AV61: 0 | AW61: 0 | AX61: 0 | AY61: 0 | AZ61: 0 | BA61: 0 | BB61: 0 | BC61: 0 | BD61: 0 | BE61: 0 | BF61: 0 | BG61: 0 | BH61: 0 | BI61: 0 | BJ61: 0 | BK61: 0 | BL61: 0 | BM61: 0 | BN61: 0 | BO61: 0 | BP61: 0 | BQ61: 0 | BR61: 0 | BS61: 0 | BT61: 0 | BU61: 0 | BV61: 0 | BW61: 0 | BX61: 0 | BY61: 0 | BZ61: 0 | CA61: 0 | CB61: 0 | CC61: 0 | CD61: 0 | CE61: 0 | CF61: 0 | CG61: 0 | CH61: 0 | CI61: 0 | CJ61: 0 | CK61: 0 | CL61: 0 | CM61: 0 | CN61: 0 | CO61: 0 | CP61: 0 | CQ61: 0 | CR61: 0 | CS61: 0 | CT61: 0 | CU61: 0 | CV61: 0 | CW61: 0 | CX61: 0 | CY61: 0 | CZ61: 0 | DA61: 0 | DB61: 0 | DC61: 0 | DD61: 0 | DE61: 0 | DF61: 0 | DG61: 0 | DH61: 0 | DI61: 0 | DJ61: 0 | DK61: 0 | DL61: 0 | DM61: 0 | DN61: 0 | DO61: 0 | DP61: 0 | DQ61: 0 | DR61: 0 | DS61: 0 | DT61: =SUM(X61:DR61) -> 82990.306 | DU61: =+O61-DT61 -> 0 | DW61: =O61=DT61 -> TRUE
A62: Casa 046 | C62: B | E62: =$E$51 -> 74.01 | F62: =$F$51 -> 1.08 | G62: =+E62+F62 -> 75.09 | H62: =$H$51 -> 9.06 | I62: =$I$17 -> 149.1 | J62: =H62*I62 -> 1350.846 | K62: P052 | L62: Al frente | M62: 7000 | N62: =+$N$51 -> 994 | O62: =+ROUND((G62*N62),2)+J62+M62 -> 82990.306 | P62: =O62/(G62) -> 1105.2112 | Q62: 0.01 | R62: =O62*Q62 -> 829.90306 | S62: 0.04 | T62: =O62*S62 -> 3319.6122 | U62: =COUNTIF(X62:DS62,">0")-2 -> 5 | V62: 0.95 | W62: =+O62*V62 -> 78840.791 | AE62: =+$R62 -> 829.90306 | AF62: =+$T62/5 -> 663.92245 | AG62: =+AF62 -> 663.92245 | AH62: =+AG62 -> 663.92245 | AI62: =+AH62 -> 663.92245 | AJ62: =+AI62 -> 663.92245 | AK62: =+$W62 -> 78840.791 | AL62: 0 | AM62: 0 | AN62: 0 | AO62: 0 | AP62: =+AO62 -> 0 | AQ62: 0 | AR62: 0 | AS62: 0 | AT62: 0 | AU62: 0 | AV62: 0 | AW62: 0 | AX62: 0 | AY62: 0 | AZ62: 0 | BA62: 0 | BB62: 0 | BC62: 0 | BD62: 0 | BE62: 0 | BF62: 0 | BG62: 0 | BH62: 0 | BI62: 0 | BJ62: 0 | BK62: 0 | BL62: 0 | BM62: 0 | BN62: 0 | BO62: 0 | BP62: 0 | BQ62: 0 | BR62: 0 | BS62: 0 | BT62: 0 | BU62: 0 | BV62: 0 | BW62: 0 | BX62: 0 | BY62: 0 | BZ62: 0 | CA62: 0 | CB62: 0 | CC62: 0 | CD62: 0 | CE62: 0 | CF62: 0 | CG62: 0 | CH62: 0 | CI62: 0 | CJ62: 0 | CK62: 0 | CL62: 0 | CM62: 0 | CN62: 0 | CO62: 0 | CP62: 0 | CQ62: 0 | CR62: 0 | CS62: 0 | CT62: 0 | CU62: 0 | CV62: 0 | CW62: 0 | CX62: 0 | CY62: 0 | CZ62: 0 | DA62: 0 | DB62: 0 | DC62: 0 | DD62: 0 | DE62: 0 | DF62: 0 | DG62: 0 | DH62: 0 | DI62: 0 | DJ62: 0 | DK62: 0 | DL62: 0 | DM62: 0 | DN62: 0 | DO62: 0 | DP62: 0 | DQ62: 0 | DR62: 0 | DS62: 0 | DT62: =SUM(X62:DR62) -> 82990.306 | DU62: =+O62-DT62 -> 0 | DW62: =O62=DT62 -> TRUE
A63: Casa 047 | C63: B | E63: =$E$51 -> 74.01 | F63: =$F$51 -> 1.08 | G63: =+E63+F63 -> 75.09 | H63: =$H$51 -> 9.06 | I63: =$I$17 -> 149.1 | J63: =H63*I63 -> 1350.846 | K63: P053 | L63: Al frente | M63: 7000 | N63: =+$N$51 -> 994 | O63: =+ROUND((G63*N63),2)+J63+M63 -> 82990.306 | P63: =O63/(G63) -> 1105.2112 | Q63: 0.01 | R63: =O63*Q63 -> 829.90306 | S63: 0.04 | T63: =O63*S63 -> 3319.6122 | U63: =COUNTIF(X63:DS63,">0")-2 -> 3 | V63: 0.95 | W63: =+O63*V63 -> 78840.791 | AE63: =+$R63 -> 829.90306 | AF63: =+$T63/3 -> 1106.5374 | AG63: =+AF63 -> 1106.5374 | AH63: =+AG63 -> 1106.5374 | AI63: =+$W63 -> 78840.791 | AJ63: 0 | AK63: 0 | AL63: 0 | AM63: 0 | AN63: 0 | AO63: 0 | AP63: 0 | AQ63: 0 | AR63: 0 | AS63: 0 | AT63: 0 | AU63: 0 | AV63: 0 | AW63: 0 | AX63: 0 | AY63: 0 | AZ63: 0 | BA63: 0 | BB63: 0 | BC63: 0 | BD63: 0 | BE63: 0 | BF63: 0 | BG63: 0 | BH63: 0 | BI63: 0 | BJ63: 0 | BK63: 0 | BL63: 0 | BM63: 0 | BN63: 0 | BO63: 0 | BP63: 0 | BQ63: 0 | BR63: 0 | BS63: 0 | BT63: 0 | BU63: 0 | BV63: 0 | BW63: 0 | BX63: 0 | BY63: 0 | BZ63: 0 | CA63: 0 | CB63: 0 | CC63: 0 | CD63: 0 | CE63: 0 | CF63: 0 | CG63: 0 | CH63: 0 | CI63: 0 | CJ63: 0 | CK63: 0 | CL63: 0 | CM63: 0 | CN63: 0 | CO63: 0 | CP63: 0 | CQ63: 0 | CR63: 0 | CS63: 0 | CT63: 0 | CU63: 0 | CV63: 0 | CW63: 0 | CX63: 0 | CY63: 0 | CZ63: 0 | DA63: 0 | DB63: 0 | DC63: 0 | DD63: 0 | DE63: 0 | DF63: 0 | DG63: 0 | DH63: 0 | DI63: 0 | DJ63: 0 | DK63: 0 | DL63: 0 | DM63: 0 | DN63: 0 | DO63: 0 | DP63: 0 | DQ63: 0 | DR63: 0 | DS63: 0 | DT63: =SUM(X63:DR63) -> 82990.306 | DU63: =+O63-DT63 -> 0 | DW63: =O63=DT63 -> TRUE
A64: Casa 048 | C64: B | E64: =$E$51 -> 74.01 | F64: =$F$51 -> 1.08 | G64: =+E64+F64 -> 75.09 | H64: =$H$51 -> 9.06 | I64: =$I$17 -> 149.1 | J64: =H64*I64 -> 1350.846 | K64: P054 | L64: Al frente | M64: 7000 | N64: =+$N$51 -> 994 | O64: =+ROUND((G64*N64),2)+J64+M64 -> 82990.306 | P64: =O64/(G64) -> 1105.2112 | Q64: 0.01 | R64: =O64*Q64 -> 829.90306 | S64: 0.04 | T64: =O64*S64 -> 3319.6122 | U64: =COUNTIF(X64:DS64,">0")-2 -> 5 | V64: 0.95 | W64: =+O64*V64 -> 78840.791 | AF64: =+$R64 -> 829.90306 | AG64: =+$T64/5 -> 663.92245 | AH64: =+AG64 -> 663.92245 | AI64: =+AH64 -> 663.92245 | AJ64: =+AI64 -> 663.92245 | AK64: =+AJ64 -> 663.92245 | AL64: =+$W64 -> 78840.791 | AM64: 0 | AN64: 0 | AO64: 0 | AP64: 0 | AQ64: 0 | AR64: 0 | AS64: 0 | AT64: 0 | AU64: 0 | AV64: 0 | AW64: 0 | AX64: 0 | AY64: 0 | AZ64: 0 | BA64: 0 | BB64: 0 | BC64: 0 | BD64: 0 | BE64: 0 | BF64: 0 | BG64: 0 | BH64: 0 | BI64: 0 | BJ64: 0 | BK64: 0 | BL64: 0 | BM64: 0 | BN64: 0 | BO64: 0 | BP64: 0 | BQ64: 0 | BR64: 0 | BS64: 0 | BT64: 0 | BU64: 0 | BV64: 0 | BW64: 0 | BX64: 0 | BY64: 0 | BZ64: 0 | CA64: 0 | CB64: 0 | CC64: 0 | CD64: 0 | CE64: 0 | CF64: 0 | CG64: 0 | CH64: 0 | CI64: 0 | CJ64: 0 | CK64: 0 | CL64: 0 | CM64: 0 | CN64: 0 | CO64: 0 | CP64: 0 | CQ64: 0 | CR64: 0 | CS64: 0 | CT64: 0 | CU64: 0 | CV64: 0 | CW64: 0 | CX64: 0 | CY64: 0 | CZ64: 0 | DA64: 0 | DB64: 0 | DC64: 0 | DD64: 0 | DE64: 0 | DF64: 0 | DG64: 0 | DH64: 0 | DI64: 0 | DJ64: 0 | DK64: 0 | DL64: 0 | DM64: 0 | DN64: 0 | DO64: 0 | DP64: 0 | DQ64: 0 | DR64: 0 | DS64: 0 | DT64: =SUM(X64:DR64) -> 82990.306 | DU64: =+O64-DT64 -> 0 | DW64: =O64=DT64 -> TRUE
A65: Casa 049 | C65: B | E65: =$E$51 -> 74.01 | F65: =$F$51 -> 1.08 | G65: =+E65+F65 -> 75.09 | H65: =$H$51 -> 9.06 | I65: =$I$17 -> 149.1 | J65: =H65*I65 -> 1350.846 | K65: P055 | L65: Al frente | M65: 7000 | N65: =+$N$51 -> 994 | O65: =+ROUND((G65*N65),2)+J65+M65 -> 82990.306 | P65: =O65/(G65) -> 1105.2112 | Q65: 0.01 | R65: =O65*Q65 -> 829.90306 | S65: 0.04 | T65: =O65*S65 -> 3319.6122 | U65: =COUNTIF(X65:DS65,">0")-2 -> 3 | V65: 0.95 | W65: =+O65*V65 -> 78840.791 | AF65: =+$R65 -> 829.90306 | AG65: =+$T65/3 -> 1106.5374 | AH65: =+AG65 -> 1106.5374 | AI65: =+AH65 -> 1106.5374 | AJ65: =+$W65 -> 78840.791 | AK65: 0 | AL65: 0 | AM65: 0 | AN65: 0 | AO65: 0 | AP65: 0 | AQ65: 0 | AR65: 0 | AS65: 0 | AT65: 0 | AU65: 0 | AV65: 0 | AW65: 0 | AX65: 0 | AY65: 0 | AZ65: 0 | BA65: 0 | BB65: 0 | BC65: 0 | BD65: 0 | BE65: 0 | BF65: 0 | BG65: 0 | BH65: 0 | BI65: 0 | BJ65: 0 | BK65: 0 | BL65: 0 | BM65: 0 | BN65: 0 | BO65: 0 | BP65: 0 | BQ65: 0 | BR65: 0 | BS65: 0 | BT65: 0 | BU65: 0 | BV65: 0 | BW65: 0 | BX65: 0 | BY65: 0 | BZ65: 0 | CA65: 0 | CB65: 0 | CC65: 0 | CD65: 0 | CE65: 0 | CF65: 0 | CG65: 0 | CH65: 0 | CI65: 0 | CJ65: 0 | CK65: 0 | CL65: 0 | CM65: 0 | CN65: 0 | CO65: 0 | CP65: 0 | CQ65: 0 | CR65: 0 | CS65: 0 | CT65: 0 | CU65: 0 | CV65: 0 | CW65: 0 | CX65: 0 | CY65: 0 | CZ65: 0 | DA65: 0 | DB65: 0 | DC65: 0 | DD65: 0 | DE65: 0 | DF65: 0 | DG65: 0 | DH65: 0 | DI65: 0 | DJ65: 0 | DK65: 0 | DL65: 0 | DM65: 0 | DN65: 0 | DO65: 0 | DP65: 0 | DQ65: 0 | DR65: 0 | DS65: 0 | DT65: =SUM(X65:DR65) -> 82990.306 | DU65: =+O65-DT65 -> 0 | DW65: =O65=DT65 -> TRUE
A66: Casa 050 | C66: B | E66: =$E$51 -> 74.01 | F66: =$F$51 -> 1.08 | G66: =+E66+F66 -> 75.09 | H66: =$H$51 -> 9.06 | I66: =$I$17 -> 149.1 | J66: =H66*I66 -> 1350.846 | K66: P056 | L66: Al frente | M66: 7000 | N66: =+$N$51 -> 994 | O66: =+ROUND((G66*N66),2)+J66+M66 -> 82990.306 | P66: =O66/(G66) -> 1105.2112 | Q66: 0.01 | R66: =O66*Q66 -> 829.90306 | S66: 0.04 | T66: =O66*S66 -> 3319.6122 | U66: =COUNTIF(X66:DS66,">0")-2 -> 5 | V66: 0.95 | W66: =+O66*V66 -> 78840.791 | AG66: =+$R66 -> 829.90306 | AH66: =+$T66/5 -> 663.92245 | AI66: =+AH66 -> 663.92245 | AJ66: =+AI66 -> 663.92245 | AK66: =+AJ66 -> 663.92245 | AL66: =+AK66 -> 663.92245 | AM66: =+$W66 -> 78840.791 | AN66: 0 | AO66: 0 | AP66: 0 | AQ66: 0 | AR66: 0 | AS66: 0 | AT66: 0 | AU66: 0 | AV66: 0 | AW66: 0 | AX66: 0 | AY66: 0 | AZ66: 0 | BA66: 0 | BB66: 0 | BC66: 0 | BD66: 0 | BE66: 0 | BF66: 0 | BG66: 0 | BH66: 0 | BI66: 0 | BJ66: 0 | BK66: 0 | BL66: 0 | BM66: 0 | BN66: 0 | BO66: 0 | BP66: 0 | BQ66: 0 | BR66: 0 | BS66: 0 | BT66: 0 | BU66: 0 | BV66: 0 | BW66: 0 | BX66: 0 | BY66: 0 | BZ66: 0 | CA66: 0 | CB66: 0 | CC66: 0 | CD66: 0 | CE66: 0 | CF66: 0 | CG66: 0 | CH66: 0 | CI66: 0 | CJ66: 0 | CK66: 0 | CL66: 0 | CM66: 0 | CN66: 0 | CO66: 0 | CP66: 0 | CQ66: 0 | CR66: 0 | CS66: 0 | CT66: 0 | CU66: 0 | CV66: 0 | CW66: 0 | CX66: 0 | CY66: 0 | CZ66: 0 | DA66: 0 | DB66: 0 | DC66: 0 | DD66: 0 | DE66: 0 | DF66: 0 | DG66: 0 | DH66: 0 | DI66: 0 | DJ66: 0 | DK66: 0 | DL66: 0 | DM66: 0 | DN66: 0 | DO66: 0 | DP66: 0 | DQ66: 0 | DR66: 0 | DS66: 0 | DT66: =SUM(X66:DR66) -> 82990.306 | DU66: =+O66-DT66 -> 0 | DW66: =O66=DT66 -> TRUE
A67: Casa 051 | C67: B | E67: =$E$51 -> 74.01 | F67: =$F$51 -> 1.08 | G67: =+E67+F67 -> 75.09 | H67: =$H$51 -> 9.06 | I67: =$I$17 -> 149.1 | J67: =H67*I67 -> 1350.846 | K67: P057 | L67: Al frente | M67: 7000 | N67: =+$N$51 -> 994 | O67: =+ROUND((G67*N67),2)+J67+M67 -> 82990.306 | P67: =O67/(G67) -> 1105.2112 | Q67: 0.01 | R67: =O67*Q67 -> 829.90306 | S67: 0.04 | T67: =O67*S67 -> 3319.6122 | U67: =COUNTIF(X67:DS67,">0")-2 -> 3 | V67: 0.95 | W67: =+O67*V67 -> 78840.791 | AG67: =+$R67 -> 829.90306 | AH67: =+$T67/3 -> 1106.5374 | AI67: =+AH67 -> 1106.5374 | AJ67: =+AI67 -> 1106.5374 | AK67: =+$W67 -> 78840.791 | AL67: 0 | AM67: 0 | AN67: 0 | AO67: 0 | AP67: 0 | AQ67: 0 | AR67: 0 | AS67: 0 | AT67: 0 | AU67: 0 | AV67: 0 | AW67: 0 | AX67: 0 | AY67: 0 | AZ67: 0 | BA67: 0 | BB67: 0 | BC67: 0 | BD67: 0 | BE67: 0 | BF67: 0 | BG67: 0 | BH67: 0 | BI67: 0 | BJ67: 0 | BK67: 0 | BL67: 0 | BM67: 0 | BN67: 0 | BO67: 0 | BP67: 0 | BQ67: 0 | BR67: 0 | BS67: 0 | BT67: 0 | BU67: 0 | BV67: 0 | BW67: 0 | BX67: 0 | BY67: 0 | BZ67: 0 | CA67: 0 | CB67: 0 | CC67: 0 | CD67: 0 | CE67: 0 | CF67: 0 | CG67: 0 | CH67: 0 | CI67: 0 | CJ67: 0 | CK67: 0 | CL67: 0 | CM67: 0 | CN67: 0 | CO67: 0 | CP67: 0 | CQ67: 0 | CR67: 0 | CS67: 0 | CT67: 0 | CU67: 0 | CV67: 0 | CW67: 0 | CX67: 0 | CY67: 0 | CZ67: 0 | DA67: 0 | DB67: 0 | DC67: 0 | DD67: 0 | DE67: 0 | DF67: 0 | DG67: 0 | DH67: 0 | DI67: 0 | DJ67: 0 | DK67: 0 | DL67: 0 | DM67: 0 | DN67: 0 | DO67: 0 | DP67: 0 | DQ67: 0 | DR67: 0 | DS67: 0 | DT67: =SUM(X67:DR67) -> 82990.306 | DU67: =+O67-DT67 -> 0 | DW67: =O67=DT67 -> TRUE
A68: Casa 052 | C68: B | E68: =$E$51 -> 74.01 | F68: =$F$51 -> 1.08 | G68: =+E68+F68 -> 75.09 | H68: =$H$51 -> 9.06 | I68: =$I$17 -> 149.1 | J68: =H68*I68 -> 1350.846 | K68: P058 | L68: Al frente | M68: 7000 | N68: =+$N$51 -> 994 | O68: =+ROUND((G68*N68),2)+J68+M68 -> 82990.306 | P68: =O68/(G68) -> 1105.2112 | Q68: 0.01 | R68: =O68*Q68 -> 829.90306 | S68: 0.04 | T68: =O68*S68 -> 3319.6122 | U68: =COUNTIF(X68:DS68,">0")-2 -> 5 | V68: 0.95 | W68: =+O68*V68 -> 78840.791 | AH68: =+$R68 -> 829.90306 | AI68: =+$T68/5 -> 663.92245 | AJ68: =+AI68 -> 663.92245 | AK68: =+AJ68 -> 663.92245 | AL68: =+AK68 -> 663.92245 | AM68: =+AL68 -> 663.92245 | AN68: =+$W68 -> 78840.791 | AO68: 0 | AP68: 0 | AQ68: 0 | AR68: 0 | AS68: 0 | AT68: 0 | AU68: 0 | AV68: 0 | AW68: 0 | AX68: 0 | AY68: 0 | AZ68: 0 | BA68: 0 | BB68: 0 | BC68: 0 | BD68: 0 | BE68: 0 | BF68: 0 | BG68: 0 | BH68: 0 | BI68: 0 | BJ68: 0 | BK68: 0 | BL68: 0 | BM68: 0 | BN68: 0 | BO68: 0 | BP68: 0 | BQ68: 0 | BR68: 0 | BS68: 0 | BT68: 0 | BU68: 0 | BV68: 0 | BW68: 0 | BX68: 0 | BY68: 0 | BZ68: 0 | CA68: 0 | CB68: 0 | CC68: 0 | CD68: 0 | CE68: 0 | CF68: 0 | CG68: 0 | CH68: 0 | CI68: 0 | CJ68: 0 | CK68: 0 | CL68: 0 | CM68: 0 | CN68: 0 | CO68: 0 | CP68: 0 | CQ68: 0 | CR68: 0 | CS68: 0 | CT68: 0 | CU68: 0 | CV68: 0 | CW68: 0 | CX68: 0 | CY68: 0 | CZ68: 0 | DA68: 0 | DB68: 0 | DC68: 0 | DD68: 0 | DE68: 0 | DF68: 0 | DG68: 0 | DH68: 0 | DI68: 0 | DJ68: 0 | DK68: 0 | DL68: 0 | DM68: 0 | DN68: 0 | DO68: 0 | DP68: 0 | DQ68: 0 | DR68: 0 | DS68: 0 | DT68: =SUM(X68:DR68) -> 82990.306 | DU68: =+O68-DT68 -> 0 | DW68: =O68=DT68 -> TRUE
A69: Departamento 01 | C69: C | E69: 64.61 | F69: 0 | G69: =E69+F69 -> 64.61 | H69: 0 | I69: =$I$17 -> 149.1 | J69: =H69*I69 -> 0 | K69: P001 | L69: En Isla | M69: 5000 | N69: 945 | O69: =+ROUND((G69*N69),2)+J69+M69 -> 66056.45 | P69: =O69/(G69) -> 1022.3874 | Q69: 0.01 | R69: =O69*Q69 -> 660.5645 | S69: 0.04 | T69: =O69*S69 -> 2642.258 | U69: =COUNTIF(X69:DS69,">0")-2 -> 5 | V69: 0.95 | W69: =+O69*V69 -> 62753.627 | Y69: =+$R69 -> 660.5645 | Z69: =+$T69/5 -> 528.4516 | AA69: =+Z69 -> 528.4516 | AB69: =+AA69 -> 528.4516 | AC69: =+AB69 -> 528.4516 | AD69: =+AC69 -> 528.4516 | AE69: =+$W69 -> 62753.627 | AF69: 0 | AG69: 0 | AH69: 0 | AI69: 0 | AJ69: 0 | AK69: 0 | AL69: 0 | AM69: 0 | AN69: 0 | AO69: 0 | AP69: 0 | AQ69: 0 | AR69: 0 | AS69: 0 | AT69: 0 | AU69: 0 | AV69: 0 | AW69: 0 | AX69: 0 | AY69: 0 | AZ69: 0 | BA69: 0 | BB69: 0 | BC69: 0 | BD69: 0 | BE69: 0 | BF69: 0 | BG69: 0 | BH69: 0 | BI69: 0 | BJ69: 0 | BK69: 0 | BL69: 0 | BM69: 0 | BN69: 0 | BO69: 0 | BP69: 0 | BQ69: 0 | BR69: 0 | BS69: 0 | BT69: 0 | BU69: 0 | BV69: 0 | BW69: 0 | BX69: 0 | BY69: 0 | BZ69: 0 | CA69: 0 | CB69: 0 | CC69: 0 | CD69: 0 | CE69: 0 | CF69: 0 | CG69: 0 | CH69: 0 | CI69: 0 | CJ69: 0 | CK69: 0 | CL69: 0 | CM69: 0 | CN69: 0 | CO69: 0 | CP69: 0 | CQ69: 0 | CR69: 0 | CS69: 0 | CT69: 0 | CU69: 0 | CV69: 0 | CW69: 0 | CX69: 0 | CY69: 0 | CZ69: 0 | DA69: 0 | DB69: 0 | DC69: 0 | DD69: 0 | DE69: 0 | DF69: 0 | DG69: 0 | DH69: 0 | DI69: 0 | DJ69: 0 | DK69: 0 | DL69: 0 | DM69: 0 | DN69: 0 | DO69: 0 | DP69: 0 | DQ69: 0 | DR69: 0 | DS69: 0 | DT69: =SUM(X69:DR69) -> 66056.45 | DU69: =+O69-DT69 -> 0 | DW69: =O69=DT69 -> TRUE
A70: Departamento 02 | C70: C | E70: =$E$69 -> 64.61 | F70: =$F$69 -> 0 | G70: =E70+F70 -> 64.61 | H70: =$H$69 -> 0 | I70: =$I$17 -> 149.1 | J70: =H70*I70 -> 0 | K70: P002 | L70: En Isla | M70: 5000 | N70: =+$N$69 -> 945 | O70: =+ROUND((G70*N70),2)+J70+M70 -> 66056.45 | P70: =O70/(G70) -> 1022.3874 | Q70: 0.01 | R70: =O70*Q70 -> 660.5645 | S70: 0.04 | T70: =O70*S70 -> 2642.258 | U70: =COUNTIF(X70:DS70,">0")-2 -> 3 | V70: 0.95 | W70: =+O70*V70 -> 62753.627 | Z70: =+$R70 -> 660.5645 | AA70: =+$T70/3 -> 880.75267 | AB70: =+AA70 -> 880.75267 | AC70: =+AB70 -> 880.75267 | AD70: =+$W70 -> 62753.627 | AE70: 0 | AF70: 0 | AG70: 0 | AH70: 0 | AI70: 0 | AJ70: 0 | AK70: 0 | AL70: 0 | AM70: 0 | AN70: 0 | AO70: 0 | AP70: 0 | AQ70: 0 | AR70: 0 | AS70: 0 | AT70: 0 | AU70: 0 | AV70: 0 | AW70: 0 | AX70: 0 | AY70: 0 | AZ70: 0 | BA70: 0 | BB70: 0 | BC70: 0 | BD70: 0 | BE70: 0 | BF70: 0 | BG70: 0 | BH70: 0 | BI70: 0 | BJ70: 0 | BK70: 0 | BL70: 0 | BM70: 0 | BN70: 0 | BO70: 0 | BP70: 0 | BQ70: 0 | BR70: 0 | BS70: 0 | BT70: 0 | BU70: 0 | BV70: 0 | BW70: 0 | BX70: 0 | BY70: 0 | BZ70: 0 | CA70: 0 | CB70: 0 | CC70: 0 | CD70: 0 | CE70: 0 | CF70: 0 | CG70: 0 | CH70: 0 | CI70: 0 | CJ70: 0 | CK70: 0 | CL70: 0 | CM70: 0 | CN70: 0 | CO70: 0 | CP70: 0 | CQ70: 0 | CR70: 0 | CS70: 0 | CT70: 0 | CU70: 0 | CV70: 0 | CW70: 0 | CX70: 0 | CY70: 0 | CZ70: 0 | DA70: 0 | DB70: 0 | DC70: 0 | DD70: 0 | DE70: 0 | DF70: 0 | DG70: 0 | DH70: 0 | DI70: 0 | DJ70: 0 | DK70: 0 | DL70: 0 | DM70: 0 | DN70: 0 | DO70: 0 | DP70: 0 | DQ70: 0 | DR70: 0 | DS70: 0 | DT70: =SUM(X70:DR70) -> 66056.45 | DU70: =+O70-DT70 -> 0 | DW70: =O70=DT70 -> TRUE
A71: Departamento 03 | C71: C | E71: =$E$69 -> 64.61 | F71: =$F$69 -> 0 | G71: =E71+F71 -> 64.61 | H71: =$H$69 -> 0 | I71: =$I$17 -> 149.1 | J71: =H71*I71 -> 0 | K71: P003 | L71: En Isla | M71: 5000 | N71: =+$N$69 -> 945 | O71: =+ROUND((G71*N71),2)+J71+M71 -> 66056.45 | P71: =O71/(G71) -> 1022.3874 | Q71: 0.01 | R71: =O71*Q71 -> 660.5645 | S71: 0.04 | T71: =O71*S71 -> 2642.258 | U71: =COUNTIF(X71:DS71,">0")-2 -> 1 | V71: 0.95 | W71: =+O71*V71 -> 62753.627 | Z71: =+$R71 -> 660.5645 | AA71: =+$T71/1 -> 2642.258 | AB71: =+$W71 -> 62753.627 | AC71: 0 | AD71: 0 | AE71: 0 | AF71: 0 | AG71: 0 | AH71: 0 | AI71: 0 | AJ71: 0 | AK71: 0 | AL71: 0 | AM71: 0 | AN71: 0 | AO71: 0 | AP71: 0 | AQ71: 0 | AR71: 0 | AS71: 0 | AT71: 0 | AU71: 0 | AV71: 0 | AW71: 0 | AX71: 0 | AY71: 0 | AZ71: 0 | BA71: 0 | BB71: 0 | BC71: 0 | BD71: 0 | BE71: 0 | BF71: 0 | BG71: 0 | BH71: 0 | BI71: 0 | BJ71: 0 | BK71: 0 | BL71: 0 | BM71: 0 | BN71: 0 | BO71: 0 | BP71: 0 | BQ71: 0 | BR71: 0 | BS71: 0 | BT71: 0 | BU71: 0 | BV71: 0 | BW71: 0 | BX71: 0 | BY71: 0 | BZ71: 0 | CA71: 0 | CB71: 0 | CC71: 0 | CD71: 0 | CE71: 0 | CF71: 0 | CG71: 0 | CH71: 0 | CI71: 0 | CJ71: 0 | CK71: 0 | CL71: 0 | CM71: 0 | CN71: 0 | CO71: 0 | CP71: 0 | CQ71: 0 | CR71: 0 | CS71: 0 | CT71: 0 | CU71: 0 | CV71: 0 | CW71: 0 | CX71: 0 | CY71: 0 | CZ71: 0 | DA71: 0 | DB71: 0 | DC71: 0 | DD71: 0 | DE71: 0 | DF71: 0 | DG71: 0 | DH71: 0 | DI71: 0 | DJ71: 0 | DK71: 0 | DL71: 0 | DM71: 0 | DN71: 0 | DO71: 0 | DP71: 0 | DQ71: 0 | DR71: 0 | DS71: 0 | DT71: =SUM(X71:DR71) -> 66056.45 | DU71: =+O71-DT71 -> 0 | DW71: =O71=DT71 -> TRUE
A72: Departamento 04 | C72: C | E72: =$E$69 -> 64.61 | F72: =$F$69 -> 0 | G72: =E72+F72 -> 64.61 | H72: =$H$69 -> 0 | I72: =$I$17 -> 149.1 | J72: =H72*I72 -> 0 | K72: P004 | L72: En Isla | M72: 5000 | N72: =+$N$69 -> 945 | O72: =+ROUND((G72*N72),2)+J72+M72 -> 66056.45 | P72: =O72/(G72) -> 1022.3874 | Q72: 0.01 | R72: =O72*Q72 -> 660.5645 | S72: 0.04 | T72: =O72*S72 -> 2642.258 | U72: =COUNTIF(X72:DS72,">0")-2 -> 5 | V72: 0.95 | W72: =+O72*V72 -> 62753.627 | AA72: =+$R72 -> 660.5645 | AB72: =+$T72/5 -> 528.4516 | AC72: =+$T72/5 -> 528.4516 | AD72: =+$T72/5 -> 528.4516 | AE72: =+$T72/5 -> 528.4516 | AF72: =+$T72/5 -> 528.4516 | AG72: =+$W72 -> 62753.627 | AH72: 0 | AI72: 0 | AJ72: 0 | AK72: 0 | AL72: 0 | AM72: 0 | AN72: 0 | AO72: 0 | AP72: 0 | AQ72: 0 | AR72: 0 | AS72: 0 | AT72: 0 | AU72: 0 | AV72: 0 | AW72: 0 | AX72: 0 | AY72: 0 | AZ72: 0 | BA72: 0 | BB72: 0 | BC72: 0 | BD72: 0 | BE72: 0 | BF72: 0 | BG72: 0 | BH72: 0 | BI72: 0 | BJ72: 0 | BK72: 0 | BL72: 0 | BM72: 0 | BN72: 0 | BO72: 0 | BP72: 0 | BQ72: 0 | BR72: 0 | BS72: 0 | BT72: 0 | BU72: 0 | BV72: 0 | BW72: 0 | BX72: 0 | BY72: 0 | BZ72: 0 | CA72: 0 | CB72: 0 | CC72: 0 | CD72: 0 | CE72: 0 | CF72: 0 | CG72: 0 | CH72: 0 | CI72: 0 | CJ72: 0 | CK72: 0 | CL72: 0 | CM72: 0 | CN72: 0 | CO72: 0 | CP72: 0 | CQ72: 0 | CR72: 0 | CS72: 0 | CT72: 0 | CU72: 0 | CV72: 0 | CW72: 0 | CX72: 0 | CY72: 0 | CZ72: 0 | DA72: 0 | DB72: 0 | DC72: 0 | DD72: 0 | DE72: 0 | DF72: 0 | DG72: 0 | DH72: 0 | DI72: 0 | DJ72: 0 | DK72: 0 | DL72: 0 | DM72: 0 | DN72: 0 | DO72: 0 | DP72: 0 | DQ72: 0 | DR72: 0 | DS72: 0 | DT72: =SUM(X72:DR72) -> 66056.45 | DU72: =+O72-DT72 -> 0 | DW72: =O72=DT72 -> TRUE
A73: Departamento 05 | C73: C | E73: =$E$69 -> 64.61 | F73: =$F$69 -> 0 | G73: =E73+F73 -> 64.61 | H73: =$H$69 -> 0 | I73: =$I$17 -> 149.1 | J73: =H73*I73 -> 0 | K73: P005 | L73: En Isla | M73: 5000 | N73: =+$N$69 -> 945 | O73: =+ROUND((G73*N73),2)+J73+M73 -> 66056.45 | P73: =O73/(G73) -> 1022.3874 | Q73: 0.01 | R73: =O73*Q73 -> 660.5645 | S73: 0.04 | T73: =O73*S73 -> 2642.258 | U73: =COUNTIF(X73:DS73,">0")-2 -> 3 | V73: 0.95 | W73: =+O73*V73 -> 62753.627 | AA73: =+$R73 -> 660.5645 | AB73: =+$T73/3 -> 880.75267 | AC73: =+$T73/3 -> 880.75267 | AD73: =+$T73/3 -> 880.75267 | AE73: =+$W73 -> 62753.627 | AF73: 0 | AG73: 0 | AH73: 0 | AI73: 0 | AJ73: 0 | AK73: 0 | AL73: 0 | AM73: 0 | AN73: 0 | AO73: 0 | AP73: 0 | AQ73: 0 | AR73: 0 | AS73: 0 | AT73: 0 | AU73: 0 | AV73: 0 | AW73: 0 | AX73: 0 | AY73: 0 | AZ73: 0 | BA73: 0 | BB73: 0 | BC73: 0 | BD73: 0 | BE73: 0 | BF73: 0 | BG73: 0 | BH73: 0 | BI73: 0 | BJ73: 0 | BK73: 0 | BL73: 0 | BM73: 0 | BN73: 0 | BO73: 0 | BP73: 0 | BQ73: 0 | BR73: 0 | BS73: 0 | BT73: 0 | BU73: 0 | BV73: 0 | BW73: 0 | BX73: 0 | BY73: 0 | BZ73: 0 | CA73: 0 | CB73: 0 | CC73: 0 | CD73: 0 | CE73: 0 | CF73: 0 | CG73: 0 | CH73: 0 | CI73: 0 | CJ73: 0 | CK73: 0 | CL73: 0 | CM73: 0 | CN73: 0 | CO73: 0 | CP73: 0 | CQ73: 0 | CR73: 0 | CS73: 0 | CT73: 0 | CU73: 0 | CV73: 0 | CW73: 0 | CX73: 0 | CY73: 0 | CZ73: 0 | DA73: 0 | DB73: 0 | DC73: 0 | DD73: 0 | DE73: 0 | DF73: 0 | DG73: 0 | DH73: 0 | DI73: 0 | DJ73: 0 | DK73: 0 | DL73: 0 | DM73: 0 | DN73: 0 | DO73: 0 | DP73: 0 | DQ73: 0 | DR73: 0 | DS73: 0 | DT73: =SUM(X73:DR73) -> 66056.45 | DU73: =+O73-DT73 -> 0 | DW73: =O73=DT73 -> TRUE
A74: Departamento 06 | C74: C | E74: =$E$69 -> 64.61 | F74: =$F$69 -> 0 | G74: =E74+F74 -> 64.61 | H74: =$H$69 -> 0 | I74: =$I$17 -> 149.1 | J74: =H74*I74 -> 0 | K74: P006 | L74: En Isla | M74: 5000 | N74: =+$N$69 -> 945 | O74: =+ROUND((G74*N74),2)+J74+M74 -> 66056.45 | P74: =O74/(G74) -> 1022.3874 | Q74: 0.01 | R74: =O74*Q74 -> 660.5645 | S74: 0.04 | T74: =O74*S74 -> 2642.258 | U74: =COUNTIF(X74:DS74,">0")-2 -> 1 | V74: 0.95 | W74: =+O74*V74 -> 62753.627 | AA74: =+$R74 -> 660.5645 | AB74: =+$T74/1 -> 2642.258 | AC74: =+$W74 -> 62753.627 | AD74: 0 | AE74: 0 | AF74: 0 | AG74: 0 | AH74: 0 | AI74: 0 | AJ74: 0 | AK74: 0 | AL74: 0 | AM74: 0 | AN74: 0 | AO74: 0 | AP74: 0 | AQ74: 0 | AR74: 0 | AS74: 0 | AT74: 0 | AU74: 0 | AV74: 0 | AW74: 0 | AX74: 0 | AY74: 0 | AZ74: 0 | BA74: 0 | BB74: 0 | BC74: 0 | BD74: 0 | BE74: 0 | BF74: 0 | BG74: 0 | BH74: 0 | BI74: 0 | BJ74: 0 | BK74: 0 | BL74: 0 | BM74: 0 | BN74: 0 | BO74: 0 | BP74: 0 | BQ74: 0 | BR74: 0 | BS74: 0 | BT74: 0 | BU74: 0 | BV74: 0 | BW74: 0 | BX74: 0 | BY74: 0 | BZ74: 0 | CA74: 0 | CB74: 0 | CC74: 0 | CD74: 0 | CE74: 0 | CF74: 0 | CG74: 0 | CH74: 0 | CI74: 0 | CJ74: 0 | CK74: 0 | CL74: 0 | CM74: 0 | CN74: 0 | CO74: 0 | CP74: 0 | CQ74: 0 | CR74: 0 | CS74: 0 | CT74: 0 | CU74: 0 | CV74: 0 | CW74: 0 | CX74: 0 | CY74: 0 | CZ74: 0 | DA74: 0 | DB74: 0 | DC74: 0 | DD74: 0 | DE74: 0 | DF74: 0 | DG74: 0 | DH74: 0 | DI74: 0 | DJ74: 0 | DK74: 0 | DL74: 0 | DM74: 0 | DN74: 0 | DO74: 0 | DP74: 0 | DQ74: 0 | DR74: 0 | DS74: 0 | DT74: =SUM(X74:DR74) -> 66056.45 | DU74: =+O74-DT74 -> 0 | DW74: =O74=DT74 -> TRUE
A75: Departamento 07 | C75: C | E75: =$E$69 -> 64.61 | F75: =$F$69 -> 0 | G75: =E75+F75 -> 64.61 | H75: =$H$69 -> 0 | I75: =$I$17 -> 149.1 | J75: =H75*I75 -> 0 | N75: =+$N$69 -> 945 | O75: =+ROUND((G75*N75),2)+J75+M75 -> 61056.45 | P75: =O75/(G75) -> 945 | Q75: 0.01 | R75: =O75*Q75 -> 610.5645 | S75: 0.04 | T75: =O75*S75 -> 2442.258 | U75: =COUNTIF(X75:DS75,">0")-2 -> 5 | V75: 0.95 | W75: =+O75*V75 -> 58003.627 | AB75: =+$R75 -> 610.5645 | AC75: =+$T75/5 -> 488.4516 | AD75: =+$T75/5 -> 488.4516 | AE75: =+$T75/5 -> 488.4516 | AF75: =+$T75/5 -> 488.4516 | AG75: =+$T75/5 -> 488.4516 | AH75: =+$W75 -> 58003.627 | AI75: 0 | AJ75: 0 | AK75: 0 | AL75: 0 | AM75: 0 | AN75: 0 | AO75: 0 | AP75: 0 | AQ75: 0 | AR75: 0 | AS75: 0 | AT75: 0 | AU75: 0 | AV75: 0 | AW75: 0 | AX75: 0 | AY75: 0 | AZ75: 0 | BA75: 0 | BB75: 0 | BC75: 0 | BD75: 0 | BE75: 0 | BF75: 0 | BG75: 0 | BH75: 0 | BI75: 0 | BJ75: 0 | BK75: 0 | BL75: 0 | BM75: 0 | BN75: 0 | BO75: 0 | BP75: 0 | BQ75: 0 | BR75: 0 | BS75: 0 | BT75: 0 | BU75: 0 | BV75: 0 | BW75: 0 | BX75: 0 | BY75: 0 | BZ75: 0 | CA75: 0 | CB75: 0 | CC75: 0 | CD75: 0 | CE75: 0 | CF75: 0 | CG75: 0 | CH75: 0 | CI75: 0 | CJ75: 0 | CK75: 0 | CL75: 0 | CM75: 0 | CN75: 0 | CO75: 0 | CP75: 0 | CQ75: 0 | CR75: 0 | CS75: 0 | CT75: 0 | CU75: 0 | CV75: 0 | CW75: 0 | CX75: 0 | CY75: 0 | CZ75: 0 | DA75: 0 | DB75: 0 | DC75: 0 | DD75: 0 | DE75: 0 | DF75: 0 | DG75: 0 | DH75: 0 | DI75: 0 | DJ75: 0 | DK75: 0 | DL75: 0 | DM75: 0 | DN75: 0 | DO75: 0 | DP75: 0 | DQ75: 0 | DR75: 0 | DS75: 0 | DT75: =SUM(X75:DR75) -> 61056.45 | DU75: =+O75-DT75 -> 0 | DW75: =O75=DT75 -> TRUE
A76: Departamento 08 | C76: C | E76: =$E$69 -> 64.61 | F76: =$F$69 -> 0 | G76: =E76+F76 -> 64.61 | H76: =$H$69 -> 0 | I76: =$I$17 -> 149.1 | J76: =H76*I76 -> 0 | N76: =+$N$69 -> 945 | O76: =+ROUND((G76*N76),2)+J76+M76 -> 61056.45 | P76: =O76/(G76) -> 945 | Q76: 0.01 | R76: =O76*Q76 -> 610.5645 | S76: 0.04 | T76: =O76*S76 -> 2442.258 | U76: =COUNTIF(X76:DS76,">0")-2 -> 3 | V76: 0.95 | W76: =+O76*V76 -> 58003.627 | AB76: =+$R76 -> 610.5645 | AC76: =+$T76/3 -> 814.086 | AD76: =+$T76/3 -> 814.086 | AE76: =+$T76/3 -> 814.086 | AF76: =+$W76 -> 58003.627 | AG76: 0 | AH76: 0 | AI76: 0 | AJ76: 0 | AK76: 0 | AL76: 0 | AM76: 0 | AN76: 0 | AO76: 0 | AP76: 0 | AQ76: 0 | AR76: 0 | AS76: 0 | AT76: 0 | AU76: 0 | AV76: 0 | AW76: 0 | AX76: 0 | AY76: 0 | AZ76: 0 | BA76: 0 | BB76: 0 | BC76: 0 | BD76: 0 | BE76: 0 | BF76: 0 | BG76: 0 | BH76: 0 | BI76: 0 | BJ76: 0 | BK76: 0 | BL76: 0 | BM76: 0 | BN76: 0 | BO76: 0 | BP76: 0 | BQ76: 0 | BR76: 0 | BS76: 0 | BT76: 0 | BU76: 0 | BV76: 0 | BW76: 0 | BX76: 0 | BY76: 0 | BZ76: 0 | CA76: 0 | CB76: 0 | CC76: 0 | CD76: 0 | CE76: 0 | CF76: 0 | CG76: 0 | CH76: 0 | CI76: 0 | CJ76: 0 | CK76: 0 | CL76: 0 | CM76: 0 | CN76: 0 | CO76: 0 | CP76: 0 | CQ76: 0 | CR76: 0 | CS76: 0 | CT76: 0 | CU76: 0 | CV76: 0 | CW76: 0 | CX76: 0 | CY76: 0 | CZ76: 0 | DA76: 0 | DB76: 0 | DC76: 0 | DD76: 0 | DE76: 0 | DF76: 0 | DG76: 0 | DH76: 0 | DI76: 0 | DJ76: 0 | DK76: 0 | DL76: 0 | DM76: 0 | DN76: 0 | DO76: 0 | DP76: 0 | DQ76: 0 | DR76: 0 | DS76: 0 | DT76: =SUM(X76:DR76) -> 61056.45 | DU76: =+O76-DT76 -> 0 | DW76: =O76=DT76 -> TRUE
A77: Departamento 09 | C77: C | E77: =$E$69 -> 64.61 | F77: =$F$69 -> 0 | G77: =E77+F77 -> 64.61 | H77: =$H$69 -> 0 | I77: =$I$17 -> 149.1 | J77: =H77*I77 -> 0 | N77: =+$N$69 -> 945 | O77: =+ROUND((G77*N77),2)+J77+M77 -> 61056.45 | P77: =O77/(G77) -> 945 | Q77: 0.01 | R77: =O77*Q77 -> 610.5645 | S77: 0.04 | T77: =O77*S77 -> 2442.258 | U77: =COUNTIF(X77:DS77,">0")-2 -> 1 | V77: 0.95 | W77: =+O77*V77 -> 58003.627 | AB77: =+$R77 -> 610.5645 | AC77: =+$T77/1 -> 2442.258 | AD77: =+$W77 -> 58003.627 | AE77: 0 | AF77: 0 | AG77: 0 | AH77: 0 | AI77: =+AH77 -> 0 | AJ77: =+AI77 -> 0 | AK77: 0 | AL77: 0 | AM77: 0 | AN77: 0 | AO77: 0 | AP77: 0 | AQ77: 0 | AR77: 0 | AS77: 0 | AT77: 0 | AU77: 0 | AV77: 0 | AW77: 0 | AX77: 0 | AY77: 0 | AZ77: 0 | BA77: 0 | BB77: 0 | BC77: 0 | BD77: 0 | BE77: 0 | BF77: 0 | BG77: 0 | BH77: 0 | BI77: 0 | BJ77: 0 | BK77: 0 | BL77: 0 | BM77: 0 | BN77: 0 | BO77: 0 | BP77: 0 | BQ77: 0 | BR77: 0 | BS77: 0 | BT77: 0 | BU77: 0 | BV77: 0 | BW77: 0 | BX77: 0 | BY77: 0 | BZ77: 0 | CA77: 0 | CB77: 0 | CC77: 0 | CD77: 0 | CE77: 0 | CF77: 0 | CG77: 0 | CH77: 0 | CI77: 0 | CJ77: 0 | CK77: 0 | CL77: 0 | CM77: 0 | CN77: 0 | CO77: 0 | CP77: 0 | CQ77: 0 | CR77: 0 | CS77: 0 | CT77: 0 | CU77: 0 | CV77: 0 | CW77: 0 | CX77: 0 | CY77: 0 | CZ77: 0 | DA77: 0 | DB77: 0 | DC77: 0 | DD77: 0 | DE77: 0 | DF77: 0 | DG77: 0 | DH77: 0 | DI77: 0 | DJ77: 0 | DK77: 0 | DL77: 0 | DM77: 0 | DN77: 0 | DO77: 0 | DP77: 0 | DQ77: 0 | DR77: 0 | DS77: 0 | DT77: =SUM(X77:DR77) -> 61056.45 | DU77: =+O77-DT77 -> 0 | DW77: =O77=DT77 -> TRUE
A78: Departamento 10 | C78: C | E78: =$E$69 -> 64.61 | F78: =$F$69 -> 0 | G78: =E78+F78 -> 64.61 | H78: =$H$69 -> 0 | I78: =$I$17 -> 149.1 | J78: =H78*I78 -> 0 | N78: =+$N$69 -> 945 | O78: =+ROUND((G78*N78),2)+J78+M78 -> 61056.45 | P78: =O78/(G78) -> 945 | Q78: 0.01 | R78: =O78*Q78 -> 610.5645 | S78: 0.04 | T78: =O78*S78 -> 2442.258 | U78: =COUNTIF(X78:DS78,">0")-2 -> 5 | V78: 0.95 | W78: =+O78*V78 -> 58003.627 | AB78: =+$R78 -> 610.5645 | AC78: =+$T78/5 -> 488.4516 | AD78: =+$T78/5 -> 488.4516 | AE78: =+$T78/5 -> 488.4516 | AF78: =+$T78/5 -> 488.4516 | AG78: =+$T78/5 -> 488.4516 | AH78: =+$W78 -> 58003.627 | AI78: 0 | AJ78: 0 | AK78: 0 | AL78: 0 | AM78: 0 | AN78: 0 | AO78: 0 | AP78: 0 | AQ78: 0 | AR78: 0 | AS78: 0 | AT78: 0 | AU78: 0 | AV78: 0 | AW78: 0 | AX78: 0 | AY78: 0 | AZ78: 0 | BA78: 0 | BB78: 0 | BC78: 0 | BD78: 0 | BE78: 0 | BF78: 0 | BG78: 0 | BH78: 0 | BI78: 0 | BJ78: 0 | BK78: 0 | BL78: 0 | BM78: 0 | BN78: 0 | BO78: 0 | BP78: 0 | BQ78: 0 | BR78: 0 | BS78: 0 | BT78: 0 | BU78: 0 | BV78: 0 | BW78: 0 | BX78: 0 | BY78: 0 | BZ78: 0 | CA78: 0 | CB78: 0 | CC78: 0 | CD78: 0 | CE78: 0 | CF78: 0 | CG78: 0 | CH78: 0 | CI78: 0 | CJ78: 0 | CK78: 0 | CL78: 0 | CM78: 0 | CN78: 0 | CO78: 0 | CP78: 0 | CQ78: 0 | CR78: 0 | CS78: 0 | CT78: 0 | CU78: 0 | CV78: 0 | CW78: 0 | CX78: 0 | CY78: 0 | CZ78: 0 | DA78: 0 | DB78: 0 | DC78: 0 | DD78: 0 | DE78: 0 | DF78: 0 | DG78: 0 | DH78: 0 | DI78: 0 | DJ78: 0 | DK78: 0 | DL78: 0 | DM78: 0 | DN78: 0 | DO78: 0 | DP78: 0 | DQ78: 0 | DR78: 0 | DS78: 0 | DT78: =SUM(X78:DR78) -> 61056.45 | DU78: =+O78-DT78 -> 0 | DW78: =O78=DT78 -> TRUE
A79: Departamento 11 | C79: C | E79: =$E$69 -> 64.61 | F79: =$F$69 -> 0 | G79: =E79+F79 -> 64.61 | H79: =$H$69 -> 0 | I79: =$I$17 -> 149.1 | J79: =H79*I79 -> 0 | N79: =+$N$69 -> 945 | O79: =+ROUND((G79*N79),2)+J79+M79 -> 61056.45 | P79: =O79/(G79) -> 945 | Q79: 0.01 | R79: =O79*Q79 -> 610.5645 | S79: 0.04 | T79: =O79*S79 -> 2442.258 | U79: =COUNTIF(X79:DS79,">0")-2 -> 3 | V79: 0.95 | W79: =+O79*V79 -> 58003.627 | AC79: =+$R79 -> 610.5645 | AD79: =+$T79/3 -> 814.086 | AE79: =+$T79/3 -> 814.086 | AF79: =+$T79/3 -> 814.086 | AG79: =+$W79 -> 58003.627 | AH79: 0 | AI79: 0 | AJ79: 0 | AK79: 0 | AL79: 0 | AM79: 0 | AN79: 0 | AO79: 0 | AP79: 0 | AQ79: 0 | AR79: 0 | AS79: 0 | AT79: 0 | AU79: 0 | AV79: 0 | AW79: 0 | AX79: 0 | AY79: 0 | AZ79: 0 | BA79: 0 | BB79: 0 | BC79: 0 | BD79: 0 | BE79: 0 | BF79: 0 | BG79: 0 | BH79: 0 | BI79: 0 | BJ79: 0 | BK79: 0 | BL79: 0 | BM79: 0 | BN79: 0 | BO79: 0 | BP79: 0 | BQ79: 0 | BR79: 0 | BS79: 0 | BT79: 0 | BU79: 0 | BV79: 0 | BW79: 0 | BX79: 0 | BY79: 0 | BZ79: 0 | CA79: 0 | CB79: 0 | CC79: 0 | CD79: 0 | CE79: 0 | CF79: 0 | CG79: 0 | CH79: 0 | CI79: 0 | CJ79: 0 | CK79: 0 | CL79: 0 | CM79: 0 | CN79: 0 | CO79: 0 | CP79: 0 | CQ79: 0 | CR79: 0 | CS79: 0 | CT79: 0 | CU79: 0 | CV79: 0 | CW79: 0 | CX79: 0 | CY79: 0 | CZ79: 0 | DA79: 0 | DB79: 0 | DC79: 0 | DD79: 0 | DE79: 0 | DF79: 0 | DG79: 0 | DH79: 0 | DI79: 0 | DJ79: 0 | DK79: 0 | DL79: 0 | DM79: 0 | DN79: 0 | DO79: 0 | DP79: 0 | DQ79: 0 | DR79: 0 | DS79: 0 | DT79: =SUM(X79:DR79) -> 61056.45 | DU79: =+O79-DT79 -> 0 | DW79: =O79=DT79 -> TRUE
A80: Departamento 12 | C80: C | E80: =$E$69 -> 64.61 | F80: =$F$69 -> 0 | G80: =E80+F80 -> 64.61 | H80: =$H$69 -> 0 | I80: =$I$17 -> 149.1 | J80: =H80*I80 -> 0 | N80: =+$N$69 -> 945 | O80: =+ROUND((G80*N80),2)+J80+M80 -> 61056.45 | P80: =O80/(G80) -> 945 | Q80: 0.01 | R80: =O80*Q80 -> 610.5645 | S80: 0.04 | T80: =O80*S80 -> 2442.258 | U80: =COUNTIF(X80:DS80,">0")-2 -> 1 | V80: 0.95 | W80: =+O80*V80 -> 58003.627 | AC80: =+$R80 -> 610.5645 | AD80: =+$T80/1 -> 2442.258 | AE80: =+$W80 -> 58003.627 | AF80: 0 | AG80: 0 | AH80: 0 | AI80: 0 | AJ80: 0 | AK80: 0 | AL80: 0 | AM80: 0 | AN80: 0 | AO80: 0 | AP80: 0 | AQ80: 0 | AR80: 0 | AS80: 0 | AT80: 0 | AU80: 0 | AV80: 0 | AW80: 0 | AX80: 0 | AY80: 0 | AZ80: 0 | BA80: 0 | BB80: 0 | BC80: 0 | BD80: 0 | BE80: 0 | BF80: 0 | BG80: 0 | BH80: 0 | BI80: 0 | BJ80: 0 | BK80: 0 | BL80: 0 | BM80: 0 | BN80: 0 | BO80: 0 | BP80: 0 | BQ80: 0 | BR80: 0 | BS80: 0 | BT80: 0 | BU80: 0 | BV80: 0 | BW80: 0 | BX80: 0 | BY80: 0 | BZ80: 0 | CA80: 0 | CB80: 0 | CC80: 0 | CD80: 0 | CE80: 0 | CF80: 0 | CG80: 0 | CH80: 0 | CI80: 0 | CJ80: 0 | CK80: 0 | CL80: 0 | CM80: 0 | CN80: 0 | CO80: 0 | CP80: 0 | CQ80: 0 | CR80: 0 | CS80: 0 | CT80: 0 | CU80: 0 | CV80: 0 | CW80: 0 | CX80: 0 | CY80: 0 | CZ80: 0 | DA80: 0 | DB80: 0 | DC80: 0 | DD80: 0 | DE80: 0 | DF80: 0 | DG80: 0 | DH80: 0 | DI80: 0 | DJ80: 0 | DK80: 0 | DL80: 0 | DM80: 0 | DN80: 0 | DO80: 0 | DP80: 0 | DQ80: 0 | DR80: 0 | DS80: 0 | DT80: =SUM(X80:DR80) -> 61056.45 | DU80: =+O80-DT80 -> 0 | DW80: =O80=DT80 -> TRUE
A81: Departamento 13 | C81: C | E81: =$E$69 -> 64.61 | F81: =$F$69 -> 0 | G81: =E81+F81 -> 64.61 | H81: =$H$69 -> 0 | I81: =$I$17 -> 149.1 | J81: =H81*I81 -> 0 | K81: P007 | L81: En Isla | M81: 5000 | N81: =+$N$69 -> 945 | O81: =+ROUND((G81*N81),2)+J81+M81 -> 66056.45 | P81: =O81/(G81) -> 1022.3874 | Q81: 0.01 | R81: =O81*Q81 -> 660.5645 | S81: 0.04 | T81: =O81*S81 -> 2642.258 | U81: =COUNTIF(X81:DS81,">0")-2 -> 5 | V81: 0.95 | W81: =+O81*V81 -> 62753.627 | AC81: =+$R81 -> 660.5645 | AD81: =+$T81/5 -> 528.4516 | AE81: =+$T81/5 -> 528.4516 | AF81: =+$T81/5 -> 528.4516 | AG81: =+$T81/5 -> 528.4516 | AH81: =+$T81/5 -> 528.4516 | AI81: =+$W81 -> 62753.627 | AJ81: 0 | AK81: 0 | AL81: 0 | AM81: 0 | AN81: 0 | AO81: 0 | AP81: 0 | AQ81: 0 | AR81: 0 | AS81: 0 | AT81: 0 | AU81: 0 | AV81: 0 | AW81: 0 | AX81: 0 | AY81: 0 | AZ81: 0 | BA81: 0 | BB81: 0 | BC81: 0 | BD81: 0 | BE81: 0 | BF81: 0 | BG81: 0 | BH81: 0 | BI81: 0 | BJ81: 0 | BK81: 0 | BL81: 0 | BM81: 0 | BN81: 0 | BO81: 0 | BP81: 0 | BQ81: 0 | BR81: 0 | BS81: 0 | BT81: 0 | BU81: 0 | BV81: 0 | BW81: 0 | BX81: 0 | BY81: 0 | BZ81: 0 | CA81: 0 | CB81: 0 | CC81: 0 | CD81: 0 | CE81: 0 | CF81: 0 | CG81: 0 | CH81: 0 | CI81: 0 | CJ81: 0 | CK81: 0 | CL81: 0 | CM81: 0 | CN81: 0 | CO81: 0 | CP81: 0 | CQ81: 0 | CR81: 0 | CS81: 0 | CT81: 0 | CU81: 0 | CV81: 0 | CW81: 0 | CX81: 0 | CY81: 0 | CZ81: 0 | DA81: 0 | DB81: 0 | DC81: 0 | DD81: 0 | DE81: 0 | DF81: 0 | DG81: 0 | DH81: 0 | DI81: 0 | DJ81: 0 | DK81: 0 | DL81: 0 | DM81: 0 | DN81: 0 | DO81: 0 | DP81: 0 | DQ81: 0 | DR81: 0 | DS81: 0 | DT81: =SUM(X81:DR81) -> 66056.45 | DU81: =+O81-DT81 -> 0 | DW81: =O81=DT81 -> TRUE
A82: Departamento 14 | C82: C | E82: =$E$69 -> 64.61 | F82: =$F$69 -> 0 | G82: =E82+F82 -> 64.61 | H82: =$H$69 -> 0 | I82: =$I$17 -> 149.1 | J82: =H82*I82 -> 0 | K82: P008 | L82: En Isla | M82: 5000 | N82: =+$N$69 -> 945 | O82: =+ROUND((G82*N82),2)+J82+M82 -> 66056.45 | P82: =O82/(G82) -> 1022.3874 | Q82: 0.01 | R82: =O82*Q82 -> 660.5645 | S82: 0.04 | T82: =O82*S82 -> 2642.258 | U82: =COUNTIF(X82:DS82,">0")-2 -> 3 | V82: 0.95 | W82: =+O82*V82 -> 62753.627 | AC82: =+$R82 -> 660.5645 | AD82: =+$T82/3 -> 880.75267 | AE82: =+$T82/3 -> 880.75267 | AF82: =+$T82/3 -> 880.75267 | AG82: =+$W82 -> 62753.627 | AH82: 0 | AI82: 0 | AJ82: 0 | AK82: 0 | AL82: 0 | AM82: 0 | AN82: 0 | AO82: 0 | AP82: 0 | AQ82: 0 | AR82: 0 | AS82: 0 | AT82: 0 | AU82: 0 | AV82: 0 | AW82: 0 | AX82: 0 | AY82: 0 | AZ82: 0 | BA82: 0 | BB82: 0 | BC82: 0 | BD82: 0 | BE82: 0 | BF82: 0 | BG82: 0 | BH82: 0 | BI82: 0 | BJ82: 0 | BK82: 0 | BL82: 0 | BM82: 0 | BN82: 0 | BO82: 0 | BP82: 0 | BQ82: 0 | BR82: 0 | BS82: 0 | BT82: 0 | BU82: 0 | BV82: 0 | BW82: 0 | BX82: 0 | BY82: 0 | BZ82: 0 | CA82: 0 | CB82: 0 | CC82: 0 | CD82: 0 | CE82: 0 | CF82: 0 | CG82: 0 | CH82: 0 | CI82: 0 | CJ82: 0 | CK82: 0 | CL82: 0 | CM82: 0 | CN82: 0 | CO82: 0 | CP82: 0 | CQ82: 0 | CR82: 0 | CS82: 0 | CT82: 0 | CU82: 0 | CV82: 0 | CW82: 0 | CX82: 0 | CY82: 0 | CZ82: 0 | DA82: 0 | DB82: 0 | DC82: 0 | DD82: 0 | DE82: 0 | DF82: 0 | DG82: 0 | DH82: 0 | DI82: 0 | DJ82: 0 | DK82: 0 | DL82: 0 | DM82: 0 | DN82: 0 | DO82: 0 | DP82: 0 | DQ82: 0 | DR82: 0 | DS82: 0 | DT82: =SUM(X82:DR82) -> 66056.45 | DU82: =+O82-DT82 -> 0 | DW82: =O82=DT82 -> TRUE
A83: Departamento 15 | C83: C | E83: =$E$69 -> 64.61 | F83: =$F$69 -> 0 | G83: =E83+F83 -> 64.61 | H83: =$H$69 -> 0 | I83: =$I$17 -> 149.1 | J83: =H83*I83 -> 0 | K83: P009 | L83: En Isla | M83: 5000 | N83: =+$N$69 -> 945 | O83: =+ROUND((G83*N83),2)+J83+M83 -> 66056.45 | P83: =O83/(G83) -> 1022.3874 | Q83: 0.01 | R83: =O83*Q83 -> 660.5645 | S83: 0.04 | T83: =O83*S83 -> 2642.258 | U83: =COUNTIF(X83:DS83,">0")-2 -> 1 | V83: 0.95 | W83: =+O83*V83 -> 62753.627 | AD83: =+$R83 -> 660.5645 | AE83: =+$T83/1 -> 2642.258 | AF83: =+$W83 -> 62753.627 | AG83: 0 | AH83: 0 | AI83: 0 | AJ83: 0 | AK83: 0 | AL83: 0 | AM83: 0 | AN83: 0 | AO83: 0 | AP83: 0 | AQ83: 0 | AR83: 0 | AS83: 0 | AT83: 0 | AU83: 0 | AV83: 0 | AW83: 0 | AX83: 0 | AY83: 0 | AZ83: 0 | BA83: 0 | BB83: 0 | BC83: 0 | BD83: 0 | BE83: 0 | BF83: 0 | BG83: 0 | BH83: 0 | BI83: 0 | BJ83: 0 | BK83: 0 | BL83: 0 | BM83: 0 | BN83: 0 | BO83: 0 | BP83: 0 | BQ83: 0 | BR83: 0 | BS83: 0 | BT83: 0 | BU83: 0 | BV83: 0 | BW83: 0 | BX83: 0 | BY83: 0 | BZ83: 0 | CA83: 0 | CB83: 0 | CC83: 0 | CD83: 0 | CE83: 0 | CF83: 0 | CG83: 0 | CH83: 0 | CI83: 0 | CJ83: 0 | CK83: 0 | CL83: 0 | CM83: 0 | CN83: 0 | CO83: 0 | CP83: 0 | CQ83: 0 | CR83: 0 | CS83: 0 | CT83: 0 | CU83: 0 | CV83: 0 | CW83: 0 | CX83: 0 | CY83: 0 | CZ83: 0 | DA83: 0 | DB83: 0 | DC83: 0 | DD83: 0 | DE83: 0 | DF83: 0 | DG83: 0 | DH83: 0 | DI83: 0 | DJ83: 0 | DK83: 0 | DL83: 0 | DM83: 0 | DN83: 0 | DO83: 0 | DP83: 0 | DQ83: 0 | DR83: 0 | DS83: 0 | DT83: =SUM(X83:DR83) -> 66056.45 | DU83: =+O83-DT83 -> 0 | DW83: =O83=DT83 -> TRUE
A84: Departamento 16 | C84: C | E84: =$E$69 -> 64.61 | F84: =$F$69 -> 0 | G84: =E84+F84 -> 64.61 | H84: =$H$69 -> 0 | I84: =$I$17 -> 149.1 | J84: =H84*I84 -> 0 | K84: P010 | L84: En Isla | M84: 5000 | N84: =+$N$69 -> 945 | O84: =+ROUND((G84*N84),2)+J84+M84 -> 66056.45 | P84: =O84/(G84) -> 1022.3874 | Q84: 0.01 | R84: =O84*Q84 -> 660.5645 | S84: 0.04 | T84: =O84*S84 -> 2642.258 | U84: =COUNTIF(X84:DS84,">0")-2 -> 5 | V84: 0.95 | W84: =+O84*V84 -> 62753.627 | AD84: =+$R84 -> 660.5645 | AE84: =+$T84/5 -> 528.4516 | AF84: =+$T84/5 -> 528.4516 | AG84: =+$T84/5 -> 528.4516 | AH84: =+$T84/5 -> 528.4516 | AI84: =+$T84/5 -> 528.4516 | AJ84: =+$W84 -> 62753.627 | AK84: 0 | AL84: 0 | AM84: 0 | AN84: 0 | AO84: 0 | AP84: 0 | AQ84: 0 | AR84: 0 | AS84: 0 | AT84: 0 | AU84: 0 | AV84: 0 | AW84: 0 | AX84: 0 | AY84: 0 | AZ84: 0 | BA84: 0 | BB84: 0 | BC84: 0 | BD84: 0 | BE84: 0 | BF84: 0 | BG84: 0 | BH84: 0 | BI84: 0 | BJ84: 0 | BK84: 0 | BL84: 0 | BM84: 0 | BN84: 0 | BO84: 0 | BP84: 0 | BQ84: 0 | BR84: 0 | BS84: 0 | BT84: 0 | BU84: 0 | BV84: 0 | BW84: 0 | BX84: 0 | BY84: 0 | BZ84: 0 | CA84: 0 | CB84: 0 | CC84: 0 | CD84: 0 | CE84: 0 | CF84: 0 | CG84: 0 | CH84: 0 | CI84: 0 | CJ84: 0 | CK84: 0 | CL84: 0 | CM84: 0 | CN84: 0 | CO84: 0 | CP84: 0 | CQ84: 0 | CR84: 0 | CS84: 0 | CT84: 0 | CU84: 0 | CV84: 0 | CW84: 0 | CX84: 0 | CY84: 0 | CZ84: 0 | DA84: 0 | DB84: 0 | DC84: 0 | DD84: 0 | DE84: 0 | DF84: 0 | DG84: 0 | DH84: 0 | DI84: 0 | DJ84: 0 | DK84: 0 | DL84: 0 | DM84: 0 | DN84: 0 | DO84: 0 | DP84: 0 | DQ84: 0 | DR84: 0 | DS84: 0 | DT84: =SUM(X84:DR84) -> 66056.45 | DU84: =+O84-DT84 -> 0 | DW84: =O84=DT84 -> TRUE
A85: Departamento 17 | C85: C | E85: =$E$69 -> 64.61 | F85: =$F$69 -> 0 | G85: =E85+F85 -> 64.61 | H85: =$H$69 -> 0 | I85: =$I$17 -> 149.1 | J85: =H85*I85 -> 0 | K85: P011 | L85: En Isla | M85: 5000 | N85: =+$N$69 -> 945 | O85: =+ROUND((G85*N85),2)+J85+M85 -> 66056.45 | P85: =O85/(G85) -> 1022.3874 | Q85: 0.01 | R85: =O85*Q85 -> 660.5645 | S85: 0.04 | T85: =O85*S85 -> 2642.258 | U85: =COUNTIF(X85:DS85,">0")-2 -> 3 | V85: 0.95 | W85: =+O85*V85 -> 62753.627 | AD85: =+$R85 -> 660.5645 | AE85: =+$T85/3 -> 880.75267 | AF85: =+$T85/3 -> 880.75267 | AG85: =+$T85/3 -> 880.75267 | AH85: =+$W85 -> 62753.627 | AI85: 0 | AJ85: 0 | AK85: 0 | AL85: 0 | AM85: 0 | AN85: 0 | AO85: 0 | AP85: 0 | AQ85: 0 | AR85: 0 | AS85: 0 | AT85: 0 | AU85: 0 | AV85: 0 | AW85: 0 | AX85: 0 | AY85: 0 | AZ85: 0 | BA85: 0 | BB85: 0 | BC85: 0 | BD85: 0 | BE85: 0 | BF85: 0 | BG85: 0 | BH85: 0 | BI85: 0 | BJ85: 0 | BK85: 0 | BL85: 0 | BM85: 0 | BN85: 0 | BO85: 0 | BP85: 0 | BQ85: 0 | BR85: 0 | BS85: 0 | BT85: 0 | BU85: 0 | BV85: 0 | BW85: 0 | BX85: 0 | BY85: 0 | BZ85: 0 | CA85: 0 | CB85: 0 | CC85: 0 | CD85: 0 | CE85: 0 | CF85: 0 | CG85: 0 | CH85: 0 | CI85: 0 | CJ85: 0 | CK85: 0 | CL85: 0 | CM85: 0 | CN85: 0 | CO85: 0 | CP85: 0 | CQ85: 0 | CR85: 0 | CS85: 0 | CT85: 0 | CU85: 0 | CV85: 0 | CW85: 0 | CX85: 0 | CY85: 0 | CZ85: 0 | DA85: 0 | DB85: 0 | DC85: 0 | DD85: 0 | DE85: 0 | DF85: 0 | DG85: 0 | DH85: 0 | DI85: 0 | DJ85: 0 | DK85: 0 | DL85: 0 | DM85: 0 | DN85: 0 | DO85: 0 | DP85: 0 | DQ85: 0 | DR85: 0 | DS85: 0 | DT85: =SUM(X85:DR85) -> 66056.45 | DU85: =+O85-DT85 -> 0 | DW85: =O85=DT85 -> TRUE
A86: Departamento 18 | C86: C | E86: =$E$69 -> 64.61 | F86: =$F$69 -> 0 | G86: =E86+F86 -> 64.61 | H86: =$H$69 -> 0 | I86: =$I$17 -> 149.1 | J86: =H86*I86 -> 0 | K86: P012 | L86: En Isla | M86: 5000 | N86: =+$N$69 -> 945 | O86: =+ROUND((G86*N86),2)+J86+M86 -> 66056.45 | P86: =O86/(G86) -> 1022.3874 | Q86: 0.01 | R86: =O86*Q86 -> 660.5645 | S86: 0.04 | T86: =O86*S86 -> 2642.258 | U86: =COUNTIF(X86:DS86,">0")-2 -> 1 | V86: 0.95 | W86: =+O86*V86 -> 62753.627 | AD86: =+$R86 -> 660.5645 | AE86: =+$T86/1 -> 2642.258 | AF86: =+$W86 -> 62753.627 | AG86: 0 | AH86: 0 | AI86: 0 | AJ86: 0 | AK86: 0 | AL86: 0 | AM86: 0 | AN86: 0 | AO86: 0 | AP86: 0 | AQ86: 0 | AR86: 0 | AS86: 0 | AT86: 0 | AU86: 0 | AV86: 0 | AW86: 0 | AX86: 0 | AY86: 0 | AZ86: 0 | BA86: 0 | BB86: 0 | BC86: 0 | BD86: 0 | BE86: 0 | BF86: 0 | BG86: 0 | BH86: 0 | BI86: 0 | BJ86: 0 | BK86: 0 | BL86: 0 | BM86: 0 | BN86: 0 | BO86: 0 | BP86: 0 | BQ86: 0 | BR86: 0 | BS86: 0 | BT86: 0 | BU86: 0 | BV86: 0 | BW86: 0 | BX86: 0 | BY86: 0 | BZ86: 0 | CA86: 0 | CB86: 0 | CC86: 0 | CD86: 0 | CE86: 0 | CF86: 0 | CG86: 0 | CH86: 0 | CI86: 0 | CJ86: 0 | CK86: 0 | CL86: 0 | CM86: 0 | CN86: 0 | CO86: 0 | CP86: 0 | CQ86: 0 | CR86: 0 | CS86: 0 | CT86: 0 | CU86: 0 | CV86: 0 | CW86: 0 | CX86: 0 | CY86: 0 | CZ86: 0 | DA86: 0 | DB86: 0 | DC86: 0 | DD86: 0 | DE86: 0 | DF86: 0 | DG86: 0 | DH86: 0 | DI86: 0 | DJ86: 0 | DK86: 0 | DL86: 0 | DM86: 0 | DN86: 0 | DO86: 0 | DP86: 0 | DQ86: 0 | DR86: 0 | DS86: 0 | DT86: =SUM(X86:DR86) -> 66056.45 | DU86: =+O86-DT86 -> 0 | DW86: =O86=DT86 -> TRUE
A87: Departamento 19 | C87: C | E87: =$E$69 -> 64.61 | F87: =$F$69 -> 0 | G87: =E87+F87 -> 64.61 | H87: =$H$69 -> 0 | I87: =$I$17 -> 149.1 | J87: =H87*I87 -> 0 | N87: =+$N$69 -> 945 | O87: =+ROUND((G87*N87),2)+J87+M87 -> 61056.45 | P87: =O87/(G87) -> 945 | Q87: 0.01 | R87: =O87*Q87 -> 610.5645 | S87: 0.04 | T87: =O87*S87 -> 2442.258 | U87: =COUNTIF(X87:DS87,">0")-2 -> 5 | V87: 0.95 | W87: =+O87*V87 -> 58003.627 | AE87: =+$R87 -> 610.5645 | AF87: =+$T87/5 -> 488.4516 | AG87: =+$T87/5 -> 488.4516 | AH87: =+$T87/5 -> 488.4516 | AI87: =+$T87/5 -> 488.4516 | AJ87: =+$T87/5 -> 488.4516 | AK87: =+$W87 -> 58003.627 | AL87: 0 | AM87: 0 | AN87: 0 | AO87: 0 | AP87: 0 | AQ87: 0 | AR87: 0 | AS87: 0 | AT87: 0 | AU87: 0 | AV87: 0 | AW87: 0 | AX87: 0 | AY87: 0 | AZ87: 0 | BA87: 0 | BB87: 0 | BC87: 0 | BD87: 0 | BE87: 0 | BF87: 0 | BG87: 0 | BH87: 0 | BI87: 0 | BJ87: 0 | BK87: 0 | BL87: 0 | BM87: 0 | BN87: 0 | BO87: 0 | BP87: 0 | BQ87: 0 | BR87: 0 | BS87: 0 | BT87: 0 | BU87: 0 | BV87: 0 | BW87: 0 | BX87: 0 | BY87: 0 | BZ87: 0 | CA87: 0 | CB87: 0 | CC87: 0 | CD87: 0 | CE87: 0 | CF87: 0 | CG87: 0 | CH87: 0 | CI87: 0 | CJ87: 0 | CK87: 0 | CL87: 0 | CM87: 0 | CN87: 0 | CO87: 0 | CP87: 0 | CQ87: 0 | CR87: 0 | CS87: 0 | CT87: 0 | CU87: 0 | CV87: 0 | CW87: 0 | CX87: 0 | CY87: 0 | CZ87: 0 | DA87: 0 | DB87: 0 | DC87: 0 | DD87: 0 | DE87: 0 | DF87: 0 | DG87: 0 | DH87: 0 | DI87: 0 | DJ87: 0 | DK87: 0 | DL87: 0 | DM87: 0 | DN87: 0 | DO87: 0 | DP87: 0 | DQ87: 0 | DR87: 0 | DS87: 0 | DT87: =SUM(X87:DR87) -> 61056.45 | DU87: =+O87-DT87 -> 0 | DW87: =O87=DT87 -> TRUE
A88: Departamento 20 | C88: C | E88: =$E$69 -> 64.61 | F88: =$F$69 -> 0 | G88: =E88+F88 -> 64.61 | H88: =$H$69 -> 0 | I88: =$I$17 -> 149.1 | J88: =H88*I88 -> 0 | N88: =+$N$69 -> 945 | O88: =+ROUND((G88*N88),2)+J88+M88 -> 61056.45 | P88: =O88/(G88) -> 945 | Q88: 0.01 | R88: =O88*Q88 -> 610.5645 | S88: 0.04 | T88: =O88*S88 -> 2442.258 | U88: =COUNTIF(X88:DS88,">0")-2 -> 3 | V88: 0.95 | W88: =+O88*V88 -> 58003.627 | AE88: =+$R88 -> 610.5645 | AF88: =+$T88/3 -> 814.086 | AG88: =+$T88/3 -> 814.086 | AH88: =+$T88/3 -> 814.086 | AI88: =+$W88 -> 58003.627 | AJ88: 0 | AK88: 0 | AL88: 0 | AM88: 0 | AN88: 0 | AO88: 0 | AP88: 0 | AQ88: 0 | AR88: 0 | AS88: 0 | AT88: 0 | AU88: 0 | AV88: 0 | AW88: 0 | AX88: 0 | AY88: 0 | AZ88: 0 | BA88: 0 | BB88: 0 | BC88: 0 | BD88: 0 | BE88: 0 | BF88: 0 | BG88: 0 | BH88: 0 | BI88: 0 | BJ88: 0 | BK88: 0 | BL88: 0 | BM88: 0 | BN88: 0 | BO88: 0 | BP88: 0 | BQ88: 0 | BR88: 0 | BS88: 0 | BT88: 0 | BU88: 0 | BV88: 0 | BW88: 0 | BX88: 0 | BY88: 0 | BZ88: 0 | CA88: 0 | CB88: 0 | CC88: 0 | CD88: 0 | CE88: 0 | CF88: 0 | CG88: 0 | CH88: 0 | CI88: 0 | CJ88: 0 | CK88: 0 | CL88: 0 | CM88: 0 | CN88: 0 | CO88: 0 | CP88: 0 | CQ88: 0 | CR88: 0 | CS88: 0 | CT88: 0 | CU88: 0 | CV88: 0 | CW88: 0 | CX88: 0 | CY88: 0 | CZ88: 0 | DA88: 0 | DB88: 0 | DC88: 0 | DD88: 0 | DE88: 0 | DF88: 0 | DG88: 0 | DH88: 0 | DI88: 0 | DJ88: 0 | DK88: 0 | DL88: 0 | DM88: 0 | DN88: 0 | DO88: 0 | DP88: 0 | DQ88: 0 | DR88: 0 | DS88: 0 | DT88: =SUM(X88:DR88) -> 61056.45 | DU88: =+O88-DT88 -> 0 | DW88: =O88=DT88 -> TRUE
A89: Departamento 21 | C89: C | E89: =$E$69 -> 64.61 | F89: =$F$69 -> 0 | G89: =E89+F89 -> 64.61 | H89: =$H$69 -> 0 | I89: =$I$17 -> 149.1 | J89: =H89*I89 -> 0 | N89: =+$N$69 -> 945 | O89: =+ROUND((G89*N89),2)+J89+M89 -> 61056.45 | P89: =O89/(G89) -> 945 | Q89: 0.01 | R89: =O89*Q89 -> 610.5645 | S89: 0.04 | T89: =O89*S89 -> 2442.258 | U89: =COUNTIF(X89:DS89,">0")-2 -> 1 | V89: 0.95 | W89: =+O89*V89 -> 58003.627 | AE89: =+$R89 -> 610.5645 | AF89: =+$T89/1 -> 2442.258 | AG89: =+$W89 -> 58003.627 | AH89: 0 | AI89: 0 | AJ89: 0 | AK89: 0 | AL89: 0 | AM89: 0 | AN89: 0 | AO89: 0 | AP89: 0 | AQ89: 0 | AR89: 0 | AS89: 0 | AT89: 0 | AU89: 0 | AV89: 0 | AW89: 0 | AX89: 0 | AY89: 0 | AZ89: 0 | BA89: 0 | BB89: 0 | BC89: 0 | BD89: 0 | BE89: 0 | BF89: 0 | BG89: 0 | BH89: 0 | BI89: 0 | BJ89: 0 | BK89: 0 | BL89: 0 | BM89: 0 | BN89: 0 | BO89: 0 | BP89: 0 | BQ89: 0 | BR89: 0 | BS89: 0 | BT89: 0 | BU89: 0 | BV89: 0 | BW89: 0 | BX89: 0 | BY89: 0 | BZ89: 0 | CA89: 0 | CB89: 0 | CC89: 0 | CD89: 0 | CE89: 0 | CF89: 0 | CG89: 0 | CH89: 0 | CI89: 0 | CJ89: 0 | CK89: 0 | CL89: 0 | CM89: 0 | CN89: 0 | CO89: 0 | CP89: 0 | CQ89: 0 | CR89: 0 | CS89: 0 | CT89: 0 | CU89: 0 | CV89: 0 | CW89: 0 | CX89: 0 | CY89: 0 | CZ89: 0 | DA89: 0 | DB89: 0 | DC89: 0 | DD89: 0 | DE89: 0 | DF89: 0 | DG89: 0 | DH89: 0 | DI89: 0 | DJ89: 0 | DK89: 0 | DL89: 0 | DM89: 0 | DN89: 0 | DO89: 0 | DP89: 0 | DQ89: 0 | DR89: 0 | DS89: 0 | DT89: =SUM(X89:DR89) -> 61056.45 | DU89: =+O89-DT89 -> 0 | DW89: =O89=DT89 -> TRUE
A90: Departamento 22 | C90: C | E90: =$E$69 -> 64.61 | F90: =$F$69 -> 0 | G90: =E90+F90 -> 64.61 | H90: =$H$69 -> 0 | I90: =$I$17 -> 149.1 | J90: =H90*I90 -> 0 | N90: =+$N$69 -> 945 | O90: =+ROUND((G90*N90),2)+J90+M90 -> 61056.45 | P90: =O90/(G90) -> 945 | Q90: 0.01 | R90: =O90*Q90 -> 610.5645 | S90: 0.04 | T90: =O90*S90 -> 2442.258 | U90: =COUNTIF(X90:DS90,">0")-2 -> 5 | V90: 0.95 | W90: =+O90*V90 -> 58003.627 | AE90: =+$R90 -> 610.5645 | AF90: =+$T90/5 -> 488.4516 | AG90: =+$T90/5 -> 488.4516 | AH90: =+$T90/5 -> 488.4516 | AI90: =+$T90/5 -> 488.4516 | AJ90: =+$T90/5 -> 488.4516 | AK90: =+$W90 -> 58003.627 | AL90: 0 | AM90: 0 | AN90: 0 | AO90: 0 | AP90: 0 | AQ90: 0 | AR90: 0 | AS90: 0 | AT90: 0 | AU90: 0 | AV90: 0 | AW90: 0 | AX90: 0 | AY90: 0 | AZ90: 0 | BA90: 0 | BB90: 0 | BC90: 0 | BD90: 0 | BE90: 0 | BF90: 0 | BG90: 0 | BH90: 0 | BI90: 0 | BJ90: 0 | BK90: 0 | BL90: 0 | BM90: 0 | BN90: 0 | BO90: 0 | BP90: 0 | BQ90: 0 | BR90: 0 | BS90: 0 | BT90: 0 | BU90: 0 | BV90: 0 | BW90: 0 | BX90: 0 | BY90: 0 | BZ90: 0 | CA90: 0 | CB90: 0 | CC90: 0 | CD90: 0 | CE90: 0 | CF90: 0 | CG90: 0 | CH90: 0 | CI90: 0 | CJ90: 0 | CK90: 0 | CL90: 0 | CM90: 0 | CN90: 0 | CO90: 0 | CP90: 0 | CQ90: 0 | CR90: 0 | CS90: 0 | CT90: 0 | CU90: 0 | CV90: 0 | CW90: 0 | CX90: 0 | CY90: 0 | CZ90: 0 | DA90: 0 | DB90: 0 | DC90: 0 | DD90: 0 | DE90: 0 | DF90: 0 | DG90: 0 | DH90: 0 | DI90: 0 | DJ90: 0 | DK90: 0 | DL90: 0 | DM90: 0 | DN90: 0 | DO90: 0 | DP90: 0 | DQ90: 0 | DR90: 0 | DS90: 0 | DT90: =SUM(X90:DR90) -> 61056.45 | DU90: =+O90-DT90 -> 0 | DW90: =O90=DT90 -> TRUE
A91: Departamento 23 | C91: C | E91: =$E$69 -> 64.61 | F91: =$F$69 -> 0 | G91: =E91+F91 -> 64.61 | H91: =$H$69 -> 0 | I91: =$I$17 -> 149.1 | J91: =H91*I91 -> 0 | N91: =+$N$69 -> 945 | O91: =+ROUND((G91*N91),2)+J91+M91 -> 61056.45 | P91: =O91/(G91) -> 945 | Q91: 0.01 | R91: =O91*Q91 -> 610.5645 | S91: 0.04 | T91: =O91*S91 -> 2442.258 | U91: =COUNTIF(X91:DS91,">0")-2 -> 3 | V91: 0.95 | W91: =+O91*V91 -> 58003.627 | AF91: =+$R91 -> 610.5645 | AG91: =+$T91/3 -> 814.086 | AH91: =+$T91/3 -> 814.086 | AI91: =+$T91/3 -> 814.086 | AJ91: =+$W91 -> 58003.627 | AK91: 0 | AL91: 0 | AM91: 0 | AN91: 0 | AO91: 0 | AP91: 0 | AQ91: 0 | AR91: 0 | AS91: 0 | AT91: 0 | AU91: 0 | AV91: 0 | AW91: 0 | AX91: 0 | AY91: 0 | AZ91: 0 | BA91: 0 | BB91: 0 | BC91: 0 | BD91: 0 | BE91: 0 | BF91: 0 | BG91: 0 | BH91: 0 | BI91: 0 | BJ91: 0 | BK91: 0 | BL91: 0 | BM91: 0 | BN91: 0 | BO91: 0 | BP91: 0 | BQ91: 0 | BR91: 0 | BS91: 0 | BT91: 0 | BU91: 0 | BV91: 0 | BW91: 0 | BX91: 0 | BY91: 0 | BZ91: 0 | CA91: 0 | CB91: 0 | CC91: 0 | CD91: 0 | CE91: 0 | CF91: 0 | CG91: 0 | CH91: 0 | CI91: 0 | CJ91: 0 | CK91: 0 | CL91: 0 | CM91: 0 | CN91: 0 | CO91: 0 | CP91: 0 | CQ91: 0 | CR91: 0 | CS91: 0 | CT91: 0 | CU91: 0 | CV91: 0 | CW91: 0 | CX91: 0 | CY91: 0 | CZ91: 0 | DA91: 0 | DB91: 0 | DC91: 0 | DD91: 0 | DE91: 0 | DF91: 0 | DG91: 0 | DH91: 0 | DI91: 0 | DJ91: 0 | DK91: 0 | DL91: 0 | DM91: 0 | DN91: 0 | DO91: 0 | DP91: 0 | DQ91: 0 | DR91: 0 | DS91: 0 | DT91: =SUM(X91:DR91) -> 61056.45 | DU91: =+O91-DT91 -> 0 | DW91: =O91=DT91 -> TRUE
A92: Departamento 24 | C92: C | E92: =$E$69 -> 64.61 | F92: =$F$69 -> 0 | G92: =E92+F92 -> 64.61 | H92: =$H$69 -> 0 | I92: =$I$17 -> 149.1 | J92: =H92*I92 -> 0 | N92: =+$N$69 -> 945 | O92: =+ROUND((G92*N92),2)+J92+M92 -> 61056.45 | P92: =O92/(G92) -> 945 | Q92: 0.01 | R92: =O92*Q92 -> 610.5645 | S92: 0.04 | T92: =O92*S92 -> 2442.258 | U92: =COUNTIF(X92:DS92,">0")-2 -> 1 | V92: 0.95 | W92: =+O92*V92 -> 58003.627 | AF92: =+$R92 -> 610.5645 | AG92: =+$T92/1 -> 2442.258 | AH92: =+$W92 -> 58003.627 | AI92: 0 | AJ92: 0 | AK92: 0 | AL92: 0 | AM92: 0 | AN92: 0 | AO92: 0 | AP92: 0 | AQ92: 0 | AR92: 0 | AS92: 0 | AT92: 0 | AU92: 0 | AV92: 0 | AW92: 0 | AX92: 0 | AY92: 0 | AZ92: 0 | BA92: 0 | BB92: 0 | BC92: 0 | BD92: 0 | BE92: 0 | BF92: 0 | BG92: 0 | BH92: 0 | BI92: 0 | BJ92: 0 | BK92: 0 | BL92: 0 | BM92: 0 | BN92: 0 | BO92: 0 | BP92: 0 | BQ92: 0 | BR92: 0 | BS92: 0 | BT92: 0 | BU92: 0 | BV92: 0 | BW92: 0 | BX92: 0 | BY92: 0 | BZ92: 0 | CA92: 0 | CB92: 0 | CC92: 0 | CD92: 0 | CE92: 0 | CF92: 0 | CG92: 0 | CH92: 0 | CI92: 0 | CJ92: 0 | CK92: 0 | CL92: 0 | CM92: 0 | CN92: 0 | CO92: 0 | CP92: 0 | CQ92: 0 | CR92: 0 | CS92: 0 | CT92: 0 | CU92: 0 | CV92: 0 | CW92: 0 | CX92: 0 | CY92: 0 | CZ92: 0 | DA92: 0 | DB92: 0 | DC92: 0 | DD92: 0 | DE92: 0 | DF92: 0 | DG92: 0 | DH92: 0 | DI92: 0 | DJ92: 0 | DK92: 0 | DL92: 0 | DM92: 0 | DN92: 0 | DO92: 0 | DP92: 0 | DQ92: 0 | DR92: 0 | DS92: 0 | DT92: =SUM(X92:DR92) -> 61056.45 | DU92: =+O92-DT92 -> 0 | DW92: =O92=DT92 -> TRUE
A93: Departamento 25 | C93: C | E93: =$E$69 -> 64.61 | F93: =$F$69 -> 0 | G93: =E93+F93 -> 64.61 | H93: =$H$69 -> 0 | I93: =$I$17 -> 149.1 | J93: =H93*I93 -> 0 | K93: P013 | L93: En Isla | M93: 5000 | N93: =+$N$69 -> 945 | O93: =+ROUND((G93*N93),2)+J93+M93 -> 66056.45 | P93: =O93/(G93) -> 1022.3874 | Q93: 0.01 | R93: =O93*Q93 -> 660.5645 | S93: 0.04 | T93: =O93*S93 -> 2642.258 | U93: =COUNTIF(X93:DS93,">0")-2 -> 5 | V93: 0.95 | W93: =+O93*V93 -> 62753.627 | AF93: =+$R93 -> 660.5645 | AG93: =+$T93/5 -> 528.4516 | AH93: =+$T93/5 -> 528.4516 | AI93: =+$T93/5 -> 528.4516 | AJ93: =+$T93/5 -> 528.4516 | AK93: =+$T93/5 -> 528.4516 | AL93: =+$W93 -> 62753.627 | AM93: 0 | AN93: 0 | AO93: 0 | AP93: 0 | AQ93: 0 | AR93: 0 | AS93: 0 | AT93: 0 | AU93: 0 | AV93: 0 | AW93: 0 | AX93: 0 | AY93: 0 | AZ93: 0 | BA93: 0 | BB93: 0 | BC93: 0 | BD93: 0 | BE93: 0 | BF93: 0 | BG93: 0 | BH93: 0 | BI93: 0 | BJ93: 0 | BK93: 0 | BL93: 0 | BM93: 0 | BN93: 0 | BO93: 0 | BP93: 0 | BQ93: 0 | BR93: 0 | BS93: 0 | BT93: 0 | BU93: 0 | BV93: 0 | BW93: 0 | BX93: 0 | BY93: 0 | BZ93: 0 | CA93: 0 | CB93: 0 | CC93: 0 | CD93: 0 | CE93: 0 | CF93: 0 | CG93: 0 | CH93: 0 | CI93: 0 | CJ93: 0 | CK93: 0 | CL93: 0 | CM93: 0 | CN93: 0 | CO93: 0 | CP93: 0 | CQ93: 0 | CR93: 0 | CS93: 0 | CT93: 0 | CU93: 0 | CV93: 0 | CW93: 0 | CX93: 0 | CY93: 0 | CZ93: 0 | DA93: 0 | DB93: 0 | DC93: 0 | DD93: 0 | DE93: 0 | DF93: 0 | DG93: 0 | DH93: 0 | DI93: 0 | DJ93: 0 | DK93: 0 | DL93: 0 | DM93: 0 | DN93: 0 | DO93: 0 | DP93: 0 | DQ93: 0 | DR93: 0 | DS93: 0 | DT93: =SUM(X93:DR93) -> 66056.45 | DU93: =+O93-DT93 -> 0 | DW93: =O93=DT93 -> TRUE
A94: Departamento 26 | C94: C | E94: =$E$69 -> 64.61 | F94: =$F$69 -> 0 | G94: =E94+F94 -> 64.61 | H94: =$H$69 -> 0 | I94: =$I$17 -> 149.1 | J94: =H94*I94 -> 0 | K94: P066 | L94: En Isla | M94: 5000 | N94: =+$N$69 -> 945 | O94: =+ROUND((G94*N94),2)+J94+M94 -> 66056.45 | P94: =O94/(G94) -> 1022.3874 | Q94: 0.01 | R94: =O94*Q94 -> 660.5645 | S94: 0.04 | T94: =O94*S94 -> 2642.258 | U94: =COUNTIF(X94:DS94,">0")-2 -> 3 | V94: 0.95 | W94: =+O94*V94 -> 62753.627 | AF94: =+$R94 -> 660.5645 | AG94: =+$T94/3 -> 880.75267 | AH94: =+$T94/3 -> 880.75267 | AI94: =+$T94/3 -> 880.75267 | AJ94: =+$W94 -> 62753.627 | AK94: 0 | AL94: 0 | AM94: 0 | AN94: 0 | AO94: 0 | AP94: 0 | AQ94: 0 | AR94: 0 | AS94: 0 | AT94: 0 | AU94: 0 | AV94: 0 | AW94: 0 | AX94: 0 | AY94: 0 | AZ94: 0 | BA94: 0 | BB94: 0 | BC94: 0 | BD94: 0 | BE94: 0 | BF94: 0 | BG94: 0 | BH94: 0 | BI94: 0 | BJ94: 0 | BK94: 0 | BL94: 0 | BM94: 0 | BN94: 0 | BO94: 0 | BP94: 0 | BQ94: 0 | BR94: 0 | BS94: 0 | BT94: 0 | BU94: 0 | BV94: 0 | BW94: 0 | BX94: 0 | BY94: 0 | BZ94: 0 | CA94: 0 | CB94: 0 | CC94: 0 | CD94: 0 | CE94: 0 | CF94: 0 | CG94: 0 | CH94: 0 | CI94: 0 | CJ94: 0 | CK94: 0 | CL94: 0 | CM94: 0 | CN94: 0 | CO94: 0 | CP94: 0 | CQ94: 0 | CR94: 0 | CS94: 0 | CT94: 0 | CU94: 0 | CV94: 0 | CW94: 0 | CX94: 0 | CY94: 0 | CZ94: 0 | DA94: 0 | DB94: 0 | DC94: 0 | DD94: 0 | DE94: 0 | DF94: 0 | DG94: 0 | DH94: 0 | DI94: 0 | DJ94: 0 | DK94: 0 | DL94: 0 | DM94: 0 | DN94: 0 | DO94: 0 | DP94: 0 | DQ94: 0 | DR94: 0 | DS94: 0 | DT94: =SUM(X94:DR94) -> 66056.45 | DU94: =+O94-DT94 -> 0 | DW94: =O94=DT94 -> TRUE
A95: Departamento 27 | C95: C | E95: =$E$69 -> 64.61 | F95: =$F$69 -> 0 | G95: =E95+F95 -> 64.61 | H95: =$H$69 -> 0 | I95: =$I$17 -> 149.1 | J95: =H95*I95 -> 0 | K95: P067 | L95: En Isla | M95: 5000 | N95: =+$N$69 -> 945 | O95: =+ROUND((G95*N95),2)+J95+M95 -> 66056.45 | P95: =O95/(G95) -> 1022.3874 | Q95: 0.01 | R95: =O95*Q95 -> 660.5645 | S95: 0.04 | T95: =O95*S95 -> 2642.258 | U95: =COUNTIF(X95:DS95,">0")-2 -> 1 | V95: 0.95 | W95: =+O95*V95 -> 62753.627 | AG95: =+$R95 -> 660.5645 | AH95: =+$T95/1 -> 2642.258 | AI95: =+$W95 -> 62753.627 | AJ95: 0 | AK95: 0 | AL95: 0 | AM95: 0 | AN95: 0 | AO95: 0 | AP95: 0 | AQ95: 0 | AR95: 0 | AS95: 0 | AT95: 0 | AU95: 0 | AV95: 0 | AW95: 0 | AX95: 0 | AY95: 0 | AZ95: 0 | BA95: 0 | BB95: 0 | BC95: 0 | BD95: 0 | BE95: 0 | BF95: 0 | BG95: 0 | BH95: 0 | BI95: 0 | BJ95: 0 | BK95: 0 | BL95: 0 | BM95: 0 | BN95: 0 | BO95: 0 | BP95: 0 | BQ95: 0 | BR95: 0 | BS95: 0 | BT95: 0 | BU95: 0 | BV95: 0 | BW95: 0 | BX95: 0 | BY95: 0 | BZ95: 0 | CA95: 0 | CB95: 0 | CC95: 0 | CD95: 0 | CE95: 0 | CF95: 0 | CG95: 0 | CH95: 0 | CI95: 0 | CJ95: 0 | CK95: 0 | CL95: 0 | CM95: 0 | CN95: 0 | CO95: 0 | CP95: 0 | CQ95: 0 | CR95: 0 | CS95: 0 | CT95: 0 | CU95: 0 | CV95: 0 | CW95: 0 | CX95: 0 | CY95: 0 | CZ95: 0 | DA95: 0 | DB95: 0 | DC95: 0 | DD95: 0 | DE95: 0 | DF95: 0 | DG95: 0 | DH95: 0 | DI95: 0 | DJ95: 0 | DK95: 0 | DL95: 0 | DM95: 0 | DN95: 0 | DO95: 0 | DP95: 0 | DQ95: 0 | DR95: 0 | DS95: 0 | DT95: =SUM(X95:DR95) -> 66056.45 | DU95: =+O95-DT95 -> 0 | DW95: =O95=DT95 -> TRUE
A96: Departamento 28 | C96: C | E96: =$E$69 -> 64.61 | F96: =$F$69 -> 0 | G96: =E96+F96 -> 64.61 | H96: =$H$69 -> 0 | I96: =$I$17 -> 149.1 | J96: =H96*I96 -> 0 | K96: P068 | L96: En Isla | M96: 5000 | N96: =+$N$69 -> 945 | O96: =+ROUND((G96*N96),2)+J96+M96 -> 66056.45 | P96: =O96/(G96) -> 1022.3874 | Q96: 0.01 | R96: =O96*Q96 -> 660.5645 | S96: 0.04 | T96: =O96*S96 -> 2642.258 | U96: =COUNTIF(X96:DS96,">0")-2 -> 5 | V96: 0.95 | W96: =+O96*V96 -> 62753.627 | AG96: =+$R96 -> 660.5645 | AH96: =+$T96/5 -> 528.4516 | AI96: =+$T96/5 -> 528.4516 | AJ96: =+$T96/5 -> 528.4516 | AK96: =+$T96/5 -> 528.4516 | AL96: =+$T96/5 -> 528.4516 | AM96: =+$W96 -> 62753.627 | AN96: 0 | AO96: 0 | AP96: 0 | AQ96: 0 | AR96: 0 | AS96: 0 | AT96: 0 | AU96: 0 | AV96: 0 | AW96: 0 | AX96: 0 | AY96: 0 | AZ96: 0 | BA96: 0 | BB96: 0 | BC96: 0 | BD96: 0 | BE96: 0 | BF96: 0 | BG96: 0 | BH96: 0 | BI96: 0 | BJ96: 0 | BK96: 0 | BL96: 0 | BM96: 0 | BN96: 0 | BO96: 0 | BP96: 0 | BQ96: 0 | BR96: 0 | BS96: 0 | BT96: 0 | BU96: 0 | BV96: 0 | BW96: 0 | BX96: 0 | BY96: 0 | BZ96: 0 | CA96: 0 | CB96: 0 | CC96: 0 | CD96: 0 | CE96: 0 | CF96: 0 | CG96: 0 | CH96: 0 | CI96: 0 | CJ96: 0 | CK96: 0 | CL96: 0 | CM96: 0 | CN96: 0 | CO96: 0 | CP96: 0 | CQ96: 0 | CR96: 0 | CS96: 0 | CT96: 0 | CU96: 0 | CV96: 0 | CW96: 0 | CX96: 0 | CY96: 0 | CZ96: 0 | DA96: 0 | DB96: 0 | DC96: 0 | DD96: 0 | DE96: 0 | DF96: 0 | DG96: 0 | DH96: 0 | DI96: 0 | DJ96: 0 | DK96: 0 | DL96: 0 | DM96: 0 | DN96: 0 | DO96: 0 | DP96: 0 | DQ96: 0 | DR96: 0 | DS96: 0 | DT96: =SUM(X96:DR96) -> 66056.45 | DU96: =+O96-DT96 -> 0 | DW96: =O96=DT96 -> TRUE
A97: Departamento 29 | C97: C | E97: =$E$69 -> 64.61 | F97: =$F$69 -> 0 | G97: =E97+F97 -> 64.61 | H97: =$H$69 -> 0 | I97: =$I$17 -> 149.1 | J97: =H97*I97 -> 0 | K97: P069 | L97: En Isla | M97: 5000 | N97: =+$N$69 -> 945 | O97: =+ROUND((G97*N97),2)+J97+M97 -> 66056.45 | P97: =O97/(G97) -> 1022.3874 | Q97: 0.01 | R97: =O97*Q97 -> 660.5645 | S97: 0.04 | T97: =O97*S97 -> 2642.258 | U97: =COUNTIF(X97:DS97,">0")-2 -> 3 | V97: 0.95 | W97: =+O97*V97 -> 62753.627 | AG97: =+$R97 -> 660.5645 | AH97: =+$T97/3 -> 880.75267 | AI97: =+$T97/3 -> 880.75267 | AJ97: =+$T97/3 -> 880.75267 | AK97: =+$W97 -> 62753.627 | AL97: 0 | AM97: 0 | AN97: 0 | AO97: 0 | AP97: 0 | AQ97: 0 | AR97: 0 | AS97: 0 | AT97: 0 | AU97: 0 | AV97: 0 | AW97: 0 | AX97: 0 | AY97: 0 | AZ97: 0 | BA97: 0 | BB97: 0 | BC97: 0 | BD97: 0 | BE97: 0 | BF97: 0 | BG97: 0 | BH97: 0 | BI97: 0 | BJ97: 0 | BK97: 0 | BL97: 0 | BM97: 0 | BN97: 0 | BO97: 0 | BP97: 0 | BQ97: 0 | BR97: 0 | BS97: 0 | BT97: 0 | BU97: 0 | BV97: 0 | BW97: 0 | BX97: 0 | BY97: 0 | BZ97: 0 | CA97: 0 | CB97: 0 | CC97: 0 | CD97: 0 | CE97: 0 | CF97: 0 | CG97: 0 | CH97: 0 | CI97: 0 | CJ97: 0 | CK97: 0 | CL97: 0 | CM97: 0 | CN97: 0 | CO97: 0 | CP97: 0 | CQ97: 0 | CR97: 0 | CS97: 0 | CT97: 0 | CU97: 0 | CV97: 0 | CW97: 0 | CX97: 0 | CY97: 0 | CZ97: 0 | DA97: 0 | DB97: 0 | DC97: 0 | DD97: 0 | DE97: 0 | DF97: 0 | DG97: 0 | DH97: 0 | DI97: 0 | DJ97: 0 | DK97: 0 | DL97: 0 | DM97: 0 | DN97: 0 | DO97: 0 | DP97: 0 | DQ97: 0 | DR97: 0 | DS97: 0 | DT97: =SUM(X97:DR97) -> 66056.45 | DU97: =+O97-DT97 -> 0 | DW97: =O97=DT97 -> TRUE
A98: Departamento 30 | C98: C | E98: =$E$69 -> 64.61 | F98: =$F$69 -> 0 | G98: =E98+F98 -> 64.61 | H98: =$H$69 -> 0 | I98: =$I$17 -> 149.1 | J98: =H98*I98 -> 0 | K98: P070 | L98: En Isla | M98: 5000 | N98: =+$N$69 -> 945 | O98: =+ROUND((G98*N98),2)+J98+M98 -> 66056.45 | P98: =O98/(G98) -> 1022.3874 | Q98: 0.01 | R98: =O98*Q98 -> 660.5645 | S98: 0.04 | T98: =O98*S98 -> 2642.258 | U98: =COUNTIF(X98:DS98,">0")-2 -> 1 | V98: 0.95 | W98: =+O98*V98 -> 62753.627 | AG98: =+$R98 -> 660.5645 | AH98: =+$T98/1 -> 2642.258 | AI98: =+$W98 -> 62753.627 | AJ98: 0 | AK98: 0 | AL98: 0 | AM98: 0 | AN98: 0 | AO98: 0 | AP98: 0 | AQ98: 0 | AR98: 0 | AS98: 0 | AT98: 0 | AU98: 0 | AV98: 0 | AW98: 0 | AX98: 0 | AY98: 0 | AZ98: 0 | BA98: 0 | BB98: 0 | BC98: 0 | BD98: 0 | BE98: 0 | BF98: 0 | BG98: 0 | BH98: 0 | BI98: 0 | BJ98: 0 | BK98: 0 | BL98: 0 | BM98: 0 | BN98: 0 | BO98: 0 | BP98: 0 | BQ98: 0 | BR98: 0 | BS98: 0 | BT98: 0 | BU98: 0 | BV98: 0 | BW98: 0 | BX98: 0 | BY98: 0 | BZ98: 0 | CA98: 0 | CB98: 0 | CC98: 0 | CD98: 0 | CE98: 0 | CF98: 0 | CG98: 0 | CH98: 0 | CI98: 0 | CJ98: 0 | CK98: 0 | CL98: 0 | CM98: 0 | CN98: 0 | CO98: 0 | CP98: 0 | CQ98: 0 | CR98: 0 | CS98: 0 | CT98: 0 | CU98: 0 | CV98: 0 | CW98: 0 | CX98: 0 | CY98: 0 | CZ98: 0 | DA98: 0 | DB98: 0 | DC98: 0 | DD98: 0 | DE98: 0 | DF98: 0 | DG98: 0 | DH98: 0 | DI98: 0 | DJ98: 0 | DK98: 0 | DL98: 0 | DM98: 0 | DN98: 0 | DO98: 0 | DP98: 0 | DQ98: 0 | DR98: 0 | DS98: 0 | DT98: =SUM(X98:DR98) -> 66056.45 | DU98: =+O98-DT98 -> 0 | DW98: =O98=DT98 -> TRUE
A99: Departamento 31 | C99: C | E99: =$E$69 -> 64.61 | F99: =$F$69 -> 0 | G99: =E99+F99 -> 64.61 | H99: =$H$69 -> 0 | I99: =$I$17 -> 149.1 | J99: =H99*I99 -> 0 | N99: =+$N$69 -> 945 | O99: =+ROUND((G99*N99),2)+J99+M99 -> 61056.45 | P99: =O99/(G99) -> 945 | Q99: 0.01 | R99: =O99*Q99 -> 610.5645 | S99: 0.04 | T99: =O99*S99 -> 2442.258 | U99: =COUNTIF(X99:DS99,">0")-2 -> 5 | V99: 0.95 | W99: =+O99*V99 -> 58003.627 | AH99: =+$R99 -> 610.5645 | AI99: =+$T99/5 -> 488.4516 | AJ99: =+$T99/5 -> 488.4516 | AK99: =+$T99/5 -> 488.4516 | AL99: =+$T99/5 -> 488.4516 | AM99: =+$T99/5 -> 488.4516 | AN99: =+$W99 -> 58003.627 | AO99: 0 | AP99: 0 | AQ99: 0 | AR99: 0 | AS99: 0 | AT99: 0 | AU99: 0 | AV99: 0 | AW99: 0 | AX99: 0 | AY99: 0 | AZ99: 0 | BA99: 0 | BB99: 0 | BC99: 0 | BD99: 0 | BE99: 0 | BF99: 0 | BG99: 0 | BH99: 0 | BI99: 0 | BJ99: 0 | BK99: 0 | BL99: 0 | BM99: 0 | BN99: 0 | BO99: 0 | BP99: 0 | BQ99: 0 | BR99: 0 | BS99: 0 | BT99: 0 | BU99: 0 | BV99: 0 | BW99: 0 | BX99: 0 | BY99: 0 | BZ99: 0 | CA99: 0 | CB99: 0 | CC99: 0 | CD99: 0 | CE99: 0 | CF99: 0 | CG99: 0 | CH99: 0 | CI99: 0 | CJ99: 0 | CK99: 0 | CL99: 0 | CM99: 0 | CN99: 0 | CO99: 0 | CP99: 0 | CQ99: 0 | CR99: 0 | CS99: 0 | CT99: 0 | CU99: 0 | CV99: 0 | CW99: 0 | CX99: 0 | CY99: 0 | CZ99: 0 | DA99: 0 | DB99: 0 | DC99: 0 | DD99: 0 | DE99: 0 | DF99: 0 | DG99: 0 | DH99: 0 | DI99: 0 | DJ99: 0 | DK99: 0 | DL99: 0 | DM99: 0 | DN99: 0 | DO99: 0 | DP99: 0 | DQ99: 0 | DR99: 0 | DS99: 0 | DT99: =SUM(X99:DR99) -> 61056.45 | DU99: =+O99-DT99 -> 0 | DW99: =O99=DT99 -> TRUE
A100: Departamento 32 | C100: C | E100: =$E$69 -> 64.61 | F100: =$F$69 -> 0 | G100: =E100+F100 -> 64.61 | H100: =$H$69 -> 0 | I100: =$I$17 -> 149.1 | J100: =H100*I100 -> 0 | N100: =+$N$69 -> 945 | O100: =+ROUND((G100*N100),2)+J100+M100 -> 61056.45 | P100: =O100/(G100) -> 945 | Q100: 0.01 | R100: =O100*Q100 -> 610.5645 | S100: 0.04 | T100: =O100*S100 -> 2442.258 | U100: =COUNTIF(X100:DS100,">0")-2 -> 3 | V100: 0.95 | W100: =+O100*V100 -> 58003.627 | AH100: =+$R100 -> 610.5645 | AI100: =+$T100/3 -> 814.086 | AJ100: =+$T100/3 -> 814.086 | AK100: =+$T100/3 -> 814.086 | AL100: =+$W100 -> 58003.627 | AM100: 0 | AN100: 0 | AO100: 0 | AP100: 0 | AQ100: 0 | AR100: 0 | AS100: 0 | AT100: 0 | AU100: 0 | AV100: 0 | AW100: 0 | AX100: 0 | AY100: 0 | AZ100: 0 | BA100: 0 | BB100: 0 | BC100: 0 | BD100: 0 | BE100: 0 | BF100: 0 | BG100: 0 | BH100: 0 | BI100: 0 | BJ100: 0 | BK100: 0 | BL100: 0 | BM100: 0 | BN100: 0 | BO100: 0 | BP100: 0 | BQ100: 0 | BR100: 0 | BS100: 0 | BT100: 0 | BU100: 0 | BV100: 0 | BW100: 0 | BX100: 0 | BY100: 0 | BZ100: 0 | CA100: 0 | CB100: 0 | CC100: 0 | CD100: 0 | CE100: 0 | CF100: 0 | CG100: 0 | CH100: 0 | CI100: 0 | CJ100: 0 | CK100: 0 | CL100: 0 | CM100: 0 | CN100: 0 | CO100: 0 | CP100: 0 | CQ100: 0 | CR100: 0 | CS100: 0 | CT100: 0 | CU100: 0 | CV100: 0 | CW100: 0 | CX100: 0 | CY100: 0 | CZ100: 0 | DA100: 0 | DB100: 0 | DC100: 0 | DD100: 0 | DE100: 0 | DF100: 0 | DG100: 0 | DH100: 0 | DI100: 0 | DJ100: 0 | DK100: 0 | DL100: 0 | DM100: 0 | DN100: 0 | DO100: 0 | DP100: 0 | DQ100: 0 | DR100: 0 | DS100: 0 | DT100: =SUM(X100:DR100) -> 61056.45 | DU100: =+O100-DT100 -> 0 | DW100: =O100=DT100 -> TRUE
A101: Departamento 33 | C101: C | E101: =$E$69 -> 64.61 | F101: =$F$69 -> 0 | G101: =E101+F101 -> 64.61 | H101: =$H$69 -> 0 | I101: =$I$17 -> 149.1 | J101: =H101*I101 -> 0 | N101: =+$N$69 -> 945 | O101: =+ROUND((G101*N101),2)+J101+M101 -> 61056.45 | P101: =O101/(G101) -> 945 | Q101: 0.01 | R101: =O101*Q101 -> 610.5645 | S101: 0.04 | T101: =O101*S101 -> 2442.258 | U101: =COUNTIF(X101:DS101,">0")-2 -> 1 | V101: 0.95 | W101: =+O101*V101 -> 58003.627 | AH101: =+$R101 -> 610.5645 | AI101: =+$T101/1 -> 2442.258 | AJ101: =+$W101 -> 58003.627 | AK101: 0 | AL101: 0 | AM101: 0 | AN101: 0 | AO101: 0 | AP101: 0 | AQ101: 0 | AR101: 0 | AS101: 0 | AT101: 0 | AU101: 0 | AV101: 0 | AW101: 0 | AX101: 0 | AY101: 0 | AZ101: 0 | BA101: 0 | BB101: 0 | BC101: 0 | BD101: 0 | BE101: 0 | BF101: 0 | BG101: 0 | BH101: 0 | BI101: 0 | BJ101: 0 | BK101: 0 | BL101: 0 | BM101: 0 | BN101: 0 | BO101: 0 | BP101: 0 | BQ101: 0 | BR101: 0 | BS101: 0 | BT101: 0 | BU101: 0 | BV101: 0 | BW101: 0 | BX101: 0 | BY101: 0 | BZ101: 0 | CA101: 0 | CB101: 0 | CC101: 0 | CD101: 0 | CE101: 0 | CF101: 0 | CG101: 0 | CH101: 0 | CI101: 0 | CJ101: 0 | CK101: 0 | CL101: 0 | CM101: 0 | CN101: 0 | CO101: 0 | CP101: 0 | CQ101: 0 | CR101: 0 | CS101: 0 | CT101: 0 | CU101: 0 | CV101: 0 | CW101: 0 | CX101: 0 | CY101: 0 | CZ101: 0 | DA101: 0 | DB101: 0 | DC101: 0 | DD101: 0 | DE101: 0 | DF101: 0 | DG101: 0 | DH101: 0 | DI101: 0 | DJ101: 0 | DK101: 0 | DL101: 0 | DM101: 0 | DN101: 0 | DO101: 0 | DP101: 0 | DQ101: 0 | DR101: 0 | DS101: 0 | DT101: =SUM(X101:DR101) -> 61056.45 | DU101: =+O101-DT101 -> 0 | DW101: =O101=DT101 -> TRUE
A102: Departamento 34 | C102: C | E102: =$E$69 -> 64.61 | F102: =$F$69 -> 0 | G102: =E102+F102 -> 64.61 | H102: =$H$69 -> 0 | I102: =$I$17 -> 149.1 | J102: =H102*I102 -> 0 | N102: =+$N$69 -> 945 | O102: =+ROUND((G102*N102),2)+J102+M102 -> 61056.45 | P102: =O102/(G102) -> 945 | Q102: 0.01 | R102: =O102*Q102 -> 610.5645 | S102: 0.04 | T102: =O102*S102 -> 2442.258 | U102: =COUNTIF(X102:DS102,">0")-2 -> 5 | V102: 0.95 | W102: =+O102*V102 -> 58003.627 | AH102: =+$R102 -> 610.5645 | AI102: =+$T102/5 -> 488.4516 | AJ102: =+$T102/5 -> 488.4516 | AK102: =+$T102/5 -> 488.4516 | AL102: =+$T102/5 -> 488.4516 | AM102: =+$T102/5 -> 488.4516 | AN102: =+$W102 -> 58003.627 | AO102: 0 | AP102: 0 | AQ102: 0 | AR102: 0 | AS102: 0 | AT102: 0 | AU102: 0 | AV102: 0 | AW102: 0 | AX102: 0 | AY102: 0 | AZ102: 0 | BA102: 0 | BB102: 0 | BC102: 0 | BD102: 0 | BE102: 0 | BF102: 0 | BG102: 0 | BH102: 0 | BI102: 0 | BJ102: 0 | BK102: 0 | BL102: 0 | BM102: 0 | BN102: 0 | BO102: 0 | BP102: 0 | BQ102: 0 | BR102: 0 | BS102: 0 | BT102: 0 | BU102: 0 | BV102: 0 | BW102: 0 | BX102: 0 | BY102: 0 | BZ102: 0 | CA102: 0 | CB102: 0 | CC102: 0 | CD102: 0 | CE102: 0 | CF102: 0 | CG102: 0 | CH102: 0 | CI102: 0 | CJ102: 0 | CK102: 0 | CL102: 0 | CM102: 0 | CN102: 0 | CO102: 0 | CP102: 0 | CQ102: 0 | CR102: 0 | CS102: 0 | CT102: 0 | CU102: 0 | CV102: 0 | CW102: 0 | CX102: 0 | CY102: 0 | CZ102: 0 | DA102: 0 | DB102: 0 | DC102: 0 | DD102: 0 | DE102: 0 | DF102: 0 | DG102: 0 | DH102: 0 | DI102: 0 | DJ102: 0 | DK102: 0 | DL102: 0 | DM102: 0 | DN102: 0 | DO102: 0 | DP102: 0 | DQ102: 0 | DR102: 0 | DS102: 0 | DT102: =SUM(X102:DR102) -> 61056.45 | DU102: =+O102-DT102 -> 0 | DW102: =O102=DT102 -> TRUE
A103: Departamento 35 | C103: C | E103: =$E$69 -> 64.61 | F103: =$F$69 -> 0 | G103: =E103+F103 -> 64.61 | H103: =$H$69 -> 0 | I103: =$I$17 -> 149.1 | J103: =H103*I103 -> 0 | N103: =+$N$69 -> 945 | O103: =+ROUND((G103*N103),2)+J103+M103 -> 61056.45 | P103: =O103/(G103) -> 945 | Q103: 0.01 | R103: =O103*Q103 -> 610.5645 | S103: 0.04 | T103: =O103*S103 -> 2442.258 | U103: =COUNTIF(X103:DS103,">0")-2 -> 3 | V103: 0.95 | W103: =+O103*V103 -> 58003.627 | AH103: =+$R103 -> 610.5645 | AI103: =+$T103/3 -> 814.086 | AJ103: =+$T103/3 -> 814.086 | AK103: =+$T103/3 -> 814.086 | AL103: =+$W103 -> 58003.627 | AM103: 0 | AN103: 0 | AO103: 0 | AP103: 0 | AQ103: 0 | AR103: 0 | AS103: 0 | AT103: 0 | AU103: 0 | AV103: 0 | AW103: 0 | AX103: 0 | AY103: 0 | AZ103: 0 | BA103: 0 | BB103: 0 | BC103: 0 | BD103: 0 | BE103: 0 | BF103: 0 | BG103: 0 | BH103: 0 | BI103: 0 | BJ103: 0 | BK103: 0 | BL103: 0 | BM103: 0 | BN103: 0 | BO103: 0 | BP103: 0 | BQ103: 0 | BR103: 0 | BS103: 0 | BT103: 0 | BU103: 0 | BV103: 0 | BW103: 0 | BX103: 0 | BY103: 0 | BZ103: 0 | CA103: 0 | CB103: 0 | CC103: 0 | CD103: 0 | CE103: 0 | CF103: 0 | CG103: 0 | CH103: 0 | CI103: 0 | CJ103: 0 | CK103: 0 | CL103: 0 | CM103: 0 | CN103: 0 | CO103: 0 | CP103: 0 | CQ103: 0 | CR103: 0 | CS103: 0 | CT103: 0 | CU103: 0 | CV103: 0 | CW103: 0 | CX103: 0 | CY103: 0 | CZ103: 0 | DA103: 0 | DB103: 0 | DC103: 0 | DD103: 0 | DE103: 0 | DF103: 0 | DG103: 0 | DH103: 0 | DI103: 0 | DJ103: 0 | DK103: 0 | DL103: 0 | DM103: 0 | DN103: 0 | DO103: 0 | DP103: 0 | DQ103: 0 | DR103: 0 | DS103: 0 | DT103: =SUM(X103:DR103) -> 61056.45 | DU103: =+O103-DT103 -> 0 | DW103: =O103=DT103 -> TRUE
...

Sheet FLUJO DE CAJA
A1: =RESULTADOS!B2 -> Proyecto de Vivienda de Interes Social URIN CHILLO LOTE "A"
A2: FLUJO DE CAJA
A3: =+#REF! -> #REF!
A4: En dólares
A6: Resumen del Proyecto
A7: Ingreso por Ventas | B7: =+C30 -> 7081052.6
A8: Costo total del Proyecto | B8: =+C33 -> -5422937.6
A9: Resultado del Proyecto | B9: =SUM(B7:B8) -> 1658114.9
A11: Tasa de Interés | B11: 0
A13: NÚMERO DE MESES POR EJECUTAR | E13: APORTE INICIAL | F13: 0 | G13: 1 | H13: 2 | I13: =+H13+1 -> 3 | J13: =+I13+1 -> 4 | K13: =+J13+1 -> 5 | L13: =+K13+1 -> 6 | M13: =+L13+1 -> 7 | N13: =+M13+1 -> 8 | O13: =+N13+1 -> 9 | P13: =+O13+1 -> 10 | ... BB13: =+BA13+1 -> 48 | BC13: 49 | BD13: 50
A15: Detalle | B15: Presupuesto Base | C15: Presupuesto Actual | D15: Por Ejecutar | E15: Ejecutado | F15: 46357 | G15: 46388 | H15: 46419 | I15: 46447 | J15: 46478 | K15: 46508 | L15: 46539 | M15: 46569 | N15: 46600 | O15: 46631 | P15: 46661 | Q15: 46692 | R15: 46722 | S15: 46753 | T15: 46784 | U15: 46813 | V15: 46844 | W15: 46874 | X15: 46905 | Y15: 46935 | Z15: 46966 | AA15: =+Z15+31 -> 46997 | AB15: =+AA15+31 -> 47028 | AC15: =+AB15+31 -> 47059 | AD15: =+AC15+31 -> 47090 | AE15: =+AD15+31 -> 47121 | AF15: =+AE15+31 -> 47152 | AG15: =+AF15+31 -> 47183 | AH15: =+AG15+31 -> 47214 | ... BB15: =+BA15+31 -> 47834 | BE15: Total | BG15: Presupuesto Actual
A18: APORTE INICIAL | B18: =SUM(B25:B26) -> 0 | C18: =+C20+C24 -> 1825701.8 | D18: =SUM(D21:D26) -> 1249442.5 | E18: =SUM(E21:E26) -> 576259.26
A20: EMPRESA PHVR | C20: =+C21+C22 -> 576259.26
A21: Terreno | B21: 0 | C21: =RESULTADOS!B18 -> 458348.41 | D21: =+C21-E21 -> 0 | E21: 458348.41
A22: Estudios (Planificación y Dirección) | C22: =RESULTADOS!B17 -> 117910.85 | D22: =+C22-E22 -> 0 | E22: 117910.85
A24: INVERSIONISTA | C24: =+C25+C26 -> 1249442.5
A25: Capital Inicial | B25: 0 | C25: =RESULTADOS!B13 -> 1249442.5 | D25: =+C25-E25 -> 1249442.5 | E25: 0
A26: Capital Adicional | C26: 0 | D26: =+C26-E26 -> 0 | E26: 0
A30: INGRESOS | B30: =SUM(B31) -> 0 | C30: =RESULTADOS!B5 -> 7081052.6 | D30: =SUM(G30:Z30) -> 7081052.6 | E30: =SUM(E31) -> 0 | F30: 0 | G30: ='FLUJO DE INGRESOS'!X117 -> 1492.8355 | H30: ='FLUJO DE INGRESOS'!Y117 -> 4977.4746 | I30: ='FLUJO DE INGRESOS'!Z117 -> 10270.686 | J30: ='FLUJO DE INGRESOS'!AA117 -> 20642.911 | K30: ='FLUJO DE INGRESOS'!AB117 -> 150549.76 | L30: ='FLUJO DE INGRESOS'!AC117 -> 233177.52 | M30: ='FLUJO DE INGRESOS'!AD117 -> 450794.92 | N30: ='FLUJO DE INGRESOS'!AE117 -> 594100.17 | ... BD30: ='FLUJO DE INGRESOS'!BU117 -> 0 | BE30: =SUM(E30:BB30) -> 7081052.6 | BG30: =C30 -> 7081052.6
A31: =+'[3]Cuadro Resumen'!K15 -> Viviendas | C31: ='FLUJO DE INGRESOS'!O117 -> 7081052.6 | D31: =SUM(G31:Z31) -> 7081052.6 | E31: 0 | G31: ='FLUJO DE INGRESOS'!X117 -> 1492.8355 | H31: ='FLUJO DE INGRESOS'!Y117 -> 4977.4746 | I31: ='FLUJO DE INGRESOS'!Z117 -> 10270.686 | J31: ='FLUJO DE INGRESOS'!AA117 -> 20642.911 | K31: ='FLUJO DE INGRESOS'!AB117 -> 150549.76 | L31: ='FLUJO DE INGRESOS'!AC117 -> 233177.52 | M31: ='FLUJO DE INGRESOS'!AD117 -> 450794.92 | N31: ='FLUJO DE INGRESOS'!AE117 -> 594100.17 | ... Z31: ='FLUJO DE INGRESOS'!AQ117 -> 58003.627 | BE31: =SUM(E31:BB31) -> 7081052.6
A33: EGRESOS | B33: =SUM(B35:B46,B49:B58) -> 0 | C33: =SUM(C35:C46,C49:C58) -> -5422937.6 | D33: =SUM(D35:D46,D49:D58) -> -4846678.4 | E33: =SUM(E35:E46,E49:E58) -> 576259.26 | F33: =+SUM(F35:F58) -> -576259.26 | G33: =+SUM(G35:G58) -> -263631.5 | H33: =+SUM(H35:H58) -> -263736.03 | I33: =+SUM(I35:I58) -> -343483.01 | J33: =+SUM(J35:J58) -> -343794.17 | K33: =+SUM(K35:K58) -> -248272.93 | L33: =+SUM(L35:L58) -> -250751.77 | M33: =+SUM(M35:M58) -> -257280.29 | ... BB33: =+SUM(BB35:BB58) -> 0 | BE33: =+SUM(F33:BC33) -> -5422937.6 | BG33: =+C33 -> -5422937.6 | BI33: =C33=BE33 -> FALSE | BJ33: =+BE33-BG33 -> 0.010315
A34: DIRECTOS | BI34: =C34=BE34 -> TRUE
A35: COSTOS DEL TERRENO | C35: =+-'PRESUPUESTO GENERAL'!H6 -> -458348.41 | D35: =E35+C35 -> 0 | E35: 458348.41 | F35: =C35 -> -458348.41 | G35: 0 | BB35: =+D35 -> 0 | BE35: =+SUM(F35:BB35) -> -458348.41 | BG35: =C35 -> -458348.41 | BI35: =C35=BE35 -> TRUE
A36: URBANIZACION | C36: =-('PRESUPUESTO GENERAL'!H9) -> -157766.48 | D36: =E36+C36 -> -157766.48 | E36: 0 | G36: =-'CRONOGRAMA VALORADO'!F23 -> -22918.36 | H36: =-'CRONOGRAMA VALORADO'!G23 -> -22918.36 | I36: =-'CRONOGRAMA VALORADO'!H23 -> -10053.66 | J36: =-'CRONOGRAMA VALORADO'!I23 -> -10053.66 | K36: =-'CRONOGRAMA VALORADO'!J23 -> -134.24 | L36: =-'CRONOGRAMA VALORADO'!K23 -> -134.24 | M36: =-'CRONOGRAMA VALORADO'!L23 -> -134.24 | N36: =-'CRONOGRAMA VALORADO'!M23 -> -9915.845 | ... AB36: =-'CRONOGRAMA VALORADO'!AA23 -> 0 | AC36: =+'CRONOGRAMA VALORADO'!AB23 -> 0 | AD36: =+'CRONOGRAMA VALORADO'!AC23 -> 0 | AE36: =+'CRONOGRAMA VALORADO'!AD23 -> 0 | AF36: =+'CRONOGRAMA VALORADO'!AE23 -> 0 | AG36: =+'CRONOGRAMA VALORADO'!AF23 -> 0 | AH36: =+'CRONOGRAMA VALORADO'!AG23 -> 0 | AI36: =+'CRONOGRAMA VALORADO'!AH23 -> 0 | AJ36: =+'CRONOGRAMA VALORADO'!AI23 -> 0 | ... BA36: =+'CRONOGRAMA VALORADO'!AZ23 -> 0 | BE36: =+SUM(E36:BB36) -> -157766.48 | BG36: =C36 -> -157766.48 | BI36: =C36=BE36 -> TRUE
A37: Construcción de viviendas tipología A (16 U.V) | C37: =-('PRESUPUESTO GENERAL'!H11) -> -383476.36 | D37: =E37+C37 -> -383476.36 | E37: 0 | G37: =-'CRONOGRAMA VALORADO'!F9 -> -28460.888 | H37: =-'CRONOGRAMA VALORADO'!G9 -> -28460.888 | I37: =-'CRONOGRAMA VALORADO'!H9 -> -31987.315 | J37: =-'CRONOGRAMA VALORADO'!I9 -> -31987.315 | K37: =-'CRONOGRAMA VALORADO'!J9 -> -21812.529 | L37: =-'CRONOGRAMA VALORADO'!K9 -> -21812.529 | M37: =-'CRONOGRAMA VALORADO'!L9 -> -21812.529 | N37: =-'CRONOGRAMA VALORADO'!M9 -> -9516.9822 | ... AB37: =-'CRONOGRAMA VALORADO'!AA9 -> 0 | AC37: =+'CRONOGRAMA VALORADO'!AB24 -> 0 | AD37: =+'CRONOGRAMA VALORADO'!AC24 -> 0 | AE37: =+'CRONOGRAMA VALORADO'!AD24 -> 0 | AF37: =+'CRONOGRAMA VALORADO'!AE24 -> 0 | AG37: =+'CRONOGRAMA VALORADO'!AF24 -> 0 | AH37: =+'CRONOGRAMA VALORADO'!AG24 -> 0 | AI37: =+'CRONOGRAMA VALORADO'!AH24 -> 0 | AJ37: =+'CRONOGRAMA VALORADO'!AI24 -> 0 | ... BA37: =+'CRONOGRAMA VALORADO'!AZ24 -> 0 | BE37: =+SUM(E37:BB37) -> -383476.36 | BG37: =C37 -> -383476.36 | BI37: =C37=BE37 -> TRUE
A38: Construcción de viviendas tipología B (36 U.V) | C38: =-('PRESUPUESTO GENERAL'!H12) -> -1206935.7 | D38: =E38+C38 -> -1206935.7 | E38: 0 | G38: =-'CRONOGRAMA VALORADO'!F11 -> -77747.125 | H38: =-'CRONOGRAMA VALORADO'!G11 -> -77747.125 | I38: =-'CRONOGRAMA VALORADO'!H11 -> -100302.74 | J38: =-'CRONOGRAMA VALORADO'!I11 -> -100302.74 | K38: =-'CRONOGRAMA VALORADO'!J11 -> -74879.083 | L38: =-'CRONOGRAMA VALORADO'!K11 -> -74879.083 | M38: =-'CRONOGRAMA VALORADO'!L11 -> -74879.083 | N38: =-'CRONOGRAMA VALORADO'!M11 -> -27348.414 | ... AB38: =-'CRONOGRAMA VALORADO'!AA11 -> 0 | AC38: =+'CRONOGRAMA VALORADO'!AB25 -> 0 | AD38: =+'CRONOGRAMA VALORADO'!AC25 -> 0 | AE38: =+'CRONOGRAMA VALORADO'!AD25 -> 0 | AF38: =+'CRONOGRAMA VALORADO'!AE25 -> 0 | AG38: =+'CRONOGRAMA VALORADO'!AF25 -> 0 | AH38: =+'CRONOGRAMA VALORADO'!AG25 -> 0 | AI38: =+'CRONOGRAMA VALORADO'!AH25 -> 0 | AJ38: =+'CRONOGRAMA VALORADO'!AI25 -> 0 | ... BA38: =+'CRONOGRAMA VALORADO'!AZ25 -> 0 | BE38: =+SUM(E38:BB38) -> -1206935.7 | BG38: =C38 -> -1206935.7 | BI38: =C38=BE38 -> TRUE
A39: Construcción de viviendas tipología C (48 U.V) | C39: =-('PRESUPUESTO GENERAL'!H13) -> -972789.99 | D39: =E39+C39 -> -972789.99 | E39: 0 | G39: =-'CRONOGRAMA VALORADO'!F13 -> -37336.899 | H39: =-'CRONOGRAMA VALORADO'!G13 -> -37336.899 | I39: =-'CRONOGRAMA VALORADO'!H13 -> -72625.585 | J39: =-'CRONOGRAMA VALORADO'!I13 -> -72625.585 | K39: =-'CRONOGRAMA VALORADO'!J13 -> -49242.327 | L39: =-'CRONOGRAMA VALORADO'!K13 -> -49242.327 | M39: =-'CRONOGRAMA VALORADO'!L13 -> -49242.327 | N39: =-'CRONOGRAMA VALORADO'!M13 -> -19049.819 | ... AB39: =-'CRONOGRAMA VALORADO'!AA13 -> 0 | AC39: =+'CRONOGRAMA VALORADO'!AB26 -> 0 | AD39: =+'CRONOGRAMA VALORADO'!AC26 -> 0 | AE39: =+'CRONOGRAMA VALORADO'!AD26 -> 0 | AF39: =+'CRONOGRAMA VALORADO'!AE26 -> 0 | AG39: =+'CRONOGRAMA VALORADO'!AF26 -> 0 | AH39: =+'CRONOGRAMA VALORADO'!AG26 -> 0 | AI39: =+'CRONOGRAMA VALORADO'!AH26 -> 0 | AJ39: =+'CRONOGRAMA VALORADO'!AI26 -> 0 | ... BA39: =+'CRONOGRAMA VALORADO'!AZ26 -> 0 | BE39: =+SUM(E39:BB39) -> -972789.99 | BG39: =C39 -> -972789.99 | BI39: =C39=BE39 -> TRUE
A40: Infraestructura comunal | C40: =-'PRESUPUESTO GENERAL'!H14 -> -149460.05 | D40: =E40+C40 -> -149460.05 | E40: 0 | G40: =-'CRONOGRAMA VALORADO'!F25 -> -16179.693 | H40: =-'CRONOGRAMA VALORADO'!G25 -> -16179.693 | I40: =-'CRONOGRAMA VALORADO'!H25 -> -26643.793 | J40: =-'CRONOGRAMA VALORADO'!I25 -> -26643.793 | K40: =-'CRONOGRAMA VALORADO'!J25 -> -8745.9429 | L40: =-'CRONOGRAMA VALORADO'!K25 -> -8745.9429 | M40: =-'CRONOGRAMA VALORADO'!L25 -> -8745.9429 | N40: =-'CRONOGRAMA VALORADO'!M25 -> -2075.91 | ... AB40: =-'CRONOGRAMA VALORADO'!AA25 -> 0 | AC40: =+'CRONOGRAMA VALORADO'!AB27 -> 0 | AD40: =+'CRONOGRAMA VALORADO'!AC27 -> 0 | AE40: =+'CRONOGRAMA VALORADO'!AD27 -> 0 | AF40: =+'CRONOGRAMA VALORADO'!AE27 -> 0 | AG40: =+'CRONOGRAMA VALORADO'!AF27 -> 0 | AH40: =+'CRONOGRAMA VALORADO'!AG27 -> 0 | AI40: =+'CRONOGRAMA VALORADO'!AH27 -> 0 | AJ40: =+'CRONOGRAMA VALORADO'!AI27 -> 0 | ... BA40: =+'CRONOGRAMA VALORADO'!AZ27 -> 0 | BE40: =+SUM(E40:BB40) -> -149460.05 | BG40: =C40 -> -149460.05 | BI40: =C40=BE40 -> TRUE
A41: Redes eléctricas. | C41: =-'PRESUPUESTO GENERAL'!H15 -> -164547.59 | D41: =E41+C41 -> -164547.59 | E41: 0 | G41: =-'CRONOGRAMA VALORADO'!F27 -> -1370.27 | H41: =-'CRONOGRAMA VALORADO'!G27 -> -1370.27 | I41: =-'CRONOGRAMA VALORADO'!H27 -> -8311.6725 | J41: =-'CRONOGRAMA VALORADO'!I27 -> -8311.6725 | K41: =-'CRONOGRAMA VALORADO'!J27 -> -13193.023 | L41: =-'CRONOGRAMA VALORADO'!K27 -> -13193.023 | M41: =-'CRONOGRAMA VALORADO'!L27 -> -13193.023 | N41: =-'CRONOGRAMA VALORADO'!M27 -> -38183.253 | ... AB41: =-'CRONOGRAMA VALORADO'!AA27 -> 0 | AC41: =+'CRONOGRAMA VALORADO'!AB28 -> 0 | AD41: =+'CRONOGRAMA VALORADO'!AC28 -> 0 | AE41: =+'CRONOGRAMA VALORADO'!AD28 -> 0 | AF41: =+'CRONOGRAMA VALORADO'!AE28 -> 0 | AG41: =+'CRONOGRAMA VALORADO'!AF28 -> 0 | AH41: =+'CRONOGRAMA VALORADO'!AG28 -> 0 | AI41: =+'CRONOGRAMA VALORADO'!AH28 -> 0 | AJ41: =+'CRONOGRAMA VALORADO'!AI28 -> 0 | ... BA41: =+'CRONOGRAMA VALORADO'!AZ28 -> 0 | BE41: =+SUM(E41:BB41) -> -164547.59 | BG41: =C41 -> -164547.59 | BI41: =C41=BE41 -> TRUE
A42: Redes hidrosanitarias. | C42: =-'PRESUPUESTO GENERAL'!H16 -> -100463.91 | D42: =E42+C42 -> -100463.91 | E42: 0 | G42: =-'CRONOGRAMA VALORADO'!F29 -> 0 | H42: =-'CRONOGRAMA VALORADO'!G29 -> 0 | I42: =-'CRONOGRAMA VALORADO'!H29 -> 0 | J42: =-'CRONOGRAMA VALORADO'!I29 -> 0 | K42: =-'CRONOGRAMA VALORADO'!J29 -> 0 | L42: =-'CRONOGRAMA VALORADO'!K29 -> 0 | M42: =-'CRONOGRAMA VALORADO'!L29 -> 0 | N42: =-'CRONOGRAMA VALORADO'!M29 -> -6549.395 | ... AB42: =-'CRONOGRAMA VALORADO'!AA29 -> 0 | AC42: =+'CRONOGRAMA VALORADO'!AB29 -> 0 | AD42: =+'CRONOGRAMA VALORADO'!AC29 -> 0 | AE42: =+'CRONOGRAMA VALORADO'!AD29 -> 0 | AF42: =+'CRONOGRAMA VALORADO'!AE29 -> 0 | AG42: =+'CRONOGRAMA VALORADO'!AF29 -> 0 | AH42: =+'CRONOGRAMA VALORADO'!AG29 -> 0 | AI42: =+'CRONOGRAMA VALORADO'!AH29 -> 0 | AJ42: =+'CRONOGRAMA VALORADO'!AI29 -> 0 | ... BA42: =+'CRONOGRAMA VALORADO'!AZ29 -> 0 | BE42: =+SUM(E42:BB42) -> -100463.91 | BG42: =C42 -> -100463.91 | BI42: =C42=BE42 -> TRUE
A43: Redes Especiales | C43: =-'PRESUPUESTO GENERAL'!H17 -> -58513.94 | D43: =E43+C43 -> -58513.94 | E43: 0 | G43: =-'CRONOGRAMA VALORADO'!F31 -> 0 | H43: =-'CRONOGRAMA VALORADO'!G31 -> 0 | I43: =-'CRONOGRAMA VALORADO'!H31 -> 0 | J43: =-'CRONOGRAMA VALORADO'!I31 -> 0 | K43: =-'CRONOGRAMA VALORADO'!J31 -> 0 | L43: =-'CRONOGRAMA VALORADO'!K31 -> 0 | M43: =-'CRONOGRAMA VALORADO'!L31 -> 0 | N43: =-'CRONOGRAMA VALORADO'!M31 -> -382.18 | ... AB43: =-'CRONOGRAMA VALORADO'!AA31 -> 0 | AC43: =+'CRONOGRAMA VALORADO'!AB30 -> 0 | AD43: =+'CRONOGRAMA VALORADO'!AC30 -> 0 | AE43: =+'CRONOGRAMA VALORADO'!AD30 -> 0 | AF43: =+'CRONOGRAMA VALORADO'!AE30 -> 0 | AG43: =+'CRONOGRAMA VALORADO'!AF30 -> 0 | AH43: =+'CRONOGRAMA VALORADO'!AG30 -> 0 | AI43: =+'CRONOGRAMA VALORADO'!AH30 -> 0 | AJ43: =+'CRONOGRAMA VALORADO'!AI30 -> 0 | ... BA43: =+'CRONOGRAMA VALORADO'!AZ30 -> 0 | BE43: =+SUM(E43:BB43) -> -58513.94 | BG43: =C43 -> -58513.94 | BI43: =C43=BE43 -> TRUE
A44: Obras exteriores | C44: =-'PRESUPUESTO GENERAL'!H18 -> -42943.71 | D44: =E44+C44 -> -42943.71 | E44: 0 | G44: =-'CRONOGRAMA VALORADO'!F33 -> -1249.4824 | H44: =-'CRONOGRAMA VALORADO'!G33 -> -1249.4824 | I44: =-'CRONOGRAMA VALORADO'!H33 -> -1249.4824 | J44: =-'CRONOGRAMA VALORADO'!I33 -> -1249.4824 | K44: =-'CRONOGRAMA VALORADO'!J33 -> -832.98827 | L44: =-'CRONOGRAMA VALORADO'!K33 -> -832.98827 | M44: =-'CRONOGRAMA VALORADO'!L33 -> -832.98827 | N44: =-'CRONOGRAMA VALORADO'!M33 -> -1249.4824 | ... AB44: =-'CRONOGRAMA VALORADO'!AA33 -> 0 | AC44: =+'CRONOGRAMA VALORADO'!AB31 -> 0 | AD44: =+'CRONOGRAMA VALORADO'!AC31 -> 0 | AE44: =+'CRONOGRAMA VALORADO'!AD31 -> 0 | AF44: =+'CRONOGRAMA VALORADO'!AE31 -> 0 | AG44: =+'CRONOGRAMA VALORADO'!AF31 -> 0 | AH44: =+'CRONOGRAMA VALORADO'!AG31 -> 0 | AI44: =+'CRONOGRAMA VALORADO'!AH31 -> 0 | AJ44: =+'CRONOGRAMA VALORADO'!AI31 -> 0 | ... BA44: =+'CRONOGRAMA VALORADO'!AZ31 -> 0 | BE44: =+SUM(E44:BB44) -> -42943.71 | BG44: =C44 -> -42943.71 | BI44: =C44=BE44 -> TRUE
A45: IMPREVISTOS | C45: ='PRESUPUESTO GENERAL'!H19*-1 -> -161844.89 | D45: =E45+C45 -> -161844.89 | E45: 0 | G45: =SUM(G36:G44)*5% -> -9263.1359 | H45: =SUM(H36:H44)*5% -> -9263.1359 | I45: =SUM(I36:I44)*5% -> -12558.712 | J45: =SUM(J36:J44)*5% -> -12558.712 | K45: =SUM(K36:K44)*5% -> -8442.0067 | L45: =SUM(L36:L44)*5% -> -8442.0067 | M45: =SUM(M36:M44)*5% -> -8442.0067 | N45: =SUM(N36:N44)*5% -> -5713.564 | ... AB45: =SUM(AB36:AB44)*5% -> 0 | AC45: =+'CRONOGRAMA VALORADO'!AB32 -> 0 | AD45: =+'CRONOGRAMA VALORADO'!AC32 -> 0 | AE45: =+'CRONOGRAMA VALORADO'!AD32 -> 0 | AF45: =+'CRONOGRAMA VALORADO'!AE32 -> 0 | AG45: =+'CRONOGRAMA VALORADO'!AF32 -> 0 | AH45: =+'CRONOGRAMA VALORADO'!AG32 -> 0 | AI45: =+'CRONOGRAMA VALORADO'!AH32 -> 0 | AJ45: =+'CRONOGRAMA VALORADO'!AI32 -> 0 | ... BA45: =+'CRONOGRAMA VALORADO'!AZ32 -> 0 | BE45: =+SUM(F45:BB45) -> -161844.89 | BG45: =C45 -> -161844.89 | BI45: =C45=BE45 -> FALSE | BJ45: =+BE45-C45 -> 0.0025
A46: IVA | C46: ='PRESUPUESTO GENERAL'!H20*-1 -> -509811.4 | D46: =E46+C46 -> -509811.4 | E46: 0 | G46: =SUM(G36:G45)*15% -> -29178.878 | H46: =SUM(H36:H45)*15% -> -29178.878 | I46: =SUM(I36:I45)*15% -> -39559.944 | J46: =SUM(J36:J45)*15% -> -39559.944 | K46: =SUM(K36:K45)*15% -> -26592.321 | L46: =SUM(L36:L45)*15% -> -26592.321 | M46: =SUM(M36:M45)*15% -> -26592.321 | N46: =SUM(N36:N45)*15% -> -17997.727 | ... AB46: =SUM(AB36:AB45)*15% -> 0 | AC46: =+'CRONOGRAMA VALORADO'!AB33 -> 0 | AD46: =+'CRONOGRAMA VALORADO'!AC33 -> 0 | AE46: =+'CRONOGRAMA VALORADO'!AD33 -> 0 | AF46: =+'CRONOGRAMA VALORADO'!AE33 -> 0 | AG46: =+'CRONOGRAMA VALORADO'!AF33 -> 0 | AH46: =+'CRONOGRAMA VALORADO'!AG33 -> 0 | AI46: =+'CRONOGRAMA VALORADO'!AH33 -> 0 | AJ46: =+'CRONOGRAMA VALORADO'!AI33 -> 0 | ... BA46: =+'CRONOGRAMA VALORADO'!AZ33 -> 0 | BE46: =+SUM(F46:BB46) -> -509811.4 | BG46: =C46 -> -509811.4 | BI46: =C46=BE46 -> FALSE | BJ46: =+BE46-C46 -> 0.004375
BI47: =C47=BE47 -> TRUE
A48: INDIRECTOS | C48: =SUM(C49:C58) -> -1056035.2 | BE48: =+SUM(E48:BB48) -> 0
A49: PLANIFICACION | C49: ='PRESUPUESTO GENERAL'!H23*-1 -> -117910.85 | D49: =E49+C49 -> 0 | E49: 117910.85 | F49: =C49 -> -117910.85 | G49: 0 | BB49: =+D49 -> 0 | BE49: =+SUM(F49:BB49) -> -117910.85 | BG49: =C49 -> -117910.85 | BI49: =C49=BE49 -> TRUE | BJ49: =+BE49-C49 -> 0
A50: TASAS, IMPUESTOS, SEGUROS | C50: ='PRESUPUESTO GENERAL'!H31*-1 -> -192538.7 | D50: =E50+C50 -> -192538.7 | E50: 0 | G50: =$C$50/18 -> -10696.594 | H50: =$C$50/18 -> -10696.594 | I50: =$C$50/18 -> -10696.594 | J50: =$C$50/18 -> -10696.594 | K50: =$C$50/18 -> -10696.594 | L50: =$C$50/18 -> -10696.594 | M50: =$C$50/18 -> -10696.594 | N50: =$C$50/18 -> -10696.594 | ... X50: =$C$50/18 -> -10696.594 | BE50: =+SUM(F50:BB50) -> -192538.7 | BG50: =C50 -> -192538.7 | BI50: =C50=BE50 -> TRUE | BJ50: =+BE50-C50 -> 0
A51: =+'PRESUPUESTO GENERAL'!B43 -> Gastos Legales | C51: =+-'PRESUPUESTO GENERAL'!H43 -> -7817.11 | D51: =E51+C51 -> -7817.11 | E51: 0 | G51: =+$C$51/18 -> -434.28389 | H51: =+$C$51/18 -> -434.28389 | I51: =+$C$51/18 -> -434.28389 | J51: =+$C$51/18 -> -434.28389 | K51: =+$C$51/18 -> -434.28389 | L51: =+$C$51/18 -> -434.28389 | M51: =+$C$51/18 -> -434.28389 | N51: =+$C$51/18 -> -434.28389 | ... X51: =+$C$51/18 -> -434.28389 | Y51: 0 | Z51: 0 | AA51: 0 | AB51: 0 | AC51: 0 | AD51: 0 | AE51: 0 | AF51: 0 | AG51: 0 | AH51: 0 | AI51: 0 | AJ51: 0 | AK51: 0 | AL51: 0 | AM51: 0 | AN51: 0 | AO51: 0 | AP51: 0 | AQ51: 0 | AR51: 0 | AS51: 0 | AT51: 0 | AU51: 0 | AV51: 0 | AW51: 0 | AX51: 0 | AY51: 0 | AZ51: 0 | BA51: 0 | BE51: =+SUM(E51:BB51) -> -7817.11 | BG51: =C51 -> -7817.11 | BI51: =C51=BE51 -> TRUE | BJ51: =+BE51-C51 -> 0
A52: =+'PRESUPUESTO GENERAL'!B44 -> Administrativos de Construcción | C52: =-('PRESUPUESTO GENERAL'!H44) -> -19542.77 | D52: =E52+C52 -> -19542.77 | E52: 0 | G52: =+$C$52/18 -> -1085.7094 | H52: =+$C$52/18 -> -1085.7094 | I52: =+$C$52/18 -> -1085.7094 | J52: =+$C$52/18 -> -1085.7094 | K52: =+$C$52/18 -> -1085.7094 | L52: =+$C$52/18 -> -1085.7094 | M52: =+$C$52/18 -> -1085.7094 | N52: =+$C$52/18 -> -1085.7094 | ... X52: =+$C$52/18 -> -1085.7094 | BE52: =+SUM(E52:BB52) -> -19542.77 | BG52: =C52 -> -19542.77 | BI52: =C52=BE52 -> TRUE | BJ52: =+BE52-C52 -> 0
A53: =+'PRESUPUESTO GENERAL'!B45 -> Administración Fiduciaria | C53: =+-'PRESUPUESTO GENERAL'!H45 -> -78171.08 | D53: =E53+C53 -> -78171.08 | E53: 0 | G53: =+$D$53/20 -> -3908.554 | H53: =+$D$53/20 -> -3908.554 | I53: =+$D$53/20 -> -3908.554 | J53: =+$D$53/20 -> -3908.554 | K53: =+$D$53/20 -> -3908.554 | L53: =+$D$53/20 -> -3908.554 | M53: =+$D$53/20 -> -3908.554 | N53: =+$D$53/20 -> -3908.554 | ... Z53: =+$D$53/20 -> -3908.554 | AA53: 0 | AB53: 0 | AC53: 0 | AD53: 0 | AE53: 0 | AF53: 0 | AG53: 0 | AH53: 0 | AI53: 0 | AJ53: 0 | AK53: 0 | AL53: 0 | AM53: 0 | AN53: 0 | AO53: 0 | AP53: 0 | AQ53: 0 | AR53: 0 | AS53: 0 | AT53: 0 | AU53: 0 | AV53: 0 | AW53: 0 | AX53: 0 | AY53: 0 | AZ53: 0 | BA53: 0 | BB53: 0 | BE53: =+SUM(E53:BB53) -> -78171.08 | BG53: =C53 -> -78171.08 | BI53: =C53=BE53 -> TRUE | BJ53: =+BE53-C53 -> 0
A54: =+'PRESUPUESTO GENERAL'!B46 -> Gerencia Técnica | C54: =+-'PRESUPUESTO GENERAL'!H46 -> -117256.62 | D54: =E54+C54 -> -117256.62 | E54: 0 | G54: =+$D$54/18 -> -6514.2567 | H54: =+$D$54/18 -> -6514.2567 | I54: =+$D$54/18 -> -6514.2567 | J54: =+$D$54/18 -> -6514.2567 | K54: =+$D$54/18 -> -6514.2567 | L54: =+$D$54/18 -> -6514.2567 | M54: =+$D$54/18 -> -6514.2567 | N54: =+$D$54/18 -> -6514.2567 | ... X54: =+$D$54/18 -> -6514.2567 | Y54: 0 | Z54: 0 | AA54: 0 | AB54: 0 | AC54: 0 | AD54: 0 | AE54: 0 | AF54: 0 | AG54: 0 | AH54: 0 | AI54: 0 | AJ54: 0 | AK54: 0 | AL54: 0 | AM54: 0 | AN54: 0 | AO54: 0 | AP54: 0 | AQ54: 0 | AR54: 0 | AS54: 0 | AT54: 0 | AU54: 0 | AV54: 0 | AW54: 0 | AX54: 0 | AY54: 0 | AZ54: 0 | BA54: 0 | BB54: 0 | BE54: =+SUM(E54:BB54) -> -117256.62 | BG54: =C54 -> -117256.62 | BI54: =C54=BE54 -> TRUE | BJ54: =+BE54-C54 -> 0
A55: =+'PRESUPUESTO GENERAL'!B47 -> Fiscalización | C55: =+-'PRESUPUESTO GENERAL'!H47 -> -117256.62 | D55: =E55+C55 -> -117256.62 | E55: 0 | G55: =+$D$55/18 -> -6514.2567 | H55: =+$D$55/18 -> -6514.2567 | I55: =+$D$55/18 -> -6514.2567 | J55: =+$D$55/18 -> -6514.2567 | K55: =+$D$55/18 -> -6514.2567 | L55: =+$D$55/18 -> -6514.2567 | M55: =+$D$55/18 -> -6514.2567 | N55: =+$D$55/18 -> -6514.2567 | ... X55: =+$D$55/18 -> -6514.2567 | Y55: 0 | Z55: 0 | AA55: 0 | AB55: 0 | AC55: 0 | AD55: 0 | AE55: 0 | AF55: 0 | AG55: 0 | AH55: 0 | AI55: 0 | AJ55: 0 | AK55: 0 | AL55: 0 | AM55: 0 | AN55: 0 | AO55: 0 | AP55: 0 | AQ55: 0 | AR55: 0 | AS55: 0 | AT55: 0 | AU55: 0 | AV55: 0 | AW55: 0 | AX55: 0 | AY55: 0 | AZ55: 0 | BA55: 0 | BB55: 0 | BE55: =+SUM(E55:BB55) -> -117256.62 | BG55: =C55 -> -117256.62 | BI55: =C55=BE55 -> TRUE | BJ55: =+BE55-C55 -> 0
A56: =+'PRESUPUESTO GENERAL'!B48 -> Promoción y Publicidad | C56: =+-'PRESUPUESTO GENERAL'!H48 -> -70810.53 | D56: =E56+C56 -> -70810.53 | E56: 0 | G56: =+$D$56/18 -> -3933.9183 | H56: =+$D$56/18 -> -3933.9183 | I56: =+$D$56/18 -> -3933.9183 | J56: =+$D$56/18 -> -3933.9183 | K56: =+$D$56/18 -> -3933.9183 | L56: =+$D$56/18 -> -3933.9183 | M56: =+$D$56/18 -> -3933.9183 | N56: =+$D$56/18 -> -3933.9183 | ... X56: =+$D$56/18 -> -3933.9183 | Y56: 0 | Z56: 0 | AA56: 0 | AB56: 0 | AC56: 0 | AD56: 0 | AE56: 0 | AF56: 0 | AG56: 0 | AH56: 0 | AI56: 0 | AJ56: 0 | AK56: 0 | AL56: 0 | AM56: 0 | AN56: 0 | AO56: 0 | AP56: 0 | AQ56: 0 | AR56: 0 | AS56: 0 | AT56: 0 | AU56: 0 | AV56: 0 | AW56: 0 | AX56: 0 | AY56: 0 | AZ56: 0 | BA56: 0 | BB56: 0 | BE56: =+SUM(E56:BB56) -> -70810.53 | BG56: =C56 -> -70810.53 | BI56: =C56=BE56 -> TRUE | BJ56: =+BE56-C56 -> 0
A57: =+'PRESUPUESTO GENERAL'!B49 -> Comisión de Ventas | C57: =+-'PRESUPUESTO GENERAL'!H49 -> -212431.58 | D57: =E57+C57 -> -212431.58 | E57: 0 | G57: ='FLUJO DE INGRESOS'!X125*-1 -> -44.785066 | H57: ='FLUJO DE INGRESOS'!Y125*-1 -> -149.32424 | I57: ='FLUJO DE INGRESOS'!Z125*-1 -> -308.12058 | J57: ='FLUJO DE INGRESOS'!AA125*-1 -> -619.28732 | K57: ='FLUJO DE INGRESOS'!AB125*-1 -> -4516.4928 | L57: ='FLUJO DE INGRESOS'!AC125*-1 -> -6995.3256 | M57: ='FLUJO DE INGRESOS'!AD125*-1 -> -13523.848 | N57: ='FLUJO DE INGRESOS'!AE125*-1 -> -17823.005 | ... BD57: ='FLUJO DE INGRESOS'!BU125*-1 -> 0 | BE57: =+SUM(E57:BB57) -> -212431.58 | BG57: =C57 -> -212431.58 | BI57: =C57=BE57 -> FALSE | BJ57: =+BE57-C57 -> 0.00344
A58: Gastos Financieros | C58: =-'PRESUPUESTO GENERAL'!H51 -> -122299.31 | D58: =E58+C58 -> -122299.31 | E58: 0 | G58: =$C$58/18 -> -6794.4061 | H58: =$C$58/18 -> -6794.4061 | I58: =$C$58/18 -> -6794.4061 | J58: =$C$58/18 -> -6794.4061 | K58: =$C$58/18 -> -6794.4061 | L58: =$C$58/18 -> -6794.4061 | M58: =$C$58/18 -> -6794.4061 | N58: =$C$58/18 -> -6794.4061 | ... X58: =$C$58/18 -> -6794.4061 | BE58: =+SUM(E58:BB58) -> -122299.31 | BG58: =C58 -> -122299.31 | BI58: =C58=BE58 -> TRUE | BJ58: =+BE58-C58 -> 0
BE59: =+SUM(E59:BB59) -> 0
A60: Flujo Neto (Ingresos - Egresos) Mensual | F60: =F30+F33 -> -576259.26 | G60: =G30+G33 -> -262138.66 | H60: =H30+H33 -> -258758.56 | I60: =I30+I33 -> -333212.32 | J60: =J30+J33 -> -323151.26 | K60: =K30+K33 -> -97723.174 | L60: =L30+L33 -> -17574.245 | M60: =M30+M33 -> 193514.63 | ... AO60: =AO30+AO33 -> 0 | BE60: =+SUM(E60:BB60) -> 1658114.9
BE61: =+SUM(E61:BB61) -> 0

Sheet MATRIZ VAN TIR
A1: MATRIZ DE CÁLCULO – VAN Y TIR | URIN CHILLO LOTE A
A4: 1. PARÁMETROS
A5: Tasa de descuento anual | B5: 0.15
A6: Tasa de descuento mensual | B6: =(1+B5)^(1/12)-1 -> 0.011714917
A7: Inversión inicial del inversionista | B7: ='FLUJO DE CAJA'!C18 -> 1825701.8
A8: Ingresos totales | B8: =RESULTADOS!B5 -> 7081052.6
A9: Costo total | B9: ='PRESUPUESTO GENERAL'!H54 -> 5422937.6
A10: Utilidad contable del proyecto | B10: =B8-B9 -> 1658114.9
A12: 2. FLUJO DE CAJA PARA EVALUACIÓN DEL PROYECTO
A13: Periodo | B13: Fecha | C13: Flujo neto proyecto | D13: Factor descuento | E13: Flujo descontado
A14: 0 | B14: ='FLUJO DE CAJA'!F15 -> 46357 | C14: ='FLUJO DE CAJA'!F60 -> -576259.26 | D14: =1/(1+$B$6)^A14 -> 1 | E14: =C14*D14 -> -576259.26
A15: 1 | B15: ='FLUJO DE CAJA'!G15 -> 46388 | C15: ='FLUJO DE CAJA'!G60 -> -262138.66 | D15: =1/(1+$B$6)^A15 -> 0.98842073 | E15: =C15*D15 -> -259103.29
A16: 2 | B16: ='FLUJO DE CAJA'!H15 -> 46419 | C16: ='FLUJO DE CAJA'!H60 -> -258758.56 | D16: =1/(1+$B$6)^A16 -> 0.97697555 | E16: =C16*D16 -> -252800.79
A17: 3 | B17: ='FLUJO DE CAJA'!I15 -> 46447 | C17: ='FLUJO DE CAJA'!I60 -> -333212.32 | D17: =1/(1+$B$6)^A17 -> 0.96566289 | E17: =C17*D17 -> -321770.77
A18: 4 | B18: ='FLUJO DE CAJA'!J15 -> 46478 | C18: ='FLUJO DE CAJA'!J60 -> -323151.26 | D18: =1/(1+$B$6)^A18 -> 0.95448122 | E18: =C18*D18 -> -308441.81
A19: 5 | B19: ='FLUJO DE CAJA'!K15 -> 46508 | C19: ='FLUJO DE CAJA'!K60 -> -97723.174 | D19: =1/(1+$B$6)^A19 -> 0.94342902 | E19: =C19*D19 -> -92194.879
A20: 6 | B20: ='FLUJO DE CAJA'!L15 -> 46539 | C20: ='FLUJO DE CAJA'!L60 -> -17574.245 | D20: =1/(1+$B$6)^A20 -> 0.93250481 | E20: =C20*D20 -> -16388.068
A21: 7 | B21: ='FLUJO DE CAJA'!M15 -> 46569 | C21: ='FLUJO DE CAJA'!M60 -> 193514.63 | D21: =1/(1+$B$6)^A21 -> 0.92170709 | E21: =C21*D21 -> 178363.81
A22: 8 | B22: ='FLUJO DE CAJA'!N15 -> 46600 | C22: ='FLUJO DE CAJA'!N60 -> 398412.62 | D22: =1/(1+$B$6)^A22 -> 0.91103439 | E22: =C22*D22 -> 362967.6
